Workbook

Sheet CU 
A1: WELLER AIR-COND PARTS ENTERPRISE SDN BHD (613386-K)
A3: ='[1]CU '!A5 -> DATE :5.5.26
A8: ='[1]CU '!A8 -> ITEM CODE | B8: ='[1]CU '!B8 -> MODEL CONDENSER | C8: ='[1]CU '!C8 -> BRAND | D8: ='[1]CU '!D8 -> H/P | E8: ='[1]CU '!E8 -> DIMENSION LxWxH | F8: ='[1]CU '!F8 -> FAN SETS | G8: ='[1]CU '!G8 -> RECEIVER TANK | H8: ='[1]CU '!H8 -> Compressor to match | I8: ='[1]CU '!$I8 -> roll | J8: ='[1]CU '!$Q8 -> (RM) condenser only | K8: ='[1]CU '!$U8 -> (RM) c/w set axial fan sets | L8: ='[1]CU '!$Y8 -> (RM) HEAVY DUTY FAN | M8: PIC
A9: ='[1]CU '!A9 -> CU001 | B9: ='[1]CU '!B9 -> CU - 15 QC | C9: 9FPI INLET GROOVE FIN CONDENSER COIL COMPLETE SET C/W AXIAL FAN SETS, RECEIVER TANK & IRON BASE | D9: ='[1]CU '!D9 -> 1.5hp | E9: ='[1]CU '!E9 -> 440x170x425 | F9: ='[1]CU '!F9 -> 1 x 14 | G9: ='[1]CU '!G9 -> CR-101-3 ,RT-2 | H9: ='[1]CU '!H9 -> 0 | I9: ='[1]CU '!$I9 -> 3*16 | J9: ='[1]CU '!$Q9 -> 387.84968 | K9: ='[1]CU '!$U9 -> 785.26451 | L9: ='[1]CU '!$Y9 -> ~
A10: ='[1]CU '!A10 -> CU002 | B10: ='[1]CU '!B10 -> CU - 22 QC | D10: ='[1]CU '!D10 -> 2hp | E10: ='[1]CU '!E10 -> 450*180*470 | F10: ='[1]CU '!F10 -> 1 x 14 | G10: ='[1]CU '!G10 -> CR-102 ,RT-2 | H10: ='[1]CU '!H10 -> MT22 | I10: ='[1]CU '!$I10 -> 4*16 | J10: ='[1]CU '!$Q10 -> 563.24667 | K10: ='[1]CU '!$U10 -> 960.6615 | L10: ='[1]CU '!$Y10 -> ~
A11: ='[1]CU '!A11 -> CU003 | B11: ='[1]CU '!B11 -> CU - 32 QC | D11: ='[1]CU '!D11 -> 2.5hp | E11: ='[1]CU '!E11 -> 450*180*470 | F11: ='[1]CU '!F11 -> 1 x 14 | G11: ='[1]CU '!G11 -> CR-102 ,RT-3 | H11: ='[1]CU '!H11 -> MT32 | I11: ='[1]CU '!$I11 -> 4*18 | J11: ='[1]CU '!$Q11 -> 627.47656 | K11: ='[1]CU '!$U11 -> 1024.8914 | L11: ='[1]CU '!$Y11 -> ~
A12: ='[1]CU '!A12 -> CU004 | B12: ='[1]CU '!B12 -> CU - 36 QC | D12: ='[1]CU '!D12 -> 3hp | E12: ='[1]CU '!E12 -> 500*200*520 | F12: ='[1]CU '!F12 -> 1 x 16 | G12: ='[1]CU '!G12 -> CR-102 ,RT-3 | H12: ='[1]CU '!H12 -> MT36 | I12: ='[1]CU '!$I12 -> 4*20 | J12: ='[1]CU '!$Q12 -> 715.17505 | K12: ='[1]CU '!$U12 -> 1158.621 | L12: ='[1]CU '!$Y12 -> ~
A13: ='[1]CU '!A13 -> CU005 | B13: ='[1]CU '!B13 -> CU - 40 QC | D13: ='[1]CU '!D13 -> 3.5hp | E13: ='[1]CU '!E13 -> 550*200*520 | F13: ='[1]CU '!F13 -> 1 x 16 | G13: ='[1]CU '!G13 -> CR103,RT-4 | H13: ='[1]CU '!H13 -> MT40 | I13: ='[1]CU '!$I13 -> 5*20 | J13: ='[1]CU '!$Q13 -> 895.5128 | K13: ='[1]CU '!$U13 -> 1281.8911 | L13: ='[1]CU '!$Y13 -> ~
A14: ='[1]CU '!A14 -> CU006 | B14: ='[1]CU '!B14 -> CU - 50 QC | D14: ='[1]CU '!D14 -> 4hp | E14: ='[1]CU '!E14 -> 660*200*570 | F14: ='[1]CU '!F14 -> 1 x 18 | G14: ='[1]CU '!G14 -> CR103,RT-4 | H14: ='[1]CU '!H14 -> 4FES-3(Y) | I14: ='[1]CU '!$I14 -> 5*20 | J14: ='[1]CU '!$Q14 -> 1094.3784 | K14: ='[1]CU '!$U14 -> 1567.989 | L14: ='[1]CU '!$Y14 -> 1722.2676
A15: ='[1]CU '!A15 -> CU007 | B15: ='[1]CU '!B15 -> CU - 64 QC | D15: ='[1]CU '!D15 -> 5hp | E15: ='[1]CU '!E15 -> 960*200*520 | F15: ='[1]CU '!F15 -> 2 x 16 | G15: ='[1]CU '!G15 -> CR-104 ,RT-6 | H15: ='[1]CU '!H15 -> 4EES-4(Y) | I15: ='[1]CU '!$I15 -> 4*20 | J15: ='[1]CU '!$Q15 -> 1503.2263 | K15: ='[1]CU '!$U15 -> 2325.7479 | L15: ='[1]CU '!$Y15 -> ~
A16: ='[1]CU '!A16 -> CU008 | B16: ='[1]CU '!B16 -> CU - 64B QC | D16: ='[1]CU '!D16 -> 5hp | E16: ='[1]CU '!E16 -> 710*220*660 | F16: ='[1]CU '!F16 -> 1 x 20 | G16: ='[1]CU '!G16 -> CR-104 ,RT-6 | H16: ='[1]CU '!H16 -> 4EES-4(Y) | I16: ='[1]CU '!$I16 -> 4*26 | J16: ='[1]CU '!$Q16 -> 1337.7108 | K16: ='[1]CU '!$U16 -> 1987.7058 | L16: ='[1]CU '!$Y16 -> 2063.5949
A17: ='[1]CU '!A17 -> CU009 | B17: ='[1]CU '!B17 -> CU - 72 QC | D17: ='[1]CU '!D17 -> 6hp | E17: ='[1]CU '!E17 -> 960*220*520 | F17: ='[1]CU '!F17 -> 2 x 16 | G17: ='[1]CU '!G17 -> CR-104 ,RT-6 | H17: ='[1]CU '!H17 -> 4DES-5(Y) | I17: ='[1]CU '!$I17 -> 5*20 | J17: ='[1]CU '!$Q17 -> 1661.3306 | K17: ='[1]CU '!$U17 -> 2483.8523 | L17: ='[1]CU '!$Y17 -> ~
A18: ='[1]CU '!A18 -> CU010 | B18: ='[1]CU '!B18 -> CU - 72B QC | D18: ='[1]CU '!D18 -> 6hp | E18: ='[1]CU '!E18 -> 710*240*660 | F18: ='[1]CU '!F18 -> 1 x 20 | G18: ='[1]CU '!G18 -> CR-104 ,RT-6 | H18: ='[1]CU '!H18 -> 4DES-5(Y) | I18: ='[1]CU '!$I18 -> 5*26 | J18: ='[1]CU '!$Q18 -> 1497.0504 | K18: ='[1]CU '!$U18 -> 2147.0454 | L18: ='[1]CU '!$Y18 -> 2222.9344
A19: ='[1]CU '!A20 -> CU012 | B19: ='[1]CU '!B20 -> CU - 90 QC | D19: ='[1]CU '!D20 -> 7.5hp | E19: ='[1]CU '!E20 -> 1060*220*570 | F19: ='[1]CU '!F20 -> 2 x 18 | G19: ='[1]CU '!G20 -> CR-104 ,RT-8 | H19: ='[1]CU '!H20 -> 4CES-6(Y) | I19: ='[1]CU '!$I20 -> 5*22 | J19: ='[1]CU '!$Q20 -> 1941.7188 | K19: ='[1]CU '!$U20 -> 2835.4263 | L19: ='[1]CU '!$Y20 -> 3029.8484
A20: ='[1]CU '!A21 -> CU013 | B20: ='[1]CU '!B21 -> CU - 100 QC | D20: ='[1]CU '!D21 -> 8.5hp | E20: ='[1]CU '!E21 -> 1060*240*670 | F20: ='[1]CU '!F21 -> 2 x 18 | G20: ='[1]CU '!G21 -> CR-104 ,RT-8 | H20: ='[1]CU '!H21 -> 4VES-7(Y) | I20: ='[1]CU '!$I21 -> 5*26 | J20: ='[1]CU '!$Q21 -> 2229.5181 | K20: ='[1]CU '!$U21 -> 3123.2256 | L20: ='[1]CU '!$Y21 -> 3317.6477
A21: ='[1]CU '!A22 -> CU013.1 | B21: ='[1]CU '!B22 -> CU - 125BP QC | D21: ='[1]CU '!D22 -> 10hp | E21: ='[1]CU '!E22 -> 0 | F21: ='[1]CU '!F22 -> 1 x 26 | G21: ='[1]CU '!G22 -> CR-105 ,RT-10 | H21: ='[1]CU '!H22 -> 4TES-9(Y) | I21: ='[1]CU '!$I22 -> 4*40 | J21: ='[1]CU '!$Q22 -> 2884.1688 | K21: ='[1]CU '!$U22 -> 3914.0733 | L21: ='[1]CU '!$Y22 -> 4252.6642
A22: ='[1]CU '!A23 -> CU013.2 | B22: ='[1]CU '!B23 -> CU - 144BP QC | D22: ='[1]CU '!D23 -> 12hp | E22: ='[1]CU '!E23 -> 0 | F22: ='[1]CU '!F23 -> 1 x 26 | G22: ='[1]CU '!G23 -> CR-105 ,RT-12 | H22: ='[1]CU '!H23 -> 4PES-12(Y) | I22: ='[1]CU '!$I23 -> 5*40 | J22: ='[1]CU '!$Q23 -> 3332.5428 | K22: ='[1]CU '!$U23 -> 4450.505 | L22: ='[1]CU '!$Y23 -> 4789.0959
A23: ='[1]CU '!A24 -> CU014 | B23: ='[1]CU '!B24 -> CU - 125 QC | D23: ='[1]CU '!D24 -> 10hp | E23: ='[1]CU '!E24 -> 1390*250*725 | F23: ='[1]CU '!F24 -> 2 x 20 | G23: ='[1]CU '!G24 -> CR-105 ,RT-10 | H23: ='[1]CU '!H24 -> 4TES-9(Y) | I23: ='[1]CU '!$I24 -> 4*28 | J23: ='[1]CU '!$Q24 -> 2945.9283 | K23: ='[1]CU '!$U24 -> 4030.731 | L23: ='[1]CU '!$Y24 -> 4180.061
A24: ='[1]CU '!A25 -> CU015 | B24: ='[1]CU '!B25 -> CU - 144 QC | D24: ='[1]CU '!D25 -> 12hp | E24: ='[1]CU '!E25 -> 1390*250*725 | F24: ='[1]CU '!F25 -> 2 x 20 | G24: ='[1]CU '!G25 -> CR-106 ,RT-12 | H24: ='[1]CU '!H25 -> 4PES-12(Y) | I24: ='[1]CU '!$I25 -> 5*28 | J24: ='[1]CU '!$Q25 -> 3604.2846 | K24: ='[1]CU '!$U25 -> 4765.106 | L24: ='[1]CU '!$Y25 -> 4914.4361
A25: ='[1]CU '!A26 -> CU016 | B25: ='[1]CU '!B26 -> CU - 160 QC | D25: ='[1]CU '!D26 -> 15hp | E25: ='[1]CU '!E26 -> 1390*250*850 | F25: ='[1]CU '!F26 -> 2 x 20 | G25: ='[1]CU '!G26 -> CR-107 ,RT-14 | H25: ='[1]CU '!H26 -> 4NES-14(Y) | I25: ='[1]CU '!$I26 -> 5*32 | J25: ='[1]CU '!$Q26 -> 4013.1325 | K25: ='[1]CU '!$U26 -> 5303.0497 | L25: ='[1]CU '!$Y26 -> 5452.3797
A26: ='[1]CU '!A27 -> CU017 | B26: ='[1]CU '!B27 -> CU - 200 QC | D26: ='[1]CU '!D27 -> 20hp | E26: ='[1]CU '!E27 -> 1600*270*940 | F26: ='[1]CU '!F27 -> 2 x 20 | G26: ='[1]CU '!G27 -> CR-108 | H26: ='[1]CU '!H27 -> 4HE-18(Y) | I26: ='[1]CU '!$I27 -> 5*36 | J26: ='[1]CU '!$Q27 -> 5284.1431 | K26: ='[1]CU '!$U27 -> 6792.7659 | L26: ='[1]CU '!$Y27 -> 6942.0959
A27: ='[1]CU '!A28 -> CU018 | B27: ='[1]CU '!B28 -> CU - 250 QC | D27: ='[1]CU '!D28 -> 25hp | E27: ='[1]CU '!E28 -> 2120*270*940 | F27: ='[1]CU '!F28 -> 3 x 20 | G27: ='[1]CU '!G28 -> HT- 25L | H27: ='[1]CU '!H28 -> 4GE-23(Y) | I27: ='[1]CU '!$I28 -> 5*36 | J27: ='[1]CU '!$Q28 -> 7908.922 | K27: ='[1]CU '!$U28 -> 9733.3827 | L27: ='[1]CU '!$Y28 -> 9953.8223
A28: ='[1]CU '!A29 -> CU018.1 | B28: ='[1]CU '!B29 -> CU - 250B QC | D28: ='[1]CU '!D29 -> 25hp | E28: ='[1]CU '!E29 -> 1630*350*1500 | F28: ='[1]CU '!F29 -> 4 x 20 | G28: ='[1]CU '!G29 -> HT- 25L | H28: ='[1]CU '!H29 -> 4GE-23(Y) | I28: ='[1]CU '!$I29 -> 4*60 | J28: ='[1]CU '!$Q29 -> 7839.7514 | K28: ='[1]CU '!$U29 -> 9940.6346 | L28: ='[1]CU '!$Y29 -> 10234.554
A29: ='[1]CU '!A30 -> CU019 | B29: ='[1]CU '!B30 -> CU - 300 QC | D29: ='[1]CU '!D30 -> 30hp | E29: ='[1]CU '!E30 -> 1630*350*1660 | F29: ='[1]CU '!F30 -> 4 x 20 | G29: ='[1]CU '!G30 -> HT- 30L | H29: ='[1]CU '!H30 -> 6HE-28(Y) | I29: ='[1]CU '!$I30 -> 4*64 | J29: ='[1]CU '!$Q30 -> 8561.1024 | K29: ='[1]CU '!$U30 -> 10966.599 | L29: ='[1]CU '!$Y30 -> 11092.898
A30: ='[1]CU '!A31 -> CU020 | B30: ='[1]CU '!B31 -> CU - 350 QC | D30: ='[1]CU '!D31 -> 35hp | E30: ='[1]CU '!E31 -> 1630*350*1660 | F30: ='[1]CU '!F31 -> 4 x 20 | G30: ='[1]CU '!G31 -> HT- 35L | H30: ='[1]CU '!H31 -> S6F-30.2 / 6GE34Y | I30: ='[1]CU '!$I31 -> 5*64 | J30: ='[1]CU '!$Q31 -> 10198.964 | K30: ='[1]CU '!$U31 -> 12552.466 | L30: ='[1]CU '!$Y31 -> 12846.385
... A32: ='[1]CU '!A33 -> CU023 | B32: ='[1]CU '!B33 -> CU - 500 QC | D32: ='[1]CU '!D33 -> 50hp | E32: ='[1]CU '!E33 -> 1630*350*1930 | F32: ='[1]CU '!F33 -> 4 x 26 | G32: ='[1]CU '!G33 -> HT- 50L | H32: ='[1]CU '!H33 -> 6FE50Y | I32: ='[1]CU '!$I33 -> 6*76 | J32: ='[1]CU '!$Q33 -> 14217.038 | K32: ='[1]CU '!$U33 -> 17325.826 | L32: ='[1]CU '!$Y33 -> 18637.194
A33: ='[1]CU '!A34 -> CU20.25 | B33: ='[1]CU '!B34 -> 16" * 18" | C33: IRON BASE | D33: ='[1]CU '!D34 -> 1/2hp | E33: ='[1]CU '!E34 -> CS030-CS060 | J33: ='[1]CU '!$Q34 -> 27.868852
A34: ='[1]CU '!A35 -> CU20.26 | B34: ='[1]CU '!B35 -> 20" * 17" | D34: ='[1]CU '!D35 -> 3/4hp-1.5hp | E34: ='[1]CU '!E35 -> CS075-CS125 | J34: ='[1]CU '!$Q35 -> 40.983607
A35: ='[1]CU '!A36 -> CU21 | B35: ='[1]CU '!B36 -> 530W*430L | D35: ='[1]CU '!D36 -> 3/4hp | E35: ='[1]CU '!E36 -> CS075 | J35: ='[1]CU '!$Q36 -> 57.377049
A36: ='[1]CU '!A37 -> CU23 | B36: ='[1]CU '!B37 -> 600W*550L | D36: ='[1]CU '!D37 -> 2hp | E36: ='[1]CU '!E37 -> CU-22 | J36: ='[1]CU '!$Q37 -> 73.770492
A37: ='[1]CU '!A38 -> CU27 | B37: ='[1]CU '!B38 -> 650*W900L | D37: ='[1]CU '!D38 -> CS150 | E37: ='[1]CU '!E38 -> CS150-CS200 | J37: ='[1]CU '!$Q38 -> 139.34426
A38: ='[1]CU '!A39 -> CU024 | B38: ='[1]CU '!B39 -> CUB15-32 | C38: IRON BRACKET | D38: ='[1]CU '!D39 -> CU15-32QC | E38: ='[1]CU '!E39 -> 30" W * 21.5"L | J38: ='[1]CU '!$Q39 -> 81.147541
A39: ='[1]CU '!A40 -> CU025 | B39: ='[1]CU '!B40 -> CUB36 | D39: ='[1]CU '!D40 -> CU36QC | E39: ='[1]CU '!E40 -> 30" W * 23.5"L | J39: ='[1]CU '!$Q40 -> 103.27869
A40: ='[1]CU '!A41 -> CU026 | B40: ='[1]CU '!B41 -> CUB40 | D40: ='[1]CU '!D41 -> CU40QC | E40: ='[1]CU '!E41 -> 30" W * 26"L | J40: ='[1]CU '!$Q41 -> 103.27869
A41: ='[1]CU '!A42 -> CU027 | B41: ='[1]CU '!B42 -> CUB50 | D41: ='[1]CU '!D42 -> CU50QC | E41: ='[1]CU '!E42 -> 33" W* 28.5"L | J41: ='[1]CU '!$Q42 -> 162.29508
A42: ='[1]CU '!A43 -> CU028 | B42: ='[1]CU '!B43 -> CUB64B-72B | D42: ='[1]CU '!D43 -> CU64B-72BQC | E42: ='[1]CU '!E43 -> 33" W* 30"L | J42: ='[1]CU '!$Q43 -> 162.29508
A43: ='[1]CU '!A44 -> CU029 | B43: ='[1]CU '!B44 -> CUB64-72 | D43: ='[1]CU '!D44 -> CU64-72QC | E43: ='[1]CU '!E44 -> 34" W* 41"L | J43: ='[1]CU '!$Q44 -> 221.31148
A44: ='[1]CU '!A45 -> CU030 | B44: ='[1]CU '!B45 -> CUB80-100 | D44: ='[1]CU '!D45 -> CU80-100QC | E44: ='[1]CU '!E45 -> 34" W* 44"L | J44: ='[1]CU '!$Q45 -> 236.06557
A45: ='[1]CU '!A46 -> CU031 | B45: ='[1]CU '!B46 -> CUB125-160 | D45: ='[1]CU '!D46 -> CU125-160QC | E45: ='[1]CU '!E46 -> 35" W* 56.5"L | J45: ='[1]CU '!$Q46 -> 339.34426
A46: ='[1]CU '!A47 -> CU032 | B46: ='[1]CU '!B47 -> CUB200 | D46: ='[1]CU '!D47 -> CU200QC | E46: ='[1]CU '!E47 -> 42"W * 64"L | J46: ='[1]CU '!$Q47 -> 575.40984
A47: ='[1]CU '!A48 -> CU033 | B47: ='[1]CU '!B48 -> CUB250 | D47: ='[1]CU '!D48 -> CU250QC | E47: ='[1]CU '!E48 -> 45"W * 85"L | J47: ='[1]CU '!$Q48 -> 649.18033
A48: ='[1]CU '!A49 -> CU034 | B48: ='[1]CU '!B49 -> CUB300-400 | D48: ='[1]CU '!D49 -> CU300-400QC | E48: ='[1]CU '!E49 -> 50"W * 64"L | J48: ='[1]CU '!$Q49 -> 634.42623
A49: ='[1]CU '!A50 -> CU035 | B49: ='[1]CU '!B50 -> HTB3-5 | D49: ='[1]CU '!D50 -> HTC3-5 | E49: ='[1]CU '!E50 -> 36L*20W | J49: ='[1]CU '!$Q50 -> 190.45154
A50: ='[1]CU '!A51 -> CU036 | B50: ='[1]CU '!B51 -> HTB8-10 | D50: ='[1]CU '!D51 -> HTC8-10 | E50: ='[1]CU '!E51 -> 55L*26W | J50: ='[1]CU '!$Q51 -> 238.06442
... A54: ='[1]CU '!A55 -> CU040 | B54: ='[1]CU '!B55 -> HTB40L | D54: ='[1]CU '!D55 -> HTC40L | E54: ='[1]CU '!E55 -> 80L*32W | J54: ='[1]CU '!$Q55 -> 502.70348
A55: ='[1]CU '!A56 -> CU043 | B55: ='[1]CU '!B56 -> HT- 25L | D55: ='[1]CU '!D56 -> 25HP | E55: ='[1]CU '!E56 -> 850mm x 219mm | F55: ='[1]CU '!F56 -> 25L(7/8") | G55: ='[1]CU '!G56 -> 1286mm*165mm | J55: ='[1]CU '!$Q56 -> 600.4924
A56: ='[1]CU '!A57 -> CU044 | B56: ='[1]CU '!B57 -> HT- 30L | D56: ='[1]CU '!D57 -> 30HP | E56: ='[1]CU '!E57 -> 900mm x 219mm | F56: ='[1]CU '!F57 -> 30L(7/8") | G56: ='[1]CU '!G57 -> 878mm*219mm | J56: ='[1]CU '!$Q57 -> 765.62781
A57: ='[1]CU '!A58 -> CU045 | B57: ='[1]CU '!B58 -> HT- 35L | D57: ='[1]CU '!D58 -> 35HP | E57: ='[1]CU '!E58 -> 1000mm x 219mm | F57: ='[1]CU '!F58 -> 35L(7/8") | J57: ='[1]CU '!$Q58 -> 938.74445
A58: ='[1]CU '!A59 -> CU046 | B58: ='[1]CU '!B59 -> HT- 40L | D58: ='[1]CU '!D59 -> 40HP | E58: ='[1]CU '!E59 -> 1180mm x 219mm | F58: ='[1]CU '!F59 -> 40L(1 1/8") | J58: ='[1]CU '!$Q59 -> 989.74016
A59: ='[1]CU '!A60 -> CU046.01 | B59: ='[1]CU '!B60 -> HT- 50L | D59: ='[1]CU '!D60 -> 50HP | E59: ='[1]CU '!E60 -> 1050mm x 280mm | F59: ='[1]CU '!F60 -> 50L(1 1/8") | J59: ='[1]CU '!$Q60 -> 1142.5508
A60: ='[1]CU '!A61 -> CU046.03 | B60: ='[1]CU '!B61 -> HT-80L | D60: ='[1]CU '!D61 -> 80HP | J60: ='[1]CU '!$Q61 -> 1951.0582
A61: ='[1]CU '!A62 -> CU046.04 | B61: ='[1]CU '!B62 -> HT-100L | D61: ='[1]CU '!D62 -> 100HP | J61: ='[1]CU '!$Q62 -> 2242.0635
A62: ='[1]CU '!A63 -> CU047 | B62: ='[1]CU '!B63 -> CR-101-2 receiver flare type | C62: Airmender receiver tank flare type | D62: ='[1]CU '!D63 -> 1hp | E62: ='[1]CU '!E63 -> 3.35"(a) x 7.87"(b) | F62: ='[1]CU '!F63 -> 1L | H62: ='[1]CU '!H63 -> 1/4" | J62: ='[1]CU '!$Q63 -> 119.96265
A63: ='[1]CU '!A64 -> CU048 | B63: ='[1]CU '!B64 -> CR-101-3 receiver flare type | D63: ='[1]CU '!D64 -> 1.5hp | E63: ='[1]CU '!E64 -> 3.35"(a) x 7.87"(b) | F63: ='[1]CU '!F64 -> 1L | H63: ='[1]CU '!H64 -> 3/8" | J63: ='[1]CU '!$Q64 -> 119.96265
A64: ='[1]CU '!A65 -> CU049 | B64: ='[1]CU '!B65 -> CR-102 receiver flare type | D64: ='[1]CU '!D65 -> 2hp-3hp | E64: ='[1]CU '!E65 -> 5"(a) x 10.24"(b) | F64: ='[1]CU '!F65 -> 3L | H64: ='[1]CU '!H65 -> 3/8" | J64: ='[1]CU '!$Q65 -> 130.51255
A65: ='[1]CU '!A66 -> CU050 | B65: ='[1]CU '!B66 -> CR-103 receiver flare type | D65: ='[1]CU '!D66 -> 3.5hp-4hp | E65: ='[1]CU '!E66 -> 5"(a) x 11.81"(b) | F65: ='[1]CU '!F66 -> 4L | H65: ='[1]CU '!H66 -> 3/8" | J65: ='[1]CU '!$Q66 -> 134.42623
A66: ='[1]CU '!A67 -> CU051 | B66: ='[1]CU '!B67 -> CR-104 receiver flare type | D66: ='[1]CU '!D67 -> 5hp-7.5hp | E66: ='[1]CU '!E67 -> 6"(a) x 13.78"(b) | F66: ='[1]CU '!F67 -> 6L | H66: ='[1]CU '!H67 -> 1/2" | J66: ='[1]CU '!$Q67 -> 189.72816
A67: ='[1]CU '!A68 -> CU052 | B67: ='[1]CU '!B68 -> CR-105 receiver flare type | D67: ='[1]CU '!D68 -> 8.5hp-10hp | E67: ='[1]CU '!E68 -> 7"(a) x 16.15"(b) | F67: ='[1]CU '!F68 -> 10L | H67: ='[1]CU '!H68 -> 5/8" | J67: ='[1]CU '!$Q68 -> 215.59245
A68: ='[1]CU '!A69 -> CU053 | B68: ='[1]CU '!B69 -> CR-106 receiver flare type | D68: ='[1]CU '!D69 -> 12hp | E68: ='[1]CU '!E69 -> 8"(a) x 14.96"(b) | F68: ='[1]CU '!F69 -> 12L | H68: ='[1]CU '!H69 -> 5/8" | J68: ='[1]CU '!$Q69 -> 303.65013
A69: ='[1]CU '!A70 -> CU054 | B69: ='[1]CU '!B70 -> CR-107 receiver flare type | D69: ='[1]CU '!D70 -> 15hp | E69: ='[1]CU '!E70 -> 9"(a) x 15.74"(b) | F69: ='[1]CU '!F70 -> 16L | H69: ='[1]CU '!H70 -> 5/8" | J69: ='[1]CU '!$Q70 -> 441.56464
A70: ='[1]CU '!A71 -> CU055 | B70: ='[1]CU '!B71 -> CR-108 receiver flare type | D70: ='[1]CU '!D71 -> 20hp | E70: ='[1]CU '!E71 -> 0 | F70: ='[1]CU '!F71 -> 20L | H70: ='[1]CU '!H71 -> 5/8" | J70: ='[1]CU '!$Q71 -> 448.62627
A71: ='[1]CU '!A72 -> CU055.1 | B71: ='[1]CU '!B72 -> RT-1 receiver welding type | C71: Receiver tank welding type | D71: ='[1]CU '!D72 -> 1hp | E71: ='[1]CU '!E72 -> cs165 | F71: ='[1]CU '!F72 -> 1L | H71: ='[1]CU '!H72 -> 1/4" | J71: ='[1]CU '!$Q72 -> 56.329213
A72: ='[1]CU '!A73 -> CU055.2 | B72: ='[1]CU '!B73 -> RT-2 receiver welding type | D72: ='[1]CU '!D73 -> 1.5hp-2hp | E72: ='[1]CU '!E73 -> cu15-22 | F72: ='[1]CU '!F73 -> 2l | H72: ='[1]CU '!H73 -> 3/8" | J72: ='[1]CU '!$Q73 -> 63.891931
A73: ='[1]CU '!A74 -> CU055.3 | B73: ='[1]CU '!B74 -> RT-3 receiver welding type | D73: ='[1]CU '!D74 -> 2.5hp-3hp | E73: ='[1]CU '!E74 -> cu32-36 | F73: ='[1]CU '!F74 -> 3l | H73: ='[1]CU '!H74 -> 3/8" | J73: ='[1]CU '!$Q74 -> 78.886976
A74: ='[1]CU '!A75 -> CU055.4 | B74: ='[1]CU '!B75 -> RT-4 receiver welding type | D74: ='[1]CU '!D75 -> 3.5hp-4hp | E74: ='[1]CU '!E75 -> cu40-50 | F74: ='[1]CU '!F75 -> 4l | H74: ='[1]CU '!H75 -> 3/8" | J74: ='[1]CU '!$Q75 -> 85.797736
A75: ='[1]CU '!A76 -> CU055.5 | B75: ='[1]CU '!B76 -> RT-6 receiver welding type | D75: ='[1]CU '!D76 -> 5hp | E75: ='[1]CU '!E76 -> cu64 | F75: ='[1]CU '!F76 -> 6l | H75: ='[1]CU '!H76 -> 1/2" | J75: ='[1]CU '!$Q76 -> 93.882022
A76: ='[1]CU '!A77 -> CU055.6 | B76: ='[1]CU '!B77 -> RT-8 receiver welding type | D76: ='[1]CU '!D77 -> 6hp | E76: ='[1]CU '!E77 -> cu72-90 | F76: ='[1]CU '!F77 -> 8l | H76: ='[1]CU '!H77 -> 1/2" | J76: ='[1]CU '!$Q77 -> 114.74469
A77: ='[1]CU '!A78 -> CU055.7 | B77: ='[1]CU '!B78 -> RT-10 receiver welding type | D77: ='[1]CU '!D78 -> 8hp | E77: ='[1]CU '!E78 -> cu100-125 | F77: ='[1]CU '!F78 -> 10l | H77: ='[1]CU '!H78 -> 5/8" | J77: ='[1]CU '!$Q78 -> 135.60736
A78: ='[1]CU '!A79 -> CU055.8 | B78: ='[1]CU '!B79 -> RT-12 receiver welding type | D78: ='[1]CU '!D79 -> 10hp | E78: ='[1]CU '!E79 -> cu144 | F78: ='[1]CU '!F79 -> 12l | H78: ='[1]CU '!H79 -> 5/8" | J78: ='[1]CU '!$Q79 -> 156.47004
A79: ='[1]CU '!A80 -> CU055.9 | B79: ='[1]CU '!B80 -> RT-14 receiver welding type | D79: ='[1]CU '!D80 -> 12hp | E79: ='[1]CU '!E80 -> cu160 | F79: ='[1]CU '!F80 -> 14l | H79: ='[1]CU '!H80 -> 5/8" | J79: ='[1]CU '!$Q80 -> 164.29354
A80: ='[1]CU '!A81 -> CU055.10 | B80: ='[1]CU '!B81 -> SCL-5-3 receiver tank | D80: ='[1]CU '!D81 -> 6hp | E80: ='[1]CU '!E81 -> cu72-90 | F80: ='[1]CU '!F81 -> 8l | J80: ='[1]CU '!$Q81 -> 129.08778
A81: ='[1]CU '!A82 -> CU055.11 | B81: ='[1]CU '!B82 -> SCL-10-4 receiver tank | D81: ='[1]CU '!D82 -> 8-12hp | E81: ='[1]CU '!E82 -> cu100-144 | F81: ='[1]CU '!F82 -> 12l | J81: ='[1]CU '!$Q82 -> 199.4993
A82: ='[1]CU '!A83 -> CU055.12 | B82: ='[1]CU '!B83 -> SCL-15-4 receiver tank | D82: ='[1]CU '!D83 -> 15hp | E82: ='[1]CU '!E83 -> cu160 | F82: ='[1]CU '!F83 -> 16l | J82: ='[1]CU '!$Q83 -> 317.34079
A83: ='[1]CU '!A84 -> CU055.13 | B83: ='[1]CU '!B84 -> SCL-20-3 receiver tank | D83: ='[1]CU '!D84 -> 20hp | E83: ='[1]CU '!E84 -> cu200 | F83: ='[1]CU '!F84 -> 20l | J83: ='[1]CU '!$Q84 -> 418.61799
A84: ='[1]CU '!A85 -> CU055.18 | B84: ='[1]CU '!B85 -> L-29L (7/8" * 7/8") | C84: VERTICAL TYPE RECEIVER TANK | D84: ='[1]CU '!D85 -> 30hp | E84: ='[1]CU '!E85 -> 30L,with two valves,with sight glass | F84: ='[1]CU '!F85 -> 30L | G84: ='[1]CU '!G85 -> 8 | J84: ='[1]CU '!$Q85 -> 864.51247
A85: ='[1]CU '!A86 -> CU056 | B85: ='[1]CU '!B86 -> L-40L (1 1/8" * 1 1/8") | D85: ='[1]CU '!D86 -> 40hp | E85: ='[1]CU '!E86 -> 40L,with two valves,with sight glass | F85: ='[1]CU '!F86 -> 40L | G85: ='[1]CU '!G86 -> 0 | J85: ='[1]CU '!$Q86 -> 1413.3507
A86: ='[1]CU '!A87 -> CU057 | B86: ='[1]CU '!B87 -> L-60L (1 3/8" * 1 1/8") | D86: ='[1]CU '!D87 -> 60hp | E86: ='[1]CU '!E87 -> 60L,with two valves,with sight glass | F86: ='[1]CU '!F87 -> 60L | G86: ='[1]CU '!G87 -> 3 | J86: ='[1]CU '!$Q87 -> 1848.2279
A87: ='[1]CU '!A88 -> CU058 | B87: ='[1]CU '!B88 -> L-80L (1 5/8" * 1 3/8") | D87: ='[1]CU '!D88 -> 80hp | E87: ='[1]CU '!E88 -> 80L,with two valves,with sight glass | F87: ='[1]CU '!F88 -> 80L | G87: ='[1]CU '!G88 -> 0 | J87: ='[1]CU '!$Q88 -> 2106.4362
A88: ='[1]CU '!A89 -> CU059 | B88: ='[1]CU '!B89 -> L-100L (1 5/8" * 1 3/8") | D88: ='[1]CU '!D89 -> 100hp | E88: ='[1]CU '!E89 -> 100L,with two valves,with sight glass | F88: ='[1]CU '!F89 -> 100L | G88: ='[1]CU '!G89 -> 0 | J88: ='[1]CU '!$Q89 -> 2303.4899
A89: ='[1]CU '!A90 -> CU060 | B89: ='[1]CU '!B90 -> L-120L (1 5/8" * 1 3/8") | D89: ='[1]CU '!D90 -> 120hp | E89: ='[1]CU '!E90 -> 120L,with two valves,with sight glass | F89: ='[1]CU '!F90 -> 120L | G89: ='[1]CU '!G90 -> 0 | J89: ='[1]CU '!$Q90 -> 2616.0578
A90: ='[1]CU '!A91 -> CU061 | B90: ='[1]CU '!B91 -> L-150L (2 1/8" * 1 5/8") | D90: ='[1]CU '!D91 -> 150hp | E90: ='[1]CU '!E91 -> 150L,with two valves,with sight glass | F90: ='[1]CU '!F91 -> 150L | G90: ='[1]CU '!G91 -> 0 | J90: ='[1]CU '!$Q91 -> ~
A91: ='[1]CU '!A92 -> CU062 | B91: ='[1]CU '!B92 -> HTC-3 | C91: WATER COOLED CONDENSER | D91: ='[1]CU '!D92 -> 3hp | E91: ='[1]CU '!E92 -> 800*159D | F91: ='[1]CU '!F92 -> 2DES2Y | G91: ='[1]CU '!G92 -> 0 | J91: ='[1]CU '!$Q92 -> 1377.8545
A92: ='[1]CU '!A93 -> CU063 | B92: ='[1]CU '!B93 -> HTC-4 | D92: ='[1]CU '!D93 -> 4hp | E92: ='[1]CU '!E93 -> 800*159D | F92: ='[1]CU '!F93 -> 4CES3Y | G92: ='[1]CU '!G93 -> 0 | J92: ='[1]CU '!$Q93 -> 1789.7904
A93: ='[1]CU '!A94 -> CU064 | B93: ='[1]CU '!B94 -> HTC-5 | D93: ='[1]CU '!D94 -> 5hp | E93: ='[1]CU '!E94 -> 930*219D | F93: ='[1]CU '!F94 -> 4EES4Y | G93: ='[1]CU '!G94 -> 0 | J93: ='[1]CU '!$Q94 -> 1846.6092
A94: ='[1]CU '!A95 -> CU064.01 | B94: ='[1]CU '!B95 -> HTC-6 | D94: ='[1]CU '!D95 -> 6hp | E94: ='[1]CU '!E95 -> 1080*165D | F94: ='[1]CU '!F95 -> 4DES5Y | G94: ='[1]CU '!G95 -> 0 | J94: ='[1]CU '!$Q95 -> 2144.9076
A95: ='[1]CU '!A96 -> CU065 | B95: ='[1]CU '!B96 -> HTC-8 | D95: ='[1]CU '!D96 -> 8hp | E95: ='[1]CU '!E96 -> 980*219D | F95: ='[1]CU '!F96 -> 4CES6Y | G95: ='[1]CU '!G96 -> 0 | J95: ='[1]CU '!$Q96 -> 2500.0247
A96: ='[1]CU '!A97 -> CU066 | B96: ='[1]CU '!B97 -> HTC-10 | D96: ='[1]CU '!D97 -> 10hp | E96: ='[1]CU '!E97 -> 1080*219D | F96: ='[1]CU '!F97 -> 4TES9Y | G96: ='[1]CU '!G97 -> 0 | J96: ='[1]CU '!$Q97 -> 3125.0309
A97: ='[1]CU '!A98 -> CU067 | B97: ='[1]CU '!B98 -> HTC-12 | D97: ='[1]CU '!D98 -> 12.5hp | E97: ='[1]CU '!E98 -> 1280*219D | F97: ='[1]CU '!F98 -> 4PES12Y | G97: ='[1]CU '!G98 -> 0 | J97: ='[1]CU '!$Q98 -> 3451.7387
A98: ='[1]CU '!A99 -> CU068 | B98: ='[1]CU '!B99 -> HTC-15 | D98: ='[1]CU '!D99 -> 15hp | E98: ='[1]CU '!E99 -> 1220*219D | F98: ='[1]CU '!F99 -> 4JE13Y | G98: ='[1]CU '!G99 -> 0 | J98: ='[1]CU '!$Q99 -> 3927.5956
A99: ='[1]CU '!A100 -> CU069 | B99: ='[1]CU '!B100 -> HTC-20 | D99: ='[1]CU '!D100 -> 20hp | E99: ='[1]CU '!E100 -> 1430*219D | F99: ='[1]CU '!F100 -> 4HE18Y | G99: ='[1]CU '!G100 -> 0 | J99: ='[1]CU '!$Q100 -> 4446.0667
A100: ='[1]CU '!A101 -> CU070 | B100: ='[1]CU '!B101 -> HTC-25 | D100: ='[1]CU '!D101 -> 25hp | E100: ='[1]CU '!E101 -> 1430*273D | F100: ='[1]CU '!F101 -> 4GE23Y | G100: ='[1]CU '!G101 -> 0 | J100: ='[1]CU '!$Q101 -> 5383.5759
A101: ='[1]CU '!A102 -> CU070.01 | B101: ='[1]CU '!B102 -> HTC-28 | D101: ='[1]CU '!D102 -> 28hp | E101: ='[1]CU '!E102 -> 1620*273D | F101: ='[1]CU '!F102 -> 6HE28Y | G101: ='[1]CU '!G102 -> 0 | J101: ='[1]CU '!$Q102 -> 6065.4008
A102: ='[1]CU '!A103 -> CU071 | B102: ='[1]CU '!B103 -> HTC-30 | D102: ='[1]CU '!D103 -> 30hp | E102: ='[1]CU '!E103 -> 1620*273D | F102: ='[1]CU '!F103 -> 6HE28Y | G102: ='[1]CU '!G103 -> 0 | J102: ='[1]CU '!$Q103 -> 6612.2812
A103: ='[1]CU '!A104 -> CU072 | B103: ='[1]CU '!B104 -> HTC-35 | D103: ='[1]CU '!D104 -> 35hp | E103: ='[1]CU '!E104 -> 1620*273D | F103: ='[1]CU '!F104 -> 6GE34Y/S6F30.2Y | G103: ='[1]CU '!G104 -> 0 | J103: ='[1]CU '!$Q104 -> 7826.7819
... A113: ='[1]CU '!A114 -> CU076.03 | B113: ='[1]CU '!B114 -> HTC-120 | D113: ='[1]CU '!D114 -> 120HP | E113: ='[1]CU '!E114 -> 2880*377D | F113: ='[1]CU '!F114 -> SW3L11500 | G113: ='[1]CU '!G114 -> 0 | J113: ='[1]CU '!$Q114 -> 24858.2
A114: ='[1]CU '!A130 -> CU077.20 | B114: ='[1]CU '!B130 -> CS025 | C114: COMERCIAL REFRIGERATOR CONDENSER COIL | D114: ='[1]CU '!D130 -> 1/4hp | E114: ='[1]CU '!E130 -> 8 X 9 X 2R | F114: ='[1]CU '!F130 -> φ200 BLADE 28° | G114: ='[1]CU '!G130 -> 5watts | J114: ='[1]CU '!$Q130 -> 53.113173
A115: ='[1]CU '!A131 -> CU078 | B115: ='[1]CU '!B131 -> CS030 | D115: ='[1]CU '!D131 -> 1/3hp | E115: ='[1]CU '!E131 -> 9 X 9 X 3R | F115: ='[1]CU '!F131 -> φ200 BLADE 28° | G115: ='[1]CU '!G131 -> 10watts | J115: ='[1]CU '!$Q131 -> 118.57825
A116: ='[1]CU '!A132 -> CU079 | B116: ='[1]CU '!B132 -> CS033 (10 u) | D116: ='[1]CU '!D132 -> 1/3hp | E116: ='[1]CU '!E132 -> 10 X 11 X 2R | F116: ='[1]CU '!F132 -> φ250 BLADE 22° | G116: ='[1]CU '!G132 -> 10watts | J116: ='[1]CU '!$Q132 -> 146.98762
A117: ='[1]CU '!A133 -> CU080 | B117: ='[1]CU '!B133 -> CS050 (15 u) | D117: ='[1]CU '!D133 -> 1/2hp | E117: ='[1]CU '!E133 -> 10 X 11 X 3R | F117: ='[1]CU '!F133 -> φ250 BLADE 22° | G117: ='[1]CU '!G133 -> 10watts | J117: ='[1]CU '!$Q133 -> 167.98585
A118: ='[1]CU '!A134 -> CU081 | B118: ='[1]CU '!B134 -> CS060 (16 u) | D118: ='[1]CU '!D134 -> 1/2hp(big) | E118: ='[1]CU '!E134 -> 11 X 13 X 3R | F118: ='[1]CU '!F134 -> φ250 BLADE 28° | G118: ='[1]CU '!G134 -> 16watts | J118: ='[1]CU '!$Q134 -> 219.36976
...

Sheet Weiguang
A1: WELLER AIR-COND PARTS ENTERPRISE SDN BHD (613386-K)
A3: ='CU '!A3 -> DATE :5.5.26
A7: PRICE WILL UPDATE OR CHANGE EVERYWEEK DUE TO THE DATE
A8: =[1]Weiguang!A8 -> ITEM | B8: =[1]Weiguang!B8 -> MODEL | C8: DECRIPTION | D8: =[1]Weiguang!D8 -> WATTS | E8: =[1]Weiguang!$I$8 -> RM | F8: PICTURE
A9: =[1]Weiguang!A9 -> WEI001 | B9: =[1]Weiguang!B9 -> YWF4E-200-G (8") (1PH) (230V) | C9: WEIGUANG AXIAL FAN SETS 1PH & 3PH (230V , 380V ~ 415V) | D9: =[1]Weiguang!D9 -> 40 | E9: =[1]Weiguang!I9 -> 125.21742
A10: =[1]Weiguang!A10 -> WEI002 | B10: =[1]Weiguang!B10 -> YWF4E-250-G (10") (1PH) (230V) | D10: =[1]Weiguang!D10 -> 50 | E10: =[1]Weiguang!I10 -> 128.63244
A11: =[1]Weiguang!A11 -> WEI002.1 | B11: =[1]Weiguang!B11 -> YWF2E-250-G (10") (1PH) (230V) 2500rpm | D11: =[1]Weiguang!D11 -> 50 | E11: =[1]Weiguang!I11 -> 135.06407
A12: =[1]Weiguang!A12 -> WEI003 | B12: =[1]Weiguang!B12 -> YWF4E-250B (10") (1PH) (230V) | D12: =[1]Weiguang!D12 -> 50 | E12: =[1]Weiguang!I12 -> 128.63244
A13: =[1]Weiguang!A13 -> WEI004 | B13: =[1]Weiguang!B13 -> YWF4E-300-G (12") (1PH) (230V) | D13: =[1]Weiguang!D13 -> 85 | E13: =[1]Weiguang!I13 -> 133.1858
A14: =[1]Weiguang!A14 -> WEI004.1 | B14: =[1]Weiguang!B14 -> YWF4D-300-G (12") (3PH) (415V) | D14: =[1]Weiguang!D14 -> 85 | E14: =[1]Weiguang!I14 -> 133.1858
A15: =[1]Weiguang!A15 -> WEI005 | B15: =[1]Weiguang!B15 -> YWF4E-300B (12") (1PH) (230V) | D15: =[1]Weiguang!D15 -> 85 | E15: =[1]Weiguang!I15 -> 133.1858
A16: =[1]Weiguang!A16 -> WEI005.1 | B16: =[1]Weiguang!B16 -> YWF2E-300-S (12") (1PH) (230V)7 BLADE C/W 2M WIRE | D16: =[1]Weiguang!D16 -> 85 | E16: =[1]Weiguang!I16 -> 144.66734
A17: =[1]Weiguang!A17 -> WEI005.2 | B17: =[1]Weiguang!B17 -> YWF2D-300-S (12") (3PH) (415V)7 BLADE C/W 2M WIRE | D17: =[1]Weiguang!D17 -> 85 | E17: =[1]Weiguang!I17 -> 144.66734
A18: =[1]Weiguang!A18 -> WEI005.3 | B18: =[1]Weiguang!B18 -> YWF2D-300-B (12") (3PH) (415V)7 BLADE | D18: =[1]Weiguang!D18 -> 85 | E18: =[1]Weiguang!I18 -> 144.66734
A19: =[1]Weiguang!A21 -> WEI006 | B19: =[1]Weiguang!B21 -> YWF4E-330-G (13") (1PH) (230V) | D19: =[1]Weiguang!D21 -> 95 | E19: =[1]Weiguang!I21 -> 155.95261
A20: =[1]Weiguang!A22 -> WEI007 | B20: =[1]Weiguang!B22 -> YWF4E-350-G (14") (1PH) (230V) | D20: =[1]Weiguang!D22 -> 140 | E20: =[1]Weiguang!I22 -> 179.85775
A21: =[1]Weiguang!A23 -> WEI008 | B21: =[1]Weiguang!B23 -> YWF4D-350-G (14") (3PH) (415V) | D21: =[1]Weiguang!D23 -> 140 | E21: =[1]Weiguang!I23 -> 179.85775
A22: =[1]Weiguang!A24 -> WEI009 | B22: =[1]Weiguang!B24 -> YWF4E-400-G (16") (1PH) (230V) | D22: =[1]Weiguang!D24 -> 180 | E22: =[1]Weiguang!I24 -> 199.20954
A23: =[1]Weiguang!A25 -> WEI010 | B23: =[1]Weiguang!B25 -> YWF4D-400-G (16") (3PH) (415V) | D23: =[1]Weiguang!D25 -> 180 | E23: =[1]Weiguang!I25 -> 199.20954
A24: =[1]Weiguang!A26 -> WEI011 | B24: =[1]Weiguang!B26 -> YWF6E-400-G (16") (1PH) (230V) - 6poles | D24: =[1]Weiguang!D26 -> 108 | E24: =[1]Weiguang!I26 -> 199.20954
A25: =[1]Weiguang!A27 -> WEI012 | B25: =[1]Weiguang!B27 -> YWF6D-400-G (16") (3PH) (415V) - 6poles | D25: =[1]Weiguang!D27 -> 108 | E25: =[1]Weiguang!I27 -> 199.20954
A26: =[1]Weiguang!A28 -> WEI013 | B26: =[1]Weiguang!B28 -> YWF4E-450-G (18") (1PH) (230V) | D26: =[1]Weiguang!D28 -> 250 | E26: =[1]Weiguang!I28 -> 226.5297
A27: =[1]Weiguang!A29 -> WEI014 | B27: =[1]Weiguang!B29 -> YWF4D-450-G (18") (3PH) (415V) | D27: =[1]Weiguang!D29 -> 250 | E27: =[1]Weiguang!I29 -> 226.5297
A28: =[1]Weiguang!A30 -> WEI015 | B28: =[1]Weiguang!B30 -> YWF6D-450-G (18") (3PH) (415V) - 6poles | D28: =[1]Weiguang!D30 -> 150 | E28: =[1]Weiguang!I30 -> 226.5297
A29: =[1]Weiguang!A31 -> WEI016 | B29: =[1]Weiguang!B31 -> YWF4E-500-G (20") (1PH) (230V) | D29: =[1]Weiguang!D31 -> 420 | E29: =[1]Weiguang!I31 -> 288.51233
A30: =[1]Weiguang!A32 -> WEI017 | B30: =[1]Weiguang!B32 -> YWF4D-500-G (20") (3PH) (415V) | D30: =[1]Weiguang!D32 -> 450 | E30: =[1]Weiguang!I32 -> 288.51233
... A46: =[1]Weiguang!A48 -> WEI026.3 | B46: =[1]Weiguang!B48 -> YWF4D-630S-180/105A2-G (26") (3PH) (415V)(ALUMINIUM DIE CAST) | D46: =[1]Weiguang!D48 -> 2700 | E46: =[1]Weiguang!I48 -> 1476.034
A47: =[1]Weiguang!A49 -> WEI026.4 | B47: =[1]Weiguang!B49 -> YWF4E-300-G (12") (1PH) (230V) S/STEEL | C47: WEIGUANG heavy duty fan sets 1PH & 3PH (230V , 380V ~ 415V)S/Steel fan blade & guard | D47: =[1]Weiguang!D49 -> 85 | E47: =[1]Weiguang!I49 -> 241.35002
A48: =[1]Weiguang!A50 -> WEI026.5 | B48: =[1]Weiguang!B50 -> YWF4D-300-G (12") (3PH) (415V) S/STEEL | D48: =[1]Weiguang!D50 -> 85 | E48: =[1]Weiguang!I50 -> 242.72916
A49: =[1]Weiguang!A51 -> WEI026.6 | B49: =[1]Weiguang!B51 -> YWF2D-300-S (12") (3PH) (415V) S/STEEL (HEAVY DUTY) 7 BLADE C/W 2M WIRE | D49: =[1]Weiguang!D51 -> 165 | E49: =[1]Weiguang!I51 -> 289.62002
A50: =[1]Weiguang!A52 -> WEI026.7 | B50: =[1]Weiguang!B52 -> YWF4E-400-G (16") (1PH) (230V) S/STEEL | D50: =[1]Weiguang!D52 -> 205 | E50: =[1]Weiguang!I52 -> 358.57717
A51: =[1]Weiguang!A53 -> WEI026.8 | B51: =[1]Weiguang!B53 -> YWF4D-400-G (16") (3PH) (415V) S/STEEL | D51: =[1]Weiguang!D53 -> 205 | E51: =[1]Weiguang!I53 -> 358.57717
A52: =[1]Weiguang!A54 -> WEI026.81 | B52: =[1]Weiguang!B54 -> YWF4D-450-S-137/35 (18") (3PH) (415V) S/S AXIAL FAN SET (HEAVY DUTY) 7 BLADE | D52: =[1]Weiguang!D54 -> 0 | E52: =[1]Weiguang!I54 -> 0
A53: =[1]Weiguang!A55 -> WEI026.9 | B53: =[1]Weiguang!B55 -> YWF4D-500S-137/60-G (20") (3PH) (415V) S/STEEL (HEAVY DUTY) 7 BLADE | C53: WEIGUANG end plate TYPE FAN SETS 1PH & 3PH (230V , 380V ~ 415V) | D53: =[1]Weiguang!D55 -> 750 | E53: =[1]Weiguang!I55 -> 545.03729
A54: =[1]Weiguang!A56 -> WEI027 | B54: =[1]Weiguang!B56 -> YWF4D-500-S 137/60-G (20") (3PH ) (415V)7blade cw end plate | D54: =[1]Weiguang!D56 -> 750 | E54: =[1]Weiguang!I56 -> 530.02709
A55: =[1]Weiguang!A57 -> WEI028 | B55: =[1]Weiguang!B57 -> YWF4D-630S-180/105-B1 (26") (3PH) (415V)C/W END PLATE (HEAVY DUTY) | D55: =[1]Weiguang!D57 -> 2700 | E55: =[1]Weiguang!I57 -> 1454.7347
A56: =[1]Weiguang!A58 -> WEI028.01 | B56: =[1]Weiguang!B58 -> YWF4D-630S-180/75-B1 (26") (3PH) (415V) C/W END PLATE (HEAVY DUTY) | D56: =[1]Weiguang!D58 -> 1900 | E56: =[1]Weiguang!I58 -> 1027.9212
A57: =[1]Weiguang!A59 -> WEI028.02 | B57: =[1]Weiguang!B59 -> YWF.A6T-710S-7FIS01(28")(3PH 415V)C/W END PLATE (HEAVY DUTY) | D57: =[1]Weiguang!D59 -> 1100 c/w plate | E57: =[1]Weiguang!I59 -> 1324.6637
A58: =[1]Weiguang!A60 -> WEI028.03 | B58: =[1]Weiguang!B60 -> YWF6D-800-180/75-B1 (32") (3PH) (415V)C/W END PLATE (HEAVY DUTY) | D58: =[1]Weiguang!D60 -> 1200 | E58: =[1]Weiguang!I60 -> 1971.7731
A59: =[1]Weiguang!A61 -> WEI029 | B59: =[1]Weiguang!B61 -> YWF6D-800S-180/105-B1 (32") (3PH) (415V) C/W END PLATE (HEAVY DUTY) | D59: =[1]Weiguang!D61 -> 1900 | E59: =[1]Weiguang!I61 -> 2607.8339
A60: =[1]Weiguang!A62 -> WEI029.1 | B60: =[1]Weiguang!B62 -> YWF6D-910S-180/120-G (36") (3PH) (415V)(HEAVY DUTY) | C60: AIR DIRECTOR | D60: =[1]Weiguang!D62 -> 2500 | E60: =[1]Weiguang!I62 -> 2582.5397
A61: =[1]Weiguang!A63 -> WEI029.2 | B61: =[1]Weiguang!B63 -> 16" AIR DIRECTOR | D61: =[1]Weiguang!D63 -> 0 | E61: =[1]Weiguang!I63 -> 72.951596
A62: =[1]Weiguang!A64 -> WEI029.3 | B62: =[1]Weiguang!B64 -> 20" AIR DIRECTOR | C62: BEARING TYPE | D62: =[1]Weiguang!D64 -> 0 | E62: =[1]Weiguang!I64 -> 83.617623
A63: =[1]Weiguang!A65 -> WEI029.4 | B63: =[1]Weiguang!B65 -> YZF5-13B (5WATTS) 200mm BEARING | D63: =[1]Weiguang!D65 -> 200 28° | E63: =[1]Weiguang!I65 -> 32.051282
A64: =[1]Weiguang!A66 -> WEI029.5 | B64: =[1]Weiguang!B66 -> YZF10-20B (10WATTS) 230mm BEARING | D64: =[1]Weiguang!D66 -> 230 28°,250 22° | E64: =[1]Weiguang!I66 -> 38.359788
A65: =[1]Weiguang!A67 -> WEI029.7 | B65: =[1]Weiguang!B67 -> YZF18-30B (18WATTS) 300mm BEARING | D65: =[1]Weiguang!D67 -> 300 22° | E65: =[1]Weiguang!I67 -> 47.313797
A66: =[1]Weiguang!A68 -> WEI029.8 | B66: =[1]Weiguang!B68 -> YZF25-40B (25WATTS) 300mm BEARING | C66: SHADED POLE MOTOR | D66: =[1]Weiguang!D68 -> 300 25° | E66: =[1]Weiguang!I68 -> 60.764103
A67: =[1]Weiguang!A69 -> WEI030 | B67: =[1]Weiguang!B69 -> YZF5-13 (5WATTS) 200mm | D67: =[1]Weiguang!D69 -> 200 28° | E67: =[1]Weiguang!I69 -> 28.591779
A68: =[1]Weiguang!A70 -> WEI031 | B68: =[1]Weiguang!B70 -> YZF10-20 (10WATTS) 230mm | D68: =[1]Weiguang!D70 -> 230 28°,250 22° | E68: =[1]Weiguang!I70 -> 34.391534
A69: =[1]Weiguang!A71 -> WEI032 | B69: =[1]Weiguang!B71 -> YZF16-25 (16WATTS) 254mm | D69: =[1]Weiguang!D71 -> 250 28° | E69: =[1]Weiguang!I71 -> 40.49654
A70: =[1]Weiguang!A72 -> WEI033 | B70: =[1]Weiguang!B72 -> YZF18-30 (18WATTS) 300mm | D70: =[1]Weiguang!D72 -> 300 22° | E70: =[1]Weiguang!I72 -> 43.447293
A71: =[1]Weiguang!A73 -> WEI033.01 | B71: =[1]Weiguang!B73 -> YZF25-40 (25WATTS) 300mm | D71: =[1]Weiguang!D73 -> 300 25° | E71: =[1]Weiguang!I73 -> 52.503053
A72: =[1]Weiguang!A74 -> WEI033.02 | B72: =[1]Weiguang!B74 -> YZF34-45 (34WATTS) 300mm | E72: =[1]Weiguang!I74 -> 57.183557
A73: =[1]Weiguang!A75 -> WEI034.01 | B73: =[1]Weiguang!B75 -> ECM5310H (ec fan) 7/11w | E73: =[1]Weiguang!I75 -> 54.112554
A74: =[1]Weiguang!A76 -> WEI034.02 | B74: =[1]Weiguang!B76 -> 200MM PLASTIC RING | E74: =[1]Weiguang!I76 -> 11.604137
A75: =[1]Weiguang!A77 -> WEI034.03 | B75: =[1]Weiguang!B77 -> 8W EC Q FAN (Replacement 10w motor) | E75: =[1]Weiguang!I77 -> 34.872535
A76: =[1]Weiguang!A78 -> WEI034.04 | B76: =[1]Weiguang!B78 -> FAN MOTOR BRACKET | C76: RING | E76: =[1]Weiguang!I78 -> 0.6012506
A77: =[1]Weiguang!A79 -> WEI034.2 | B77: =[1]Weiguang!B79 -> 6" FAN RING | E77: =[1]Weiguang!I79 -> 7.3774909
A78: =[1]Weiguang!A80 -> WEI034.3 | B78: =[1]Weiguang!B80 -> 7" FAN RING | E78: =[1]Weiguang!I80 -> 8.8225665
A79: =[1]Weiguang!A81 -> WEI035 | B79: =[1]Weiguang!B81 -> 8" FAN RING | E79: =[1]Weiguang!I81 -> 9.5831325
A80: =[1]Weiguang!A82 -> WEI035.1 | B80: =[1]Weiguang!B82 -> 9" FAN RING | E80: =[1]Weiguang!I82 -> 11.408491
A81: =[1]Weiguang!A83 -> WEI035.2 | B81: =[1]Weiguang!B83 -> 10" FAN RING | E81: =[1]Weiguang!I83 -> 12.093001
A82: =[1]Weiguang!A84 -> WEI035.3 | B82: =[1]Weiguang!B84 -> 12" FAN RING | C82: FAN GUARD | E82: =[1]Weiguang!I84 -> 13.994416
A83: =[1]Weiguang!A85 -> WEI035.4 | B83: =[1]Weiguang!B85 -> 6" FAN GUARD | E83: =[1]Weiguang!I85 -> 4.2755514
A84: =[1]Weiguang!A86 -> WEI035.5 | B84: =[1]Weiguang!B86 -> 7" FAN GUARD | E84: =[1]Weiguang!I86 -> 5.0127155
A85: =[1]Weiguang!A87 -> WEI036 | B85: =[1]Weiguang!B87 -> 8" FAN GUARD (200mm/H40) | E85: =[1]Weiguang!I87 -> 8.8019823
A86: =[1]Weiguang!A88 -> WEI036.1 | B86: =[1]Weiguang!B88 -> 9" FAN GUARD | E86: =[1]Weiguang!I88 -> 9.2882669
A87: =[1]Weiguang!A89 -> WEI037 | B87: =[1]Weiguang!B89 -> 10" FAN GUARD (254mm/H50) | E87: =[1]Weiguang!I89 -> 12.098686
A88: =[1]Weiguang!A90 -> WEI038 | B88: =[1]Weiguang!B90 -> 12" FAN GUARD (300mm/H50) | C88: FAN BLADE | E88: =[1]Weiguang!I90 -> 13.143719
A89: =[1]Weiguang!A91 -> WEI038.1 | B89: =[1]Weiguang!B91 -> 6" FAN BLADE | E89: =[1]Weiguang!I91 -> 1.8157768
A90: =[1]Weiguang!A92 -> WEI038.2 | B90: =[1]Weiguang!B92 -> 7" FAN BLADE | E90: =[1]Weiguang!I92 -> 2.2246272
A91: =[1]Weiguang!A93 -> WEI039 | B91: =[1]Weiguang!B93 -> 8" FAN BLADE 28° (200mm) | E91: =[1]Weiguang!I93 -> 3.2948533
A92: =[1]Weiguang!A94 -> WEI039.01 | B92: =[1]Weiguang!B94 -> 8" FAN BLADE 28°B (200mm) | E92: =[1]Weiguang!I94 -> 3.2948533
A93: =[1]Weiguang!A95 -> WEI039.1 | B93: =[1]Weiguang!B95 -> 9" FAN BLADE (230mm) | E93: =[1]Weiguang!I95 -> 4.040404
A94: =[1]Weiguang!A96 -> WEI040 | B94: =[1]Weiguang!B96 -> 10" FAN BLADE 22° (250mm) | E94: =[1]Weiguang!I96 -> 5.7720058
A95: =[1]Weiguang!A97 -> WEI040.0 | B95: =[1]Weiguang!B97 -> 10" FAN BLADE 28° (250mm) | E95: =[1]Weiguang!I97 -> 5.7720058
A96: =[1]Weiguang!A98 -> WEI040.1 | B96: =[1]Weiguang!B98 -> 10" FAN BLADE 28°B (250mm) | E96: =[1]Weiguang!I98 -> 5.7720058
A97: =[1]Weiguang!A99 -> WEI041 | B97: =[1]Weiguang!B99 -> 12" FAN BLADE 22° (300mm) | E97: =[1]Weiguang!I99 -> 8.531746
A98: =[1]Weiguang!A100 -> WEI041.0 | B98: =[1]Weiguang!B100 -> 12" FAN BLADE 25° (300mm) | C98: Video Fan (Sleeve (Bearing type) | E98: =[1]Weiguang!I100 -> 8.531746
A99: =[1]Weiguang!A101 -> WEI041.1 | B99: =[1]Weiguang!B101 -> 4" VIDEO FAN (SLEEVE BEARING) | C99: Video Fan (Bearing type) | E99: =[1]Weiguang!I101 -> 22.303622
A100: =[1]Weiguang!A102 -> WEI042 | B100: =[1]Weiguang!B102 -> 4" VIDEO FAN (BEARING TYPE) | E100: =[1]Weiguang!I102 -> 27.981278
A101: =[1]Weiguang!A103 -> WEI042.1 | B101: =[1]Weiguang!B103 -> 4" VIDEO FAN GUARD | C101: Video Fan (Bearing type) | E101: =[1]Weiguang!I103 -> 1.2400794
A102: =[1]Weiguang!A104 -> WEI042.2 | B102: =[1]Weiguang!B104 -> 6" VIDEO FAN GUARD | C102: Shaded pole motor c/w 124mm fan blade | E102: =[1]Weiguang!I104 -> 2.3148148
A104: PRICE VALID : For intend order only and ex-factory at K.L price
A105: *PRICE WILL BE CHANGE ON THE FINAL PAYMENT DUE TO THE CURRENCY RATE
A106: *PLEASE EMAIL OR FAX OVER THE BANK IN SLIP
A107: BANK ACC :HONG LEONG BANK BHD 36600016285 , PUBLIC BANK BHD 3119617816
A108: BENEFICIARY :WELLER AIR-COND PARTS ENTERPRICE SDN BHD

Sheet ZIEHL
A1: WELLER AIR-COND PARTS ENTERPRISE SDN BHD (613386-K)
A3: =Weiguang!A3 -> DATE :5.5.26
A8: ITEM CODE | B8: GUARANTEE GENUINE GERMANY FAN SETS | C8: PH & Voltage | D8: BRAND | E8: 1Pallet quantity | F8: =[1]ZIEHL!K8 -> RM | G8: PICTURE
A9: =[1]ZIEHL!A9 -> ZI 001.1 | B9: =[1]ZIEHL!B9 -> (16") FN040-VDK Ziehhlabegg fan (1PH) | C9: =[1]ZIEHL!C9 -> 1PH (230V) | D9: Ziehhlabegg | E9: 28 | F9: =[1]ZIEHL!K9 -> 501.11111
A10: =[1]ZIEHL!A10 -> ZI001 | B10: =[1]ZIEHL!B10 -> (16") FN040-VDK Ziehhlabegg fan (3ph) | C10: =[1]ZIEHL!C10 -> 3PH (415V) | E10: 28 | F10: =[1]ZIEHL!K10 -> ~
A11: =[1]ZIEHL!A11 -> ZI002 | B11: =[1]ZIEHL!B11 -> (20") FN050-VDK Ziehhlabegg fan | C11: =[1]ZIEHL!C11 -> 3PH (415V) | E11: 28 | F11: =[1]ZIEHL!K11 -> ~
A12: =[1]ZIEHL!A12 -> ZI003 | B12: =[1]ZIEHL!B12 -> (26") FN063-VDK Ziehhlabegg fan | C12: =[1]ZIEHL!C12 -> 3PH (415V) | E12: 6 | F12: =[1]ZIEHL!K12 -> ~
A13: =[1]ZIEHL!A13 -> ZI005 | B13: =[1]ZIEHL!B13 -> (32") FN080-sDQ Ziehhlabegg fan (6poles) | C13: =[1]ZIEHL!C13 -> 3PH (415V) | E13: 6 | F13: =[1]ZIEHL!K13 -> ~
A14: =[1]ZIEHL!A14 -> ZI 8 | B14: =[1]ZIEHL!B14 -> (26") FB063-VDK Ziehhlabegg fan | C14: =[1]ZIEHL!C14 -> 3PH (415V) | F14: =[1]ZIEHL!K14 -> 1454.3015
A15: =[1]ZIEHL!A15 -> ZI005.1 | B15: =[1]ZIEHL!B15 -> 12" EBM FAN SET (1PH) | C15: =[1]ZIEHL!C15 -> 1PH (230V) | D15: EBM | F15: =[1]ZIEHL!K15 -> ~
A16: =[1]ZIEHL!A16 -> ZI005.2 | B16: =[1]ZIEHL!B16 -> 14" EBM FAN SET (1PH) | C16: =[1]ZIEHL!C16 -> 1PH (230V) | F16: =[1]ZIEHL!K16 -> ~
A17: =[1]ZIEHL!A17 -> ZI005.3 | B17: =[1]ZIEHL!B17 -> 14" EBM FAN SET (3PH) | C17: =[1]ZIEHL!C17 -> 3PH (415V) | F17: =[1]ZIEHL!K17 -> 363.18918
A18: =[1]ZIEHL!A18 -> ZI006 | B18: =[1]ZIEHL!B18 -> 16" EBM FAN SET (1PH) | C18: =[1]ZIEHL!C18 -> 1PH (230V) | E18: 45 | F18: =[1]ZIEHL!K18 -> 470.72331
A19: =[1]ZIEHL!A19 -> ZI007 | B19: =[1]ZIEHL!B19 -> 16" EBM FAN SET (3PH) | C19: =[1]ZIEHL!C19 -> 3PH (415V) | E19: 46 | F19: =[1]ZIEHL!K19 -> ~
A20: =[1]ZIEHL!A20 -> ZI007.1 | B20: =[1]ZIEHL!B20 -> 18" EBM FAN SET (3PH) | C20: =[1]ZIEHL!C20 -> 3PH (415V) | F20: =[1]ZIEHL!K20 -> ~
A21: =[1]ZIEHL!A21 -> ZI008 | B21: =[1]ZIEHL!B21 -> 20" EBM FAN SET (3PH) | C21: =[1]ZIEHL!C21 -> 3PH (415V) | E21: 47 | F21: =[1]ZIEHL!K21 -> ~
A22: =[1]ZIEHL!A22 -> ZI009 | B22: =[1]ZIEHL!B22 -> 26" EBM FAN SET (3PH) | C22: =[1]ZIEHL!C22 -> 3PH (415V) | E22: 48 | F22: =[1]ZIEHL!K22 -> 1922.7663
A23: =[1]ZIEHL!A23 -> ZI010 | B23: =[1]ZIEHL!B23 -> 32" EBM FAN SET (3PH) c/w end plate(800mm) | C23: =[1]ZIEHL!C23 -> 3PH (415V) | F23: =[1]ZIEHL!K23 -> 2766.3024
A24: =[1]ZIEHL!A24 -> ZI010.1 | B24: =[1]ZIEHL!B24 -> 36" EBM FAN SET (3PH) c/w end plate(910mm) | C24: =[1]ZIEHL!C24 -> 3PH (415V) | F24: =[1]ZIEHL!K24 -> ~
A25: =[1]ZIEHL!A25 -> ZI011 | B25: =[1]ZIEHL!B25 -> 10watts ebm fan motor (M4Q045CA03A4/C01) | C25: =[1]ZIEHL!C25 -> 0 | F25: =[1]ZIEHL!K25 -> ~
A26: =[1]ZIEHL!A26 -> ZI012 | B26: =[1]ZIEHL!B26 -> 18watts ebm fan motor (M4Q045DA13A4/C01) | C26: =[1]ZIEHL!C26 -> 0 | F26: =[1]ZIEHL!K26 -> ~
A27: PRICE VALID : Ex-factory at K.L price
A28: *PRICE WILL BE CHANGE ON THE FINAL PAYMENT DUE TO THE CURRENCY RATE
A29: *PLEASE EMAIL OR FAX OVER THE BANK IN SLIP
A30: BANK ACC :HONG LEONG BANK BHD 36600016285 , PUBLIC BANK BHD 3119617816
A31: BENEFICIARY :WELLER AIR-COND PARTS ENTERPRICE SDN BHD
A32: COMPUTER PRINT GENERATE ONLY

Sheet QC
A1: WELLER AIR-COND PARTS ENTERPRISE SDN BHD (613386-K)
A3: =ZIEHL!A3 -> DATE :5.5.26
A7: PRICE WILL UPDATE OR CHANGE EVERYWEEK DUE TO THE DATE
A8: ITEM CODE | B8: NEW QC UNIT BLOWER (FREEZER) MODEL | C8: DECRIPTION | D8: COMPRESSOR TO MATCH | E8: =[1]QC!E8 -> BTU/HR td7 | F8: =[1]QC!F8 -> kW td7 | G8: =[1]QC!G8 -> Flowrate meter | H8: =[1]QC!H8 -> Dimension (mm) | I8: =[1]QC!I8 -> Voltage | J8: =[1]QC!J8 -> Heater pcs | K8: =[1]QC!K8 -> Heater KW | L8: =[1]QC!L8 -> Size outlet copper p-trap | ... N8: =[1]QC!N8 -> (Frezzer) TES (R404) -25c orifice no | O8: =[1]QC!Z8 -> (RM) axial fan | P8: =[1]QC!AA8 -> Axial fan c/w exp valve ,p trap | Q8: =[1]QC!AI8 -> (RM)aluminium heavy duty fan | R8: =[1]QC!AJ8 -> heavy fan c/w p trap and exp valve | S8: PICTURE
A9: =[1]QC!A9 -> QC001 | B9: =[1]QC!B9 -> CL301C4 | C9: FREEZER - 5'C ~ - 25'C ( 7mm ~ 9mm Fin Spacing) Unit blower with EBM / AXIAL FAN SETS | D9: =[1]QC!D9 -> MT22,CS11,zb15 | E9: =[1]QC!E9 -> 4778.2 | F9: =[1]QC!F9 -> 1.4 | G9: =[1]QC!G9 -> 9 | H9: =[1]QC!H9 -> 1x300 | I9: =[1]QC!I9 -> 230 | J9: =[1]QC!J9 -> 3 | K9: =[1]QC!K9 -> 1.5 | ... N9: =[1]QC!N9 -> 1 / RCX0834 | O9: =[1]QC!Z9 -> 1383.1314 | P9: =[1]QC!AA9 -> 1627.2204 | Q9: =[1]QC!AI9 -> ~ | R9: =[1]QC!AJ9 -> ~
A10: =[1]QC!A10 -> QC002 | B10: =[1]QC!B10 -> CL302C3 | D10: =[1]QC!D10 -> MT32-MT36,ZB19 | E10: =[1]QC!E10 -> 6826 | F10: =[1]QC!F10 -> 2 | G10: =[1]QC!G10 -> 9 | H10: =[1]QC!H10 -> 2x300 | I10: =[1]QC!I10 -> 230 | J10: =[1]QC!J10 -> 3 | K10: =[1]QC!K10 -> 2.4 | ... N10: =[1]QC!N10 -> 2 / RCX1034 | O10: =[1]QC!Z10 -> 1895.9928 | P10: =[1]QC!AA10 -> 2122.3969 | Q10: =[1]QC!AI10 -> ~ | R10: =[1]QC!AJ10 -> ~
A11: =[1]QC!A11 -> QC003 | B11: =[1]QC!B11 -> CL302C4 | D11: =[1]QC!D11 -> MT40-MT44,ZB21 | E11: =[1]QC!E11 -> 7849.9 | F11: =[1]QC!F11 -> 2.3 | G11: =[1]QC!G11 -> 9 | H11: =[1]QC!H11 -> 2x300 | I11: =[1]QC!I11 -> 230 | J11: =[1]QC!J11 -> 3 | K11: =[1]QC!K11 -> 2.4 | ... N11: =[1]QC!N11 -> 3 / RCX1534 | O11: =[1]QC!Z11 -> 2071.3754 | P11: =[1]QC!AA11 -> 2291.7319 | Q11: =[1]QC!AI11 -> ~ | R11: =[1]QC!AJ11 -> ~
A12: =[1]QC!A12 -> QC004 | B12: =[1]QC!B12 -> CL302C6 | D12: =[1]QC!D12 -> MT50-MT64,ZB29,ZB38 | E12: =[1]QC!E12 -> 10239 | F12: =[1]QC!F12 -> 3 | G12: =[1]QC!G12 -> 8 | H12: =[1]QC!H12 -> 2x300 | I12: =[1]QC!I12 -> 230 | J12: =[1]QC!J12 -> 5 | K12: =[1]QC!K12 -> 4 | ... N12: =[1]QC!N12 -> 3 / RCX1534 | O12: =[1]QC!Z12 -> 2581.5795 | P12: =[1]QC!AA12 -> 2803.2192 | Q12: =[1]QC!AI12 -> ~ | R12: =[1]QC!AJ12 -> ~
A13: =[1]QC!A13 -> QC005 | B13: =[1]QC!B13 -> CL303C4 | D13: =[1]QC!D13 -> MT50-MT64,ZB29,ZB38 | E13: =[1]QC!E13 -> 12628.1 | F13: =[1]QC!F13 -> 3.7 | G13: =[1]QC!G13 -> 9 | H13: =[1]QC!H13 -> 3x300 | I13: =[1]QC!I13 -> 230 | J13: =[1]QC!J13 -> 3 | K13: =[1]QC!K13 -> 6 | ... N13: =[1]QC!N13 -> 4 / RCX2034 | O13: =[1]QC!Z13 -> 2792.8359 | P13: =[1]QC!AA13 -> 3007.1909 | Q13: =[1]QC!AI13 -> ~ | R13: =[1]QC!AJ13 -> ~
A14: =[1]QC!A14 -> QC006 | B14: =[1]QC!B14 -> CL303C6 | D14: =[1]QC!D14 -> 4DES5Y,MT100,ZB45 | E14: =[1]QC!E14 -> 15699.8 | F14: =[1]QC!F14 -> 4.6 | G14: =[1]QC!G14 -> 9 | H14: =[1]QC!H14 -> 3x300 | I14: =[1]QC!I14 -> 230 | J14: =[1]QC!J14 -> 5 | K14: =[1]QC!K14 -> 6 | ... N14: =[1]QC!N14 -> 6 | O14: =[1]QC!Z14 -> 3427.9337 | P14: =[1]QC!AA14 -> 3620.3887 | Q14: =[1]QC!AI14 -> ~ | R14: =[1]QC!AJ14 -> ~
A15: =[1]QC!A15 -> QC006.1 | B15: =[1]QC!B15 -> CL304C6 | D15: =[1]QC!D15 -> 4CES6YY,MT125,ZB48 | E15: =[1]QC!E15 -> 21501.9 | F15: =[1]QC!F15 -> 6.3 | G15: =[1]QC!G15 -> 9 | H15: =[1]QC!H15 -> 4x300 | I15: =[1]QC!I15 -> 230 | J15: =[1]QC!J15 -> 5 | K15: =[1]QC!K15 -> 6 | ... N15: =[1]QC!N15 -> TES5-1 / TGES5 | O15: =[1]QC!Z15 -> 4486.8729 | P15: =[1]QC!AA15 -> 4953.7689 | Q15: =[1]QC!AI15 -> ~ | R15: =[1]QC!AJ15 -> ~
A16: =[1]QC!A16 -> QC007 | B16: =[1]QC!B16 -> CL401C3 | D16: =[1]QC!D16 -> MT28,ZB15 | E16: =[1]QC!E16 -> 6826 | F16: =[1]QC!F16 -> 2 | G16: =[1]QC!G16 -> 12 | H16: =[1]QC!H16 -> 1x400 | I16: =[1]QC!I16 -> 230 | J16: =[1]QC!J16 -> 3 | K16: =[1]QC!K16 -> 1.5 | ... N16: =[1]QC!N16 -> 1 / RCX0834 | O16: =[1]QC!Z16 -> 1648.8627 | P16: =[1]QC!AA16 -> 1883.7885 | Q16: =[1]QC!AI16 -> 2132.9124 | R16: =[1]QC!AJ16 -> 2424.6956
A17: =[1]QC!A17 -> QC008 | B17: =[1]QC!B17 -> CL401C4 | D17: =[1]QC!D17 -> MT32,ZB19 | E17: =[1]QC!E17 -> 7849.9 | F17: =[1]QC!F17 -> 2.3 | G17: =[1]QC!G17 -> 12 | H17: =[1]QC!H17 -> 1x400 | I17: =[1]QC!I17 -> 230 | J17: =[1]QC!J17 -> 3 | K17: =[1]QC!K17 -> 1.5 | ... N17: =[1]QC!N17 -> 2 / RCX1034 | O17: =[1]QC!Z17 -> 1939.8384 | P17: =[1]QC!AA17 -> 2164.7306 | Q17: =[1]QC!AI17 -> 2413.8545 | R17: =[1]QC!AJ17 -> 2705.6377
A18: =[1]QC!A18 -> QC009 | B18: =[1]QC!B18 -> CL401C5 | D18: =[1]QC!D18 -> MT40,ZB21 | E18: =[1]QC!E18 -> 9897.7 | F18: =[1]QC!F18 -> 2.9 | G18: =[1]QC!G18 -> 12 | H18: =[1]QC!H18 -> 1x400 | I18: =[1]QC!I18 -> 230 | J18: =[1]QC!J18 -> 5 | K18: =[1]QC!K18 -> 2.5 | ... N18: =[1]QC!N18 -> 3 / RCX1534 | O18: =[1]QC!Z18 -> 2125.8503 | P18: =[1]QC!AA18 -> 2344.3283 | Q18: =[1]QC!AI18 -> 2524.1788 | R18: =[1]QC!AJ18 -> 2815.962
A19: =[1]QC!A19 -> QC010 | B19: =[1]QC!B19 -> CL401C6 | D19: =[1]QC!D19 -> MT50,ZB26 | E19: =[1]QC!E19 -> 10580.3 | F19: =[1]QC!F19 -> 3.1 | G19: =[1]QC!G19 -> 12 | H19: =[1]QC!H19 -> 1x400 | I19: =[1]QC!I19 -> 230 | J19: =[1]QC!J19 -> 5 | K19: =[1]QC!K19 -> 2.5 | ... N19: =[1]QC!N19 -> 3 / RCX2034 | O19: =[1]QC!Z19 -> 2222.8423 | P19: =[1]QC!AA19 -> 2437.9757 | Q19: =[1]QC!AI19 -> 2617.8262 | R19: =[1]QC!AJ19 -> 2909.6094
A20: =[1]QC!A20 -> QC010.1 | B20: =[1]QC!B20 -> CL402C3 | D20: =[1]QC!D20 -> MT64,ZB29 | E20: =[1]QC!E20 -> 12628.1 | F20: =[1]QC!F20 -> 3.7 | G20: =[1]QC!G20 -> 14 | H20: =[1]QC!H20 -> 2x400 | I20: =[1]QC!I20 -> 415 | J20: =[1]QC!J20 -> 3 | K20: =[1]QC!K20 -> 3 | ... N20: =[1]QC!N20 -> 3 / RCX2034 | O20: =[1]QC!Z20 -> 2645.355 | P20: =[1]QC!AA20 -> 2864.7955 | Q20: =[1]QC!AI20 -> 3644.6015 | R20: =[1]QC!AJ20 -> 3955.2612
A21: =[1]QC!A21 -> QC011 | B21: =[1]QC!B21 -> CL402C4 | D21: =[1]QC!D21 -> MT80,CS33,ZB38 | E21: =[1]QC!E21 -> 16041.1 | F21: =[1]QC!F21 -> 4.7 | G21: =[1]QC!G21 -> 14 | H21: =[1]QC!H21 -> 2x400 | I21: =[1]QC!I21 -> 415 | J21: =[1]QC!J21 -> 3 | K21: =[1]QC!K21 -> 3 | ... N21: =[1]QC!N21 -> 3 / RCX2034 | O21: =[1]QC!Z21 -> 2968.2185 | P21: =[1]QC!AA21 -> 3176.5258 | Q21: =[1]QC!AI21 -> 3956.3318 | R21: =[1]QC!AJ21 -> 4266.9915
... A27: =[1]QC!A27 -> QC016 | B27: =[1]QC!B27 -> CL404C6 | D27: =[1]QC!D27 -> 4NES14Y,ZFI39 | E27: =[1]QC!E27 -> 41297.3 | F27: =[1]QC!F27 -> 12.1 | G27: =[1]QC!G27 -> 16 | H27: =[1]QC!H27 -> 4x400 | I27: =[1]QC!I27 -> 415 | J27: =[1]QC!J27 -> 5 | K27: =[1]QC!K27 -> 9 | ... N27: =[1]QC!N27 -> TES5-1 /TGES5 | O27: =[1]QC!Z27 -> 6858.5247 | P27: =[1]QC!AA27 -> 7281.8753 | Q27: =[1]QC!AI27 -> 8647.4029 | R27: =[1]QC!AJ27 -> 9307.2544
A28: =[1]QC!A29 -> QC018 | B28: =[1]QC!B29 -> NT501C6 | D28: =[1]QC!D29 -> 4CES6Y,MT125,ZFI26 | E28: =[1]QC!E29 -> 26962.7 | F28: =[1]QC!F29 -> 7.9 | G28: =[1]QC!G29 -> 26 | H28: =[1]QC!H29 -> 1X500 | I28: =[1]QC!I29 -> 415 | J28: =[1]QC!J29 -> 6 | K28: =[1]QC!K29 -> 9 | ... N28: =[1]QC!N29 -> 6 /5 zfi | O28: =[1]QC!Z29 -> 4761.9048 | P28: =[1]QC!AA29 -> 5352.9493 | Q28: =[1]QC!AI29 -> 5116.2528 | R28: =[1]QC!AJ29 -> 5688.5339
A29: =[1]QC!A30 -> QC019 | B29: =[1]QC!B30 -> NT501C8 | D29: =[1]QC!D30 -> 4TES9Y,ZFI31,ZFI36 | E29: =[1]QC!E30 -> 30034.4 | F29: =[1]QC!F30 -> 8.8 | G29: =[1]QC!G30 -> 26 | H29: =[1]QC!H30 -> 1X500 | I29: =[1]QC!I30 -> 415 | J29: =[1]QC!J30 -> 6 | K29: =[1]QC!K30 -> 9 | ... N29: =[1]QC!N30 -> TES2-6 /TGES5 | O29: =[1]QC!Z30 -> 5598.6534 | P29: =[1]QC!AA30 -> 6226.0532 | Q29: =[1]QC!AI30 -> 5926.438 | R29: =[1]QC!AJ30 -> 6533.9203
A30: =[1]QC!A31 -> QC020 | B30: =[1]QC!B31 -> NT502C4 | D30: =[1]QC!D31 -> 4PES12Y,ZFI39 | E30: =[1]QC!E31 -> 42662.5 | F30: =[1]QC!F31 -> 12.5 | G30: =[1]QC!G31 -> 26 | H30: =[1]QC!H31 -> 2X500 | I30: =[1]QC!I31 -> 415 | J30: =[1]QC!J31 -> 6 | K30: =[1]QC!K31 -> 9 | ... N30: =[1]QC!N31 -> TES5-1 ZFI /TGES5 | O30: =[1]QC!Z31 -> 6801.3271 | P30: =[1]QC!AA31 -> 7448.399 | Q30: =[1]QC!AI31 -> 7643.3899 | R30: =[1]QC!AJ31 -> 8269.9199
A31: =[1]QC!A32 -> QC021 | B31: =[1]QC!B32 -> NT502C5 | D31: =[1]QC!D32 -> 4NES14Y,ZFI50 | E31: =[1]QC!E32 -> 48464.6 | F31: =[1]QC!F32 -> 14.2 | G31: =[1]QC!G32 -> 26 | H31: =[1]QC!H32 -> 2x500 | I31: =[1]QC!I32 -> 415 | J31: =[1]QC!J32 -> 6 | K31: =[1]QC!K32 -> 9 | ... N31: =[1]QC!N32 -> TES5-1 ZFI /TGES7.5 | O31: =[1]QC!Z32 -> 7755.1717 | P31: =[1]QC!AA32 -> 8402.2437 | Q31: =[1]QC!AI32 -> 8566.9538 | R31: =[1]QC!AJ32 -> 9193.4837
A32: =[1]QC!A33 -> QC022 | B32: =[1]QC!B33 -> NT502C6 | D32: =[1]QC!D33 -> 4HE18Y,ZFI59,ZFI68 | E32: =[1]QC!E33 -> 54608 | F32: =[1]QC!F33 -> 16 | G32: =[1]QC!G33 -> 26 | H32: =[1]QC!H33 -> 2x500 | I32: =[1]QC!I33 -> 415 | J32: =[1]QC!J33 -> 6 | K32: =[1]QC!K33 -> 9 | ... N32: =[1]QC!N33 -> TES5-2 ZFI /SCX0857/TGES7.5 | O32: =[1]QC!Z33 -> 8490.6811 | P32: =[1]QC!AA33 -> 9137.7531 | Q32: =[1]QC!AI33 -> 9279.1136 | R32: =[1]QC!AJ33 -> 9905.6436
A33: =[1]QC!A34 -> QC023 | B33: =[1]QC!B34 -> NT502C8 | D33: =[1]QC!D34 -> 4GE23Y,ZFI81 | E33: =[1]QC!E34 -> 61434 | F33: =[1]QC!F34 -> 18 | G33: =[1]QC!G34 -> 26 | H33: =[1]QC!H34 -> 2x500 | I33: =[1]QC!I34 -> 415 | J33: =[1]QC!J34 -> 6 | K33: =[1]QC!K34 -> 9 | ... N33: =[1]QC!N34 -> TES5-3 /SCX0957/TGES9,TES5-2 ZFI | O33: =[1]QC!Z34 -> 10380.074 | P33: =[1]QC!AA34 -> 11080.509 | Q33: =[1]QC!AI34 -> 11108.526 | R33: =[1]QC!AJ34 -> 11786.725
A34: =[1]QC!A35 -> QC023.1 | B34: =[1]QC!B35 -> NT503C5 | D34: =[1]QC!D35 -> 4FE25Y / 4GE23Y,ZFI81 | E34: =[1]QC!E35 -> 72000 | F34: =[1]QC!F35 -> 21.09581 | G34: =[1]QC!G35 -> 26 | H34: =[1]QC!H35 -> 3X500 | I34: =[1]QC!I35 -> 415 | J34: =[1]QC!J35 -> 6 | K34: =[1]QC!K35 -> 14.4 | ... N34: =[1]QC!N35 -> TES5-4 /SCX0957/TGES11,TES5-3 ZFI | O34: =[1]QC!Z35 -> 11280.25 | P34: =[1]QC!AA35 -> 11980.685 | Q34: =[1]QC!AI35 -> 12577.764 | R34: =[1]QC!AJ35 -> 13255.963
A35: =[1]QC!A36 -> QC024 | B35: =[1]QC!B36 -> NT503C6 | D35: =[1]QC!D36 -> S6H-20.2Y / 6HE28Y,ZFI81 | E35: =[1]QC!E36 -> 81912 | F35: =[1]QC!F36 -> 24 | G35: =[1]QC!G36 -> 26 | H35: =[1]QC!H36 -> 3x500 | I35: =[1]QC!I36 -> 415 | J35: =[1]QC!J36 -> 6 | K35: =[1]QC!K36 -> 14.4 | ... N35: =[1]QC!N36 -> TES5-4/ TGES13 | O35: =[1]QC!Z36 -> 12346.311 | P35: =[1]QC!AA36 -> 13248.491 | Q35: =[1]QC!AI36 -> 13609.983 | R35: =[1]QC!AJ36 -> 14483.522
A36: =[1]QC!A37 -> QC025 | B36: =[1]QC!B37 -> NT503C8 | D36: =[1]QC!D37 -> 6GE34Y,ZFI96 | E36: =[1]QC!E37 -> 93857.5 | F36: =[1]QC!F37 -> 27.5 | G36: =[1]QC!G37 -> 26 | H36: =[1]QC!H37 -> 3x500 | I36: =[1]QC!I37 -> 415 | J36: =[1]QC!J37 -> 6 | K36: =[1]QC!K37 -> 14.4 | ... N36: =[1]QC!N37 -> TES12-5 ZFI/ TGES13 | O36: =[1]QC!Z37 -> 14977.313 | P36: =[1]QC!AA37 -> 15990.787 | Q36: =[1]QC!AI37 -> 16157.46 | R36: =[1]QC!AJ37 -> 17138.76
A37: =[1]QC!A38 -> QC025.1 | B37: =[1]QC!B38 -> NT504C6 | D37: =[1]QC!D38 -> 6GE34Y,ZFI122 | E37: =[1]QC!E38 -> 115000 | F37: =[1]QC!F38 -> 33.694697 | G37: =[1]QC!G38 -> 30 | H37: =[1]QC!H38 -> 4x500 | I37: =[1]QC!I38 -> 415 | J37: =[1]QC!J38 -> 6 | K37: =[1]QC!K38 -> 16.2 | ... N37: =[1]QC!N38 -> TES12-5 ZFI/ TGES13 | O37: =[1]QC!Z38 -> 15929.938 | P37: =[1]QC!AA38 -> 16943.412 | Q37: =[1]QC!AI38 -> 17681.904 | R37: =[1]QC!AJ38 -> 18663.205
A38: =[1]QC!A39 -> QC026 | B38: =[1]QC!B39 -> NT504C8 | D38: =[1]QC!D39 -> 6FE44Y/S6F-30.2,ZFI140 | E38: =[1]QC!E39 -> 122868 | F38: =[1]QC!F39 -> 36 | G38: =[1]QC!G39 -> 30 | H38: =[1]QC!H39 -> 4x500 | I38: =[1]QC!I39 -> 415 | J38: =[1]QC!J39 -> 6 | K38: =[1]QC!K39 -> 16.2 | ... N38: =[1]QC!N39 -> TES12-6 ZFI/ TGES18 | O38: =[1]QC!Z39 -> 19396.468 | P38: =[1]QC!AA39 -> 20409.942 | Q38: =[1]QC!AI39 -> 21038.386 | R38: =[1]QC!AJ39 -> 22019.686
A39: =[1]QC!A40 -> QC001 | B39: =[1]QC!B40 -> CL301C4H | C39: CHILLER +15'C ~ 0'C ( 6mm Fin Spacing) Unit blower with EBM / AXIAL FAN SETS W/O HEATER | D39: =[1]QC!D40 -> MT18,KCJ484 | E39: =[1]QC!E40 -> 10900 | F39: =[1]QC!F40 -> 3.1936713 | G39: =[1]QC!G40 -> 9 | H39: =[1]QC!H40 -> 1x300 | I39: =[1]QC!I40 -> 230 | K39: =[1]QC!K40 -> ~ | L39: =[1]QC!L40 -> 0.875 | M39: =[1]QC!M40 -> 1 / RCX1234 | N39: =[1]QC!N40 -> 1 / RCX0834 | O39: =[1]QC!Z40 -> 1275.5102 | P39: =[1]QC!AA40 -> 1461.023 | Q39: =[1]QC!AI40 -> ~ | R39: =[1]QC!AJ40 -> ~
A40: =[1]QC!A41 -> QC002 | B40: =[1]QC!B41 -> CL302C3H | D40: =[1]QC!D41 -> MT22,CS11,zb15 | E40: =[1]QC!E41 -> 14600 | F40: =[1]QC!F41 -> 4.2777615 | G40: =[1]QC!G41 -> 9 | H40: =[1]QC!H41 -> 2x300 | I40: =[1]QC!I41 -> 230 | K40: =[1]QC!K41 -> ~ | L40: =[1]QC!L41 -> 0.875 | M40: =[1]QC!M41 -> 1 / RCX1234 | N40: =[1]QC!N41 -> 2 / RCX1034 | O40: =[1]QC!Z41 -> 1748.5119 | P40: =[1]QC!AA41 -> 1917.7143 | Q40: =[1]QC!AI41 -> ~ | R40: =[1]QC!AJ41 -> ~
A41: =[1]QC!A42 -> QC003 | B41: =[1]QC!B42 -> CL302C4H | D41: =[1]QC!D42 -> MT32,ZB19,CS13 | E41: =[1]QC!E42 -> 18300 | F41: =[1]QC!F42 -> 5.3618517 | G41: =[1]QC!G42 -> 9 | H41: =[1]QC!H42 -> 2x300 | I41: =[1]QC!I42 -> 230 | K41: =[1]QC!K42 -> ~ | L41: =[1]QC!L42 -> 0.875 | M41: =[1]QC!M42 -> 2 / RCX1634 | N41: =[1]QC!N42 -> 3 / RCX1534 | O41: =[1]QC!Z42 -> 1923.8946 | P41: =[1]QC!AA42 -> 2087.0493 | Q41: =[1]QC!AI42 -> ~ | R41: =[1]QC!AJ42 -> ~
A42: =[1]QC!A43 -> QC004 | B42: =[1]QC!B43 -> CL302C6H | D42: =[1]QC!D43 -> MT40,ZB21,CS20 | E42: =[1]QC!E43 -> 25800 | F42: =[1]QC!F43 -> 7.559332 | G42: =[1]QC!G43 -> 8 | H42: =[1]QC!H43 -> 2x300 | I42: =[1]QC!I43 -> 230 | K42: =[1]QC!K43 -> ~ | L42: =[1]QC!L43 -> 1.125 | M42: =[1]QC!M43 -> 2 / RCX1634 | N42: =[1]QC!N43 -> 3 / RCX1534 | O42: =[1]QC!Z43 -> 2335.7781 | P42: =[1]QC!AA43 -> 2484.7299 | Q42: =[1]QC!AI43 -> ~ | R42: =[1]QC!AJ43 -> ~
A43: =[1]QC!A44 -> QC005 | B43: =[1]QC!B44 -> CL303C4H | D43: =[1]QC!D44 -> MT50,ZB29,CS27 | E43: =[1]QC!E44 -> 30400 | F43: =[1]QC!F44 -> 8.9071198 | G43: =[1]QC!G44 -> 9 | H43: =[1]QC!H44 -> 3x300 | I43: =[1]QC!I44 -> 230 | K43: =[1]QC!K44 -> ~ | L43: =[1]QC!L44 -> 1.125 | M43: =[1]QC!M44 -> 3 / RCX2434 | N43: =[1]QC!N44 -> 4 / RCX2034 | O43: =[1]QC!Z44 -> 2593.5374 | P43: =[1]QC!AA44 -> 2733.601 | Q43: =[1]QC!AI44 -> ~ | R43: =[1]QC!AJ44 -> ~
A44: =[1]QC!A45 -> QC006 | B44: =[1]QC!B45 -> CL303C6H | D44: =[1]QC!D45 -> MT64,ZB38,CS33 | E44: =[1]QC!E45 -> 44800 | F44: =[1]QC!F45 -> 13.126282 | G44: =[1]QC!G45 -> 9 | H44: =[1]QC!H45 -> 3x300 | I44: =[1]QC!I45 -> 230 | K44: =[1]QC!K45 -> ~ | L44: =[1]QC!L45 -> 1.125 | M44: =[1]QC!M45 -> 4 / RCX3134 | N44: =[1]QC!N45 -> 5 / RCX3034 | O44: =[1]QC!Z45 -> 3095.7696 | P44: =[1]QC!AA45 -> 3218.5148 | Q44: =[1]QC!AI45 -> ~ | R44: =[1]QC!AJ45 -> ~
A45: =[1]QC!A46 -> QC006.1 | B45: =[1]QC!B46 -> CL304C6H | D45: =[1]QC!D46 -> MT80,ZB45,CR72 | E45: =[1]QC!E46 -> 63600 | F45: =[1]QC!F46 -> 18.634632 | G45: =[1]QC!G46 -> 9 | H45: =[1]QC!H46 -> 4x300 | I45: =[1]QC!I46 -> 230 | K45: =[1]QC!K46 -> ~ | L45: =[1]QC!L46 -> 1.125 | M45: =[1]QC!M46 -> 5 / RCX4734 | N45: =[1]QC!N46 -> 6 / SCX0445 | O45: =[1]QC!Z46 -> 4041.773 | P45: =[1]QC!AA46 -> 4131.8974 | Q45: =[1]QC!AI46 -> ~ | R45: =[1]QC!AJ46 -> ~
A46: =[1]QC!A47 -> QC007 | B46: =[1]QC!B47 -> CL401C3H | D46: =[1]QC!D47 -> MT22,CS11,zb15 | E46: =[1]QC!E47 -> 10900 | F46: =[1]QC!F47 -> 3.1936713 | G46: =[1]QC!G47 -> 12 | H46: =[1]QC!H47 -> 1x400 | I46: =[1]QC!I47 -> 230 | K46: =[1]QC!K47 -> ~ | L46: =[1]QC!L47 -> 0.875 | M46: =[1]QC!M47 -> 1 / RCX1234 | N46: =[1]QC!N47 -> 1 / RCX0834 | O46: =[1]QC!Z47 -> 1541.2415 | P46: =[1]QC!AA47 -> 1717.5912 | Q46: =[1]QC!AI47 -> 2132.9124 | R46: =[1]QC!AJ47 -> 2362.4083
A47: =[1]QC!A48 -> QC008 | B47: =[1]QC!B48 -> CL401C4H | D47: =[1]QC!D48 -> MT32,ZB19,CS13 | E47: =[1]QC!E48 -> 14600 | F47: =[1]QC!F48 -> 4.2777615 | G47: =[1]QC!G48 -> 12 | H47: =[1]QC!H48 -> 1x400 | I47: =[1]QC!I48 -> 230 | K47: =[1]QC!K48 -> ~ | L47: =[1]QC!L48 -> 0.875 | M47: =[1]QC!M48 -> 1 / RCX1234 | N47: =[1]QC!N48 -> 2 / RCX1034 | O47: =[1]QC!Z48 -> 1832.2173 | P47: =[1]QC!AA48 -> 1998.5333 | Q47: =[1]QC!AI48 -> 2413.8545 | R47: =[1]QC!AJ48 -> 2643.3505
A48: =[1]QC!A49 -> QC009 | B48: =[1]QC!B49 -> CL401C5H | D48: =[1]QC!D49 -> MT36,ZB21,CS17 | E48: =[1]QC!E49 -> 18300 | F48: =[1]QC!F49 -> 5.3618517 | G48: =[1]QC!G49 -> 12 | H48: =[1]QC!H49 -> 1x400 | I48: =[1]QC!I49 -> 230 | K48: =[1]QC!K49 -> ~ | L48: =[1]QC!L49 -> 0.875 | M48: =[1]QC!M49 -> 2 / RCX1634 | N48: =[1]QC!N49 -> 3 / RCX1534 | O48: =[1]QC!Z49 -> 1946.4817 | P48: =[1]QC!AA49 -> 2108.8576 | Q48: =[1]QC!AI49 -> 2524.1788 | R48: =[1]QC!AJ49 -> 2753.6748
A49: =[1]QC!A50 -> QC010 | B49: =[1]QC!B50 -> CL401C6H | D49: =[1]QC!D50 -> MT40,ZB21,CS20,CS24 | E49: =[1]QC!E50 -> 25800 | F49: =[1]QC!F50 -> 7.559332 | G49: =[1]QC!G50 -> 12 | H49: =[1]QC!H50 -> 1x400 | I49: =[1]QC!I50 -> 230 | K49: =[1]QC!K50 -> ~ | L49: =[1]QC!L50 -> 0.875 | M49: =[1]QC!M50 -> 3 / RCX2434 | N49: =[1]QC!N50 -> 3 / RCX1534 | O49: =[1]QC!Z50 -> 2043.4736 | P49: =[1]QC!AA50 -> 2202.505 | Q49: =[1]QC!AI50 -> 2617.8262 | R49: =[1]QC!AJ50 -> 2847.3221
A50: =[1]QC!A51 -> QC010.1 | B50: =[1]QC!B51 -> CL402C3H | D50: =[1]QC!D51 -> MT44,ZB29,CS24,CS27,cr42 | E50: =[1]QC!E51 -> 27645.3 | F50: =[1]QC!F51 -> 8.1 | G50: =[1]QC!G51 -> 14 | H50: =[1]QC!H51 -> 2x400 | I50: =[1]QC!I51 -> 415 | K50: =[1]QC!K51 -> ~ | L50: =[1]QC!L51 -> 1.125 | M50: =[1]QC!M51 -> 3 / RCX2434 | N50: =[1]QC!N51 -> 3 / RCX1534 | O50: =[1]QC!Z51 -> 2481.9303 | P50: =[1]QC!AA51 -> 2625.8424 | Q50: =[1]QC!AI51 -> 3644.6015 | R50: =[1]QC!AJ51 -> 3874.0974
A51: =[1]QC!A52 -> QC011 | B51: =[1]QC!B52 -> CL402C4H | D51: =[1]QC!D52 -> MT50,ZB29,CS27,cr47 | E51: =[1]QC!E52 -> 30400 | F51: =[1]QC!F52 -> 8.9071198 | G51: =[1]QC!G52 -> 14 | H51: =[1]QC!H52 -> 2x400 | I51: =[1]QC!I52 -> 415 | K51: =[1]QC!K52 -> ~ | L51: =[1]QC!L52 -> 1.125 | M51: =[1]QC!M52 -> 3 / RCX2434 | N51: =[1]QC!N52 -> 3 / RCX2034 | O51: =[1]QC!Z52 -> 2804.7938 | P51: =[1]QC!AA52 -> 2937.5727 | Q51: =[1]QC!AI52 -> 3956.3318 | R51: =[1]QC!AJ52 -> 4185.8277
... A57: =[1]QC!A58 -> QC016 | B57: =[1]QC!B58 -> CL404C6H | D57: =[1]QC!D58 -> MT144/4VES10Y,ZB95 | E57: =[1]QC!E58 -> 93400 | F57: =[1]QC!F58 -> 27.365954 | G57: =[1]QC!G58 -> 16 | H57: =[1]QC!H58 -> 4x400 | I57: =[1]QC!I58 -> 415 | K57: =[1]QC!K58 -> ~ | L57: =[1]QC!L58 -> 1.375 | M57: =[1]QC!M58 -> TEX5-2 / TCLE7.5HW / SCX0845 | N57: =[1]QC!N58 -> TES5-2 / SCX0857/TGES7.5 | O57: =[1]QC!Z58 -> 6413.4247 | P57: =[1]QC!AA58 -> 6732.7242 | Q57: =[1]QC!AI58 -> 8647.4029 | R57: =[1]QC!AJ58 -> 9187.855
A58: =[1]QC!A60 -> QC018 | B58: =[1]QC!B60 -> NT501C6H | D58: =[1]QC!D60 -> MT100,ZB58 | E58: =[1]QC!E60 -> 66000 | F58: =[1]QC!F60 -> 19.337826 | G58: =[1]QC!G60 -> 26 | H58: =[1]QC!H60 -> 1X500 | I58: =[1]QC!I60 -> 415 | K58: =[1]QC!K60 -> ~ | L58: =[1]QC!L60 -> 1.125 | M58: =[1]QC!M60 -> 6 / TCLE5HW / SCX0645 | N58: =[1]QC!N60 -> 6 | O58: =[1]QC!Z60 -> 4505.7572 | P58: =[1]QC!AA60 -> 5019.6296 | Q58: =[1]QC!AI60 -> 5116.2528 | R58: =[1]QC!AJ60 -> 5613.8118
A59: =[1]QC!A61 -> QC019 | B59: =[1]QC!B61 -> NT501C8H | D59: =[1]QC!D61 -> MT125,ZB76 | E59: =[1]QC!E61 -> 82100 | F59: =[1]QC!F61 -> 24.055084 | G59: =[1]QC!G61 -> 26 | H59: =[1]QC!H61 -> 1X500 | I59: =[1]QC!I61 -> 415 | K59: =[1]QC!K61 -> ~ | L59: =[1]QC!L61 -> 1.375 | M59: =[1]QC!M61 -> TEX5-1 / TCLE5HW / SCX0645 | N59: =[1]QC!N61 -> TES5-2 /TGES7.5 | O59: =[1]QC!Z61 -> 5342.5059 | P59: =[1]QC!AA61 -> 5856.3783 | Q59: =[1]QC!AI61 -> 5926.438 | R59: =[1]QC!AJ61 -> 6423.997
A60: =[1]QC!A62 -> QC020 | B60: =[1]QC!B62 -> NT502C4H | D60: =[1]QC!D62 -> MT160/4VES10Y | E60: =[1]QC!E62 -> 90800 | F60: =[1]QC!F62 -> 26.604161 | G60: =[1]QC!G62 -> 26 | H60: =[1]QC!H62 -> 2X500 | I60: =[1]QC!I62 -> 415 | K60: =[1]QC!K62 -> ~ | L60: =[1]QC!L62 -> 1.375 | M60: =[1]QC!M62 -> TEX5-2 / TCLE7.5HW / SCX0845 | N60: =[1]QC!N62 -> TES5-3 / SCX0857/TGES9 | O60: =[1]QC!Z62 -> 6376.854 | P60: =[1]QC!AA62 -> 6890.7264 | Q60: =[1]QC!AI62 -> 7643.3899 | R60: =[1]QC!AJ62 -> 8140.9489
A61: =[1]QC!A63 -> QC021 | B61: =[1]QC!B63 -> NT502C5H | D61: =[1]QC!D63 -> 4TES12Y,ZB95 | E61: =[1]QC!E63 -> 106500 | F61: =[1]QC!F63 -> 31.204219 | G61: =[1]QC!G63 -> 26 | H61: =[1]QC!H63 -> 2x500 | I61: =[1]QC!I63 -> 415 | K61: =[1]QC!K63 -> ~ | L61: =[1]QC!L63 -> 1.375 | M61: =[1]QC!M63 -> TEX5-2 / TCLE7.5HW / SCX0845 | N61: =[1]QC!N63 -> TES5-3 / SCX0857/TGES9 | O61: =[1]QC!Z63 -> 7330.6987 | P61: =[1]QC!AA63 -> 7844.5711 | Q61: =[1]QC!AI63 -> 8566.9538 | R61: =[1]QC!AJ63 -> 9064.5128
A62: =[1]QC!A64 -> QC022 | B62: =[1]QC!B64 -> NT502C6H | D62: =[1]QC!D64 -> 4PES15Y,ZB114 | E62: =[1]QC!E64 -> 120000 | F62: =[1]QC!F64 -> 35.159684 | G62: =[1]QC!G64 -> 26 | H62: =[1]QC!H64 -> 2x500 | I62: =[1]QC!I64 -> 415 | K62: =[1]QC!K64 -> ~ | L62: =[1]QC!L64 -> 1.375 | M62: =[1]QC!M64 -> TEX5-3 / TCLE10HW / SCX1057 | N62: =[1]QC!N64 -> TES5-4 / SCX0957/TGES11 | O62: =[1]QC!Z64 -> 8066.208 | P62: =[1]QC!AA64 -> 8580.0805 | Q62: =[1]QC!AI64 -> 9279.1136 | R62: =[1]QC!AJ64 -> 9776.6726
A63: =[1]QC!A65 -> QC023 | B63: =[1]QC!B65 -> NT502C8H | D63: =[1]QC!D65 -> 4NES20Y,ZB130 | E63: =[1]QC!E65 -> 140000 | F63: =[1]QC!F65 -> 41.019631 | G63: =[1]QC!G65 -> 26 | H63: =[1]QC!H65 -> 2x500 | I63: =[1]QC!I65 -> 415 | K63: =[1]QC!K65 -> ~ | L63: =[1]QC!L65 -> 1.625 | M63: =[1]QC!M65 -> TEX5-4 / TCLE12HW / SCX1257 | N63: =[1]QC!N65 -> TES12-5 /TGES13 | O63: =[1]QC!Z65 -> 9955.6011 | P63: =[1]QC!AA65 -> 10469.474 | Q63: =[1]QC!AI65 -> 11108.526 | R63: =[1]QC!AJ65 -> 11606.085
A64: =[1]QC!A66 -> QC023.1 | B64: =[1]QC!B66 -> NT503C5H | D64: =[1]QC!D66 -> 4JE22Y,ZB130 | E64: =[1]QC!E66 -> 150000 | F64: =[1]QC!F66 -> 43.949604 | G64: =[1]QC!G66 -> 26 | H64: =[1]QC!H66 -> 3x500 | I64: =[1]QC!I66 -> 415 | K64: =[1]QC!K66 -> ~ | L64: =[1]QC!L66 -> 1.625 | M64: =[1]QC!M66 -> TEX5-4 / TCLE12HW / SCX1257 | N64: =[1]QC!N66 -> TES12-5 /TGES13 | O64: =[1]QC!Z66 -> 10694.77 | P64: =[1]QC!AA66 -> 11208.642 | Q64: =[1]QC!AI66 -> 12577.764 | R64: =[1]QC!AJ66 -> 13075.323
A65: =[1]QC!A67 -> QC024 | B65: =[1]QC!B67 -> NT503C6H | D65: =[1]QC!D67 -> 4HE25Y,ZB190 | E65: =[1]QC!E67 -> 167000 | F65: =[1]QC!F67 -> 48.93056 | G65: =[1]QC!G67 -> 26 | H65: =[1]QC!H67 -> 3x500 | I65: =[1]QC!I67 -> 415 | K65: =[1]QC!K67 -> ~ | L65: =[1]QC!L67 -> 1.625 | M65: =[1]QC!M67 -> TEX5-4 / TJLE14HW / SCX1457 | N65: =[1]QC!N67 -> TES12-5 /TGES13 | O65: =[1]QC!Z67 -> 11760.831 | P65: =[1]QC!AA67 -> 12476.449 | Q65: =[1]QC!AI67 -> 13609.983 | R65: =[1]QC!AJ67 -> 14302.882
A66: =[1]QC!A68 -> QC025 | B66: =[1]QC!B68 -> NT503C8H | D66: =[1]QC!D68 -> 4GE30Y,ZB220 | E66: =[1]QC!E68 -> 204000 | F66: =[1]QC!F68 -> 59.771462 | G66: =[1]QC!G68 -> 26 | H66: =[1]QC!H68 -> 3x500 | I66: =[1]QC!I68 -> 415 | K66: =[1]QC!K68 -> ~ | L66: =[1]QC!L68 -> 2.125 | M66: =[1]QC!M68 -> TEX12-5 / TJLE18HW | N66: =[1]QC!N68 -> TES12-6/TGES18 | O66: =[1]QC!Z68 -> 14391.833 | P66: =[1]QC!AA68 -> 15107.45 | Q66: =[1]QC!AI68 -> 16157.46 | R66: =[1]QC!AJ68 -> 16850.36
A67: =[1]QC!A69 -> QC025.1 | B67: =[1]QC!B69 -> NT504C6H | D67: =[1]QC!D69 -> 6HE35Y | E67: =[1]QC!E69 -> 235000 | F67: =[1]QC!F69 -> 68.85438 | G67: =[1]QC!G69 -> 30 | H67: =[1]QC!H69 -> 4x500 | I67: =[1]QC!I69 -> 415 | K67: =[1]QC!K69 -> ~ | L67: =[1]QC!L69 -> 2.125 | M67: =[1]QC!M69 -> TEX12-5 / TJLE18HW | N67: =[1]QC!N69 -> TES12-6/TGES18 | O67: =[1]QC!Z69 -> 15227.361 | P67: =[1]QC!AA69 -> 15942.979 | Q67: =[1]QC!AI69 -> 17681.904 | R67: =[1]QC!AJ69 -> 18374.804
A68: =[1]QC!A70 -> QC026 | B68: =[1]QC!B70 -> NT504S8H | D68: =[1]QC!D70 -> 6GE40Y | E68: =[1]QC!E70 -> 255000 | F68: =[1]QC!F70 -> 74.714328 | G68: =[1]QC!G70 -> 30 | H68: =[1]QC!H70 -> 4x500 | I68: =[1]QC!I70 -> 415 | K68: =[1]QC!K70 -> ~ | L68: =[1]QC!L70 -> 2.125 | M68: =[1]QC!M70 -> TEX12-5 / TJLE18HW | N68: =[1]QC!N70 -> TES12-7/TGES21 | O68: =[1]QC!Z70 -> 18693.891 | P68: =[1]QC!AA70 -> 19409.509 | Q68: =[1]QC!AI70 -> 21038.386 | R68: =[1]QC!AJ70 -> 21731.285
A69: =[1]QC!A71 -> QC027 | B69: =[1]QC!B71 -> NT632T6 | C69: Blast frezzer -5'C ~-40'C (9/18mm Fin Spacing)EBM fan sets, water defrost available,hot gas defrost and heater defrost available | D69: =[1]QC!D71 -> S6H-20.2Y | E69: =[1]QC!E71 -> 53925.4 | F69: =[1]QC!F71 -> 15.8 | G69: =[1]QC!G71 -> 41 | H69: =[1]QC!H71 -> 2x630 | I69: =[1]QC!I71 -> 415 | K69: =[1]QC!K71 -> 16.2 | L69: =[1]QC!L71 -> 1.625 | M69: =[1]QC!M71 -> TEX5-3 / TCLE10HW / SCX1057 | N69: =[1]QC!N71 -> TES5-4 /SCX0957 | O69: =[1]QC!Z71 -> 12375.585 | P69: =[1]QC!AA71 -> 13076.02 | Q69: =[1]QC!AI71 -> 14411.669 | R69: =[1]QC!AJ71 -> 15089.868
A70: =[1]QC!A72 -> QC028 | B70: =[1]QC!B72 -> NT632T8 | D70: =[1]QC!D72 -> S6G-25.2Y-S6F-30.2 | E70: =[1]QC!E72 -> 64164.4 | F70: =[1]QC!F72 -> 18.8 | G70: =[1]QC!G72 -> 41 | H70: =[1]QC!H72 -> 2x630 | I70: =[1]QC!I72 -> 415 | K70: =[1]QC!K72 -> 16.2 | L70: =[1]QC!L72 -> 2.125 | M70: =[1]QC!M72 -> TEX5-4 / TCLE12HW / SCX1257 | N70: =[1]QC!N72 -> TES12-5 -60c | O70: =[1]QC!Z72 -> 14755.318 | P70: =[1]QC!AA72 -> 15899.94 | Q70: =[1]QC!AI72 -> 16658.136 | R70: =[1]QC!AJ72 -> 17766.42
A71: =[1]QC!A73 -> QC029 | B71: =[1]QC!B73 -> NT632T8L | D71: =[1]QC!D73 -> S6G-25.2Y-S6F-30.2 | E71: =[1]QC!E73 -> 70307.8 | F71: =[1]QC!F73 -> 20.6 | G71: =[1]QC!G73 -> 41 | H71: =[1]QC!H73 -> 2x630 | I71: =[1]QC!I73 -> 415 | K71: =[1]QC!K73 -> 16.2 | L71: =[1]QC!L73 -> 2.125 | M71: =[1]QC!M73 -> TEX5-4 / TCLE12HW / SCX1257 | N71: =[1]QC!N73 -> TES12-5 -60C | O71: =[1]QC!Z73 -> 17813.232 | P71: =[1]QC!AA73 -> 18957.853 | Q71: =[1]QC!AI73 -> 20463.408 | R71: =[1]QC!AJ73 -> 21571.692
A72: =[1]QC!A74 -> QC030 | B72: =[1]QC!B74 -> NT802T8 | D72: =[1]QC!D74 -> S6F-30.2Y | E72: =[1]QC!E74 -> 78157.7 | F72: =[1]QC!F74 -> 22.9 | G72: =[1]QC!G74 -> 41 | H72: =[1]QC!H74 -> 2x800 | I72: =[1]QC!I74 -> 415 | K72: =[1]QC!K74 -> 16.2 | L72: =[1]QC!L74 -> 2.125 | M72: =[1]QC!M74 -> TEX5-4 / TCLE12HW / SCX1257 | N72: =[1]QC!N74 -> TES12-5 -60c | O72: =[1]QC!Z74 -> 20802.84 | P72: =[1]QC!AA74 -> 21947.461 | Q72: =[1]QC!AI74 -> 25552.643 | R72: =[1]QC!AJ74 -> 26660.927
A73: =[1]QC!A75 -> QC031 | B73: =[1]QC!B75 -> NT802T8L | D73: =[1]QC!D75 -> S6H-20.2Y X 2 | E73: =[1]QC!E75 -> 105803 | F73: =[1]QC!F75 -> 31 | G73: =[1]QC!G75 -> 41 | H73: =[1]QC!H75 -> 2x800 | I73: =[1]QC!I75 -> 415 | K73: =[1]QC!K75 -> 16.2 | L73: =[1]QC!L75 -> 2.125 | M73: =[1]QC!M75 -> 0 | N73: =[1]QC!N75 -> 0 | O73: =[1]QC!Z75 -> 25102.459 | P73: =[1]QC!AA75 -> 26247.081 | Q73: =[1]QC!AI75 -> 30560.201 | R73: =[1]QC!AJ75 -> 31668.486
A74: =[1]QC!A76 -> QC031.1 | B74: =[1]QC!B76 -> NT803T8 | D74: =[1]QC!D76 -> S6F-30.2Y | E74: =[1]QC!E76 -> 128670.1 | F74: =[1]QC!F76 -> 37.7 | G74: =[1]QC!G76 -> 41 | H74: =[1]QC!H76 -> 3x800 | I74: =[1]QC!I76 -> 415 | K74: =[1]QC!K76 -> 24.3 | L74: =[1]QC!L76 -> 2.125 | M74: =[1]QC!M76 -> 0 | N74: =[1]QC!N76 -> 0 | O74: =[1]QC!Z76 -> 40141.979 | P74: =[1]QC!AA76 -> 41286.6 | Q74: =[1]QC!AI76 -> 48211.504 | R74: =[1]QC!AJ76 -> 49319.788
A75: =[1]QC!A77 -> QC031.2 | B75: =[1]QC!B77 -> NT633T6 | D75: =[1]QC!D77 -> S6F-30.2Y | E75: =[1]QC!E77 -> 81229.4 | F75: =[1]QC!F77 -> 23.8 | G75: =[1]QC!G77 -> 41 | H75: =[1]QC!H77 -> 3x630 | I75: =[1]QC!I77 -> 415 | K75: =[1]QC!K77 -> 24.3 | L75: =[1]QC!L77 -> 2.125 | M75: =[1]QC!M77 -> TEX5-4 / TJLE14HW / SCX1457 | N75: =[1]QC!N77 -> TES12-5 -60c | O75: =[1]QC!Z77 -> 18474.336 | P75: =[1]QC!AA77 -> 19618.958 | Q75: =[1]QC!AI77 -> 21563.101 | R75: =[1]QC!AJ77 -> 22671.386
A76: =[1]QC!A78 -> QC031.3 | B76: =[1]QC!B78 -> NT633T8 | D76: =[1]QC!D78 -> S6F-30.2Y | E76: =[1]QC!E78 -> 98635.7 | F76: =[1]QC!F78 -> 28.9 | G76: =[1]QC!G78 -> 41 | H76: =[1]QC!H78 -> 3x630 | I76: =[1]QC!I78 -> 415 | K76: =[1]QC!K78 -> 24.3 | L76: =[1]QC!L78 -> 2.125 | M76: =[1]QC!M78 -> TEX12-6 / TER 22HW | N76: =[1]QC!N78 -> TES12 -60c -7 | O76: =[1]QC!Z78 -> 22695.892 | P76: =[1]QC!AA78 -> 23840.513 | Q76: =[1]QC!AI78 -> 25539.622 | R76: =[1]QC!AJ78 -> 26647.907
A77: =[1]QC!A79 -> QC031.4 | B77: =[1]QC!B79 -> NT634T8 | D77: =[1]QC!D79 -> S6F-30.2Y X2 | E77: =[1]QC!E79 -> 0 | F77: =[1]QC!F79 -> 0 | G77: =[1]QC!G79 -> 0 | H77: =[1]QC!H79 -> 4x630 | I77: =[1]QC!I79 -> 415 | K77: =[1]QC!K79 -> 0 | L77: =[1]QC!L79 -> 0 | M77: =[1]QC!M79 -> 0 | N77: =[1]QC!N79 -> TES12-5 -60c *2pcs | O77: =[1]QC!Z79 -> 26636.905 | P77: =[1]QC!AA79 -> 28628.291 | Q77: =[1]QC!AI79 -> 32146.449 | R77: =[1]QC!AJ79 -> 34315.399
A78: =[1]QC!A82 -> QC031.7 | B78: =[1]QC!B82 -> NF636T6W | D78: =[1]QC!D82 -> 0 | E78: =[1]QC!E82 -> 0 | F78: =[1]QC!F82 -> 46 | G78: =[1]QC!G82 -> 0 | H78: =[1]QC!H82 -> 6x630 | I78: =[1]QC!I82 -> 0 | K78: =[1]QC!K82 -> 0 | L78: =[1]QC!L82 -> 0 | M78: =[1]QC!M82 -> 0 | N78: =[1]QC!N82 -> TES12-6 -60c *2pcs | O78: =[1]QC!Z82 -> ~ | P78: =[1]QC!AA82 -> ~ | Q78: =[1]QC!AI80 -> 0 | R78: =[1]QC!AJ80 -> 0
A79: =[1]QC!A83 -> QC031.8 | B79: =[1]QC!B83 -> NF636T8W | D79: =[1]QC!D83 -> 0 | E79: =[1]QC!E83 -> 0 | F79: =[1]QC!F83 -> 56 | G79: =[1]QC!G83 -> 0 | H79: =[1]QC!H83 -> 6x630 | I79: =[1]QC!I83 -> 0 | K79: =[1]QC!K83 -> 0 | L79: =[1]QC!L83 -> 0 | M79: =[1]QC!M83 -> 0 | N79: =[1]QC!N83 -> TES12-7 -60c *2pcs | O79: =[1]QC!Z83 -> ~ | P79: =[1]QC!AA83 -> ~ | Q79: =[1]QC!AI81 -> 0 | R79: =[1]QC!AJ81 -> 0
A80: =[1]QC!A84 -> 0 | B80: =[1]QC!B84 -> NT804T8 | D80: =[1]QC!D84 -> S6F-30.2Y X2 | E80: =[1]QC!E84 -> 0 | F80: =[1]QC!F84 -> 0 | G80: =[1]QC!G84 -> 0 | H80: =[1]QC!H84 -> 4x800 | I80: =[1]QC!I84 -> 0 | K80: =[1]QC!K84 -> 0 | L80: =[1]QC!L84 -> 0 | M80: =[1]QC!M84 -> 0 | N80: =[1]QC!N84 -> TES12-5 -60c *2pcs | O80: =[1]QC!Z84 -> ~ | P80: =[1]QC!AA84 -> ~ | Q80: =[1]QC!AI82 -> 43051.875 | R80: =[1]QC!AJ82 -> 45220.825
A81: =[1]QC!A85 -> QC32 | B81: =[1]QC!B85 -> ND301C4 | C81: +0'C ~- 8'C (6mm Fin Spacing) usage for processing empty room with heater defrost c/w Axial fan sets | D81: =[1]QC!D85 -> MT22 -MT32 | E81: =[1]QC!E85 -> 15017.2 | F81: =[1]QC!F85 -> 4.4 | G81: =[1]QC!G85 -> 7 | H81: =[1]QC!H85 -> 1x300 | I81: =[1]QC!I85 -> 415 | K81: =[1]QC!K85 -> 1 | L81: =[1]QC!L85 -> ~ | M81: =[1]QC!M85 -> 2 / RCX1634 | N81: =[1]QC!N85 -> 2 / RCX1034 | O81: =[1]QC!Z85 -> 1911.4327 | P81: =[1]QC!AA85 -> 2182.3079
A82: =[1]QC!A86 -> QC33 | B82: =[1]QC!B86 -> ND302C4 | D82: =[1]QC!D86 -> MT36 - MT50 | E82: =[1]QC!E86 -> 30034.4 | F82: =[1]QC!F86 -> 8.8 | G82: =[1]QC!G86 -> 7 | H82: =[1]QC!H86 -> 2x300 | I82: =[1]QC!I86 -> 415 | K82: =[1]QC!K86 -> 1.6 | L82: =[1]QC!L86 -> ~ | M82: =[1]QC!M86 -> 3 / RCX2434 | N82: =[1]QC!N86 -> 3 / RCX1534 | O82: =[1]QC!Z86 -> 2764.5218 | P82: =[1]QC!AA86 -> 3035.397
A83: =[1]QC!A87 -> QC34 | B83: =[1]QC!B87 -> ND303C4 | D83: =[1]QC!D87 -> MT64 | E83: =[1]QC!E87 -> 42321.2 | F83: =[1]QC!F87 -> 12.4 | G83: =[1]QC!G87 -> 7 | H83: =[1]QC!H87 -> 3x300 | I83: =[1]QC!I87 -> 415 | K83: =[1]QC!K87 -> 2.4 | L83: =[1]QC!L87 -> ~ | M83: =[1]QC!M87 -> 4 / RCX3134 | N83: =[1]QC!N87 -> 4 / RCX2034 | O83: =[1]QC!Z87 -> 3553.4688 | P83: =[1]QC!AA87 -> 3824.344
A84: =[1]QC!A88 -> 0 | B84: =[1]QC!B88 -> ND304C4 | D84: =[1]QC!D88 -> MT80 | E84: =[1]QC!E88 -> 55973.2 | F84: =[1]QC!F88 -> 16.4 | G84: =[1]QC!G88 -> 7 | H84: =[1]QC!H88 -> 4x300 | I84: =[1]QC!I88 -> 415 | K84: =[1]QC!K88 -> 3 | L84: =[1]QC!L88 -> ~ | M84: =[1]QC!M88 -> 5 / RCX4734 | N84: =[1]QC!N88 -> 5 / RCX3034 | O84: =[1]QC!Z88 -> 5375.0616 | P84: =[1]QC!AA88 -> 5645.9368
A85: =[1]QC!A89 -> 0 | B85: =[1]QC!B89 -> ND305C4 | D85: =[1]QC!D89 -> MT100 | E85: =[1]QC!E89 -> 68942.6 | F85: =[1]QC!F89 -> 20.2 | G85: =[1]QC!G89 -> 7 | H85: =[1]QC!H89 -> 5x300 | I85: =[1]QC!I89 -> 415 | K85: =[1]QC!K89 -> 3.6 | L85: =[1]QC!L89 -> ~ | M85: =[1]QC!M89 -> 6 / TCLE5HW / SCX0645 | N85: =[1]QC!N89 -> 6 | O85: =[1]QC!Z89 -> 6799.0558 | P85: =[1]QC!AA89 -> 7069.9311
A86: =[1]QC!A90 -> 0 | B86: =[1]QC!B90 -> ND452C4 | C86: +0'C ~-8'C (6mm Fin Spacing) usage for processing empty room with heater defrost c/w Axial fan sets 6pole | D86: =[1]QC!D90 -> MT80 | E86: =[1]QC!E90 -> 34130 | F86: =[1]QC!F90 -> 10 | G86: =[1]QC!G90 -> 12 | H86: =[1]QC!H90 -> 2x450 | I86: =[1]QC!I90 -> 415 | K86: =[1]QC!K90 -> 7.2 | L86: =[1]QC!L90 -> ~ | M86: =[1]QC!M90 -> 0 | N86: =[1]QC!N90 -> 0 | O86: =[1]QC!Z90 -> ~ | P86: =[1]QC!AA90 -> ~
A87: =[1]QC!A91 -> 0 | B87: =[1]QC!B91 -> ND452C6 | D87: =[1]QC!D91 -> MT100 - MT125 | E87: =[1]QC!E91 -> 40273.4 | F87: =[1]QC!F91 -> 11.8 | G87: =[1]QC!G91 -> 12 | H87: =[1]QC!H91 -> 2x450 | I87: =[1]QC!I91 -> 415 | K87: =[1]QC!K91 -> 7.2 | L87: =[1]QC!L91 -> ~ | M87: =[1]QC!M91 -> 0 | N87: =[1]QC!N91 -> 0 | O87: =[1]QC!Z91 -> ~ | P87: =[1]QC!AA91 -> ~
A88: =[1]QC!A92 -> 0 | B88: =[1]QC!B92 -> ND453C4 | D88: =[1]QC!D92 -> MT144 - MT160 | E88: =[1]QC!E92 -> 50512.4 | F88: =[1]QC!F92 -> 14.8 | G88: =[1]QC!G92 -> 12 | H88: =[1]QC!H92 -> 3x450 | I88: =[1]QC!I92 -> 415 | K88: =[1]QC!K92 -> 10.8 | L88: =[1]QC!L92 -> ~ | M88: =[1]QC!M92 -> 0 | N88: =[1]QC!N92 -> 0 | O88: =[1]QC!Z92 -> ~ | P88: =[1]QC!AA92 -> ~
A89: =[1]QC!A93 -> 0 | B89: =[1]QC!B93 -> ND453C6 | D89: =[1]QC!D93 -> 4PCS-15.2 | E89: =[1]QC!E93 -> 66212.2 | F89: =[1]QC!F93 -> 19.4 | G89: =[1]QC!G93 -> 12 | H89: =[1]QC!H93 -> 3x450 | I89: =[1]QC!I93 -> 415 | K89: =[1]QC!K93 -> 10.8 | L89: =[1]QC!L93 -> ~ | M89: =[1]QC!M93 -> 0 | N89: =[1]QC!N93 -> 0 | O89: =[1]QC!Z93 -> ~ | P89: =[1]QC!AA93 -> ~
A90: =[1]QC!A94 -> 0 | B90: =[1]QC!B94 -> ND454C6 | D90: =[1]QC!D94 -> 4NCS-20.2 | E90: =[1]QC!E94 -> 84642.4 | F90: =[1]QC!F94 -> 24.8 | G90: =[1]QC!G94 -> 12 | H90: =[1]QC!H94 -> 4x450 | I90: =[1]QC!I94 -> 415 | K90: =[1]QC!K94 -> 14.4 | L90: =[1]QC!L94 -> ~ | M90: =[1]QC!M94 -> 0 | N90: =[1]QC!N94 -> 0 | O90: =[1]QC!Z94 -> ~ | P90: =[1]QC!AA94 -> ~
A91: =[1]QC!A95 -> QC066 | B91: =[1]QC!B95 -> CAE301C5N | C91: FREEZER - 5'C ~ - 25'C ( 6mm Fin Spacing) Unit blower with AXIAL FAN SETS | D91: =[1]QC!D95 -> MT18-MT22 | E91: =[1]QC!E95 -> 4095.6 | F91: =[1]QC!F95 -> 1.2 | G91: =[1]QC!G95 -> 8 | H91: =[1]QC!H95 -> 1x300 | I91: =[1]QC!I95 -> 230 | K91: =[1]QC!K95 -> 1 | L91: =[1]QC!L95 -> ~ | M91: =[1]QC!M95 -> 0 / RCX0834 | N91: =[1]QC!N95 -> 1 / RCX0834 | O91: =[1]QC!Z95 -> 1205.0914 | P91: =[1]QC!AA95 -> 1465.6645
A92: =[1]QC!A96 -> QC067 | B92: =[1]QC!B96 -> CAE301C6N | D92: =[1]QC!D96 -> MT32 | E92: =[1]QC!E96 -> 5802.1 | F92: =[1]QC!F96 -> 1.7 | G92: =[1]QC!G96 -> 8 | H92: =[1]QC!H96 -> 1x300 | I92: =[1]QC!I96 -> 230 | K92: =[1]QC!K96 -> 1.5 | L92: =[1]QC!L96 -> ~ | M92: =[1]QC!M96 -> 1 / RCX1234 | N92: =[1]QC!N96 -> 1 / RCX0834 | O92: =[1]QC!Z96 -> 1359.2156 | P92: =[1]QC!AA96 -> 1614.4741
A93: =[1]QC!A97 -> QC068 | B93: =[1]QC!B97 -> CAE302C4N | D93: =[1]QC!D97 -> MT36 | E93: =[1]QC!E97 -> 7508.6 | F93: =[1]QC!F97 -> 2.2 | G93: =[1]QC!G97 -> 10 | H93: =[1]QC!H97 -> 2x300 | I93: =[1]QC!I97 -> 230 | K93: =[1]QC!K97 -> 2 | L93: =[1]QC!L97 -> ~ | M93: =[1]QC!M97 -> 1 / RCX1234 | N93: =[1]QC!N97 -> 2 / RCX1034 | O93: =[1]QC!Z97 -> 1795.0149 | P93: =[1]QC!AA97 -> 2035.2458
A94: =[1]QC!A98 -> QC069 | B94: =[1]QC!B98 -> CAE302C5N | D94: =[1]QC!D98 -> MT40 | E94: =[1]QC!E98 -> 8873.8 | F94: =[1]QC!F98 -> 2.6 | G94: =[1]QC!G98 -> 9 | H94: =[1]QC!H98 -> 2x300 | I94: =[1]QC!I98 -> 230 | K94: =[1]QC!K98 -> 2 | L94: =[1]QC!L98 -> ~ | M94: =[1]QC!M98 -> 2 / RCX1634 | N94: =[1]QC!N98 -> 3 / RCX1534 | O94: =[1]QC!Z98 -> 1954.4537 | P94: =[1]QC!AA98 -> 2189.1867
A95: =[1]QC!A99 -> QC070 | B95: =[1]QC!B99 -> CAE302C6N | D95: =[1]QC!D99 -> MT50-MT64 | E95: =[1]QC!E99 -> 10580.3 | F95: =[1]QC!F99 -> 3.1 | G95: =[1]QC!G99 -> 9 | H95: =[1]QC!H99 -> 2x300 | I95: =[1]QC!I99 -> 230 | K95: =[1]QC!K99 -> 3 | L95: =[1]QC!L99 -> ~ | M95: =[1]QC!M99 -> 2 / RCX1634 | N95: =[1]QC!N99 -> 3 / RCX1534 | O95: =[1]QC!Z99 -> 2281.3031 | P95: =[1]QC!AA99 -> 2504.7655
A96: =[1]QC!A100 -> QC071 | B96: =[1]QC!B100 -> CAE303C5N | D96: =[1]QC!D100 -> MT64 | E96: =[1]QC!E100 -> 12286.8 | F96: =[1]QC!F100 -> 3.6 | G96: =[1]QC!G100 -> 11 | H96: =[1]QC!H100 -> 3x300 | I96: =[1]QC!I100 -> 230 | K96: =[1]QC!K100 -> 3 | L96: =[1]QC!L100 -> ~ | M96: =[1]QC!M100 -> 3 / RCX2434 | N96: =[1]QC!N100 -> 4 / RCX2034 | O96: =[1]QC!Z100 -> 2767.5914 | P96: =[1]QC!AA100 -> 2974.2852
A97: =[1]QC!A101 -> QC072 | B97: =[1]QC!B101 -> CAE303C6N | D97: =[1]QC!D101 -> MT80 | E97: =[1]QC!E101 -> 16723.7 | F97: =[1]QC!F101 -> 4.9 | G97: =[1]QC!G101 -> 10 | H97: =[1]QC!H101 -> 3x300 | I97: =[1]QC!I101 -> 230 | K97: =[1]QC!K101 -> 4.5 | L97: =[1]QC!L101 -> ~ | M97: =[1]QC!M101 -> 4 / RCX3134 | N97: =[1]QC!N101 -> 5 / RCX3034 | O97: =[1]QC!Z101 -> 3239.2645 | P97: =[1]QC!AA101 -> 3429.6937
A98: =[1]QC!A102 -> QC073 | B98: =[1]QC!B102 -> CAE304C6N | D98: =[1]QC!D102 -> MT100 | E98: =[1]QC!E102 -> 18771.5 | F98: =[1]QC!F102 -> 5.5 | G98: =[1]QC!G102 -> 10 | H98: =[1]QC!H102 -> 4x300 | I98: =[1]QC!I102 -> 230 | K98: =[1]QC!K102 -> 0 | L98: =[1]QC!L102 -> 0 | M98: =[1]QC!M102 -> 5 / RCX4734 | N98: =[1]QC!N102 -> 6 / RCX3034 | O98: =[1]QC!Z102 -> 3979.3261 | P98: =[1]QC!AA102 -> 4144.236
A100: =[1]QC!A104 -> ITEM CODE | B100: =[1]QC!B104 -> SPEC | C100: =[1]QC!E104 -> RM
A101: =[1]QC!A105 -> QC074 | B101: =[1]QC!B105 -> CL-LB-630(127)-301-401 DP HEATER | C101: =[1]QC!E105 -> 89.285714
A102: =[1]QC!A106 -> QC075 | B102: =[1]QC!B106 -> CL-LB-990(127)-302 DP HEATER | C102: =[1]QC!E106 -> 122.3545
A103: =[1]QC!A107 -> QC076 | B103: =[1]QC!B107 -> CL-LB-1410(127)-303 DP HEATER | C103: =[1]QC!E107 -> 165.34392
A104: =[1]QC!A108 -> QC077 | B104: =[1]QC!B108 -> CL-LB-2070(127)-304-404 DP HEATER | C104: =[1]QC!E108 -> 221.56085
A105: =[1]QC!A109 -> QC078 | B105: =[1]QC!B109 -> CL-L-680(127)-301-401 COIL HEATER | C105: =[1]QC!E109 -> 82.671958
A106: =[1]QC!A110 -> QC079 | B106: =[1]QC!B110 -> CL-L-1065(127)-302 COIL HEATER | C106: =[1]QC!E110 -> 115.74074
A107: =[1]QC!A111 -> QC080 | B107: =[1]QC!B111 -> CL-L-1460(127)-303 COIL HEATER | C107: =[1]QC!E111 -> 158.73016
A108: =[1]QC!A112 -> QC081 | B108: =[1]QC!B112 -> CL-L-2120(127)-304-404 COIL HEATER | C108: =[1]QC!E112 -> 214.94709
A109: =[1]QC!A113 -> QC082 | B109: =[1]QC!B113 -> CL-LB-1170(127)-402 DP HEATER | C109: =[1]QC!E113 -> 135.58201
A110: =[1]QC!A114 -> QC083 | B110: =[1]QC!B114 -> CL-LB-1710(127)-403 DP HEATER | C110: =[1]QC!E114 -> 188.49206
A111: =[1]QC!A115 -> QC084 | B111: =[1]QC!B115 -> CL-LB-2730(127)-405 DP HEATER | C111: =[1]QC!E115 -> 284.39153
... A134: =[1]QC!A138 -> QC107 | B134: =[1]QC!B138 -> CAE304-L-2120(127)1.8kw COIL HEATER | C134: =[1]QC!E138 -> 205.02646
A136: Orifice no | B136: TX,TS rated capacity in ton
B137: R22 | C137: R404A,507 | D137: R407C
A138: 0 | B138: 0.51 | C138: 0.37 | D138: 0.53
...

Sheet Switch board
A1: WELLER AIR-COND PARTS ENTERPRISE SDN BHD (613386-K)
A3: ='Small comp'!A3 -> DATE :5.5.26
A8: ='[1]Switch board'!$A8 -> ITEM CODE | B8: ='[1]Switch board'!$B8 -> MODEL | C8: DESCRIPTION | D8: ( KW,HP,AMP) | E8: Packing per ctn | F8: ='[1]Switch board'!$K$8 -> RM | G8: Picture
A9: ='[1]Switch board'!$A9 -> SW001 | B9: ='[1]Switch board'!$B9 -> LC1N06 | C9: ORIGINAL SCNEIDER CONTACTOR | D9: 2.5 , 3 , 6 | E9: 36 | F9: ='[1]Switch board'!K9 -> 27.989252
A10: ='[1]Switch board'!$A10 -> SW002 | B10: ='[1]Switch board'!$B10 -> LC1N09 | D10: 4 , 5.5 , 9 | E10: 36 | F10: ='[1]Switch board'!K10 -> 34.831069
A11: ='[1]Switch board'!$A11 -> SW003 | B11: ='[1]Switch board'!$B11 -> LC1N12 | D11: 5.5 , 7.5 , 12 | E11: 36 | F11: ='[1]Switch board'!K11 -> 37.940986
A12: ='[1]Switch board'!$A12 -> SW004 | B12: ='[1]Switch board'!$B12 -> LC1N18 | D12: 7.5 , 10 , 18 | E12: 36 | F12: ='[1]Switch board'!K12 -> 47.270737
A13: ='[1]Switch board'!$A13 -> SW005 | B13: ='[1]Switch board'!$B13 -> LC1N25 | D13: 11 , 15 , 22 | E13: 36 | F13: ='[1]Switch board'!K13 -> 52.246604
A14: ='[1]Switch board'!$A14 -> SW006 | B14: ='[1]Switch board'!$B14 -> LC1N32 | D14: 15 , 20 , 32 | E14: 36 | F14: ='[1]Switch board'!K14 -> 66.552222
A15: ='[1]Switch board'!$A15 -> SW007 | B15: ='[1]Switch board'!$B15 -> LC1N38 | D15: 16 , 20 , 38 | E15: 34 | F15: ='[1]Switch board'!K15 -> 103.24924
A16: ='[1]Switch board'!$A16 -> SW008 | B16: ='[1]Switch board'!$B16 -> LC1E40 | D16: 18 , 25 , 40 | E16: 34 | F16: ='[1]Switch board'!K16 -> 126.88461
A17: ='[1]Switch board'!$A17 -> SW009 | B17: ='[1]Switch board'!$B17 -> LC1N50 | D17: 25 , 30 , 50 | E17: 34 | F17: ='[1]Switch board'!K17 -> 157.98378
A18: ='[1]Switch board'!$A18 -> SW010 | B18: ='[1]Switch board'!$B18 -> LC1N65 | D18: 30 , 35 , 65 | E18: 34 | F18: ='[1]Switch board'!K18 -> 199.03468
A19: ='[1]Switch board'!$A19 -> SW010.1 | B19: ='[1]Switch board'!$B19 -> LC1N80 | F19: ='[1]Switch board'!K19 -> 248.79335
A20: ='[1]Switch board'!$A20 -> SW010.2 | B20: ='[1]Switch board'!$B20 -> LC1N95 | F20: ='[1]Switch board'!K20 -> 342.09086
A21: ='[1]Switch board'!$A21 -> SW010.3 | B21: ='[1]Switch board'!$B21 -> LC1N120 | F21: ='[1]Switch board'!K21 -> 522.46604
A22: ='[1]Switch board'!$A22 -> SW011 | B22: ='[1]Switch board'!$B22 -> LRE05 (0.6-1) | C22: ORIGINAL SCNEIDER OVERLOAD | D22: 0.6 ~ 1 amp | E22: 33 | F22: ='[1]Switch board'!K22 -> 42.916853
A23: ='[1]Switch board'!$A23 -> SW012 | B23: ='[1]Switch board'!$B23 -> LRE06 1-1.6 | D23: 1 ~ 1.6 amp | E23: 33 | F23: ='[1]Switch board'!K23 -> 42.916853
A24: ='[1]Switch board'!$A24 -> SW013 | B24: ='[1]Switch board'!$B24 -> LRE07 1.6-2.5 | D24: 1.6 ~ 2.5 amp | E24: 33 | F24: ='[1]Switch board'!K24 -> 42.916853
A25: ='[1]Switch board'!$A25 -> SW014 | B25: ='[1]Switch board'!$B25 -> LRE08 2.5-4 | D25: 2.5 ~ 4 amp | E25: 33 | F25: ='[1]Switch board'!K25 -> 42.916853
A26: ='[1]Switch board'!$A26 -> SW015 | B26: ='[1]Switch board'!$B26 -> LRE10 4-6 | D26: 4 ~ 6 amp | E26: 33 | F26: ='[1]Switch board'!K26 -> 42.916853
A27: ='[1]Switch board'!$A27 -> SW016 | B27: ='[1]Switch board'!$B27 -> LRE12 5.5-8 | D27: 5.5 ~ 8 amp | E27: 33 | F27: ='[1]Switch board'!K27 -> 42.916853
A28: ='[1]Switch board'!$A28 -> SW017 | B28: ='[1]Switch board'!$B28 -> LRE14 7-10 | D28: 7 ~ 10 amp | E28: 33 | F28: ='[1]Switch board'!K28 -> 46.02677
A29: ='[1]Switch board'!$A29 -> SW018 | B29: ='[1]Switch board'!$B29 -> LRE16 9-13 | D29: 9 ~ 13 amp | E29: 33 | F29: ='[1]Switch board'!K29 -> 47.270737
A30: ='[1]Switch board'!$A30 -> SW019 | B30: ='[1]Switch board'!$B30 -> LRE21 12-18 | D30: 12 ~ 18 amp | E30: 33 | F30: ='[1]Switch board'!K30 -> 50.380654
A31: ='[1]Switch board'!$A31 -> SW020 | B31: ='[1]Switch board'!$B31 -> LRE22 16-24 | D31: 16 ~ 24 amp | E31: 33 | F31: ='[1]Switch board'!K31 -> 55.978504
A32: ='[1]Switch board'!$A32 -> SW021 | B32: ='[1]Switch board'!$B32 -> LRE32 23-32 | D32: 23 ~ 32 amp | E32: 33 | F32: ='[1]Switch board'!K32 -> 68.418172
A33: ='[1]Switch board'!$A33 -> SW022 | B33: ='[1]Switch board'!$B33 -> LRE35 30-38 | D33: 30 ~ 38 amp | E33: 33 | F33: ='[1]Switch board'!K33 -> 123.15271
A34: ='[1]Switch board'!$A34 -> SW022.1 | B34: ='[1]Switch board'!$B34 -> LRE37-50 | D34: 37 ~ 50 amp | F34: ='[1]Switch board'!K34 -> 123.15271
A35: ='[1]Switch board'!$A35 -> SW022.2 | B35: ='[1]Switch board'!$B35 -> LRE48-65 | D35: 48 ~ 65 amp | F35: ='[1]Switch board'!K35 -> 146.78808
A36: ='[1]Switch board'!$A36 -> SW022.3 | B36: ='[1]Switch board'!$B36 -> LRE55-70 | D36: 55 ~ 70 amp | F36: ='[1]Switch board'!K36 -> 182.24113
A37: ='[1]Switch board'!$A37 -> SW023 | B37: ='[1]Switch board'!$B37 -> LC1D09 | C37: ORIGINAL NEW SERIES SCNEIDER CONTACTOR | D37: 4 , 5.5 , 9 | F37: ='[1]Switch board'!K37 -> 47.89272
A38: ='[1]Switch board'!$A38 -> SW024 | B38: ='[1]Switch board'!$B38 -> LC1D12 | D38: 5.5 , 7.5 , 12 | F38: ='[1]Switch board'!K38 -> 52.453932
A39: ='[1]Switch board'!$A39 -> SW025 | B39: ='[1]Switch board'!$B39 -> LC1D18 | D39: 7.5 , 10 , 18 | F39: ='[1]Switch board'!K39 -> 68.418172
A40: ='[1]Switch board'!$A40 -> SW026 | B40: ='[1]Switch board'!$B40 -> LC1D25 | D40: 11 , 15 , 22 | F40: ='[1]Switch board'!K40 -> 77.540595
A41: ='[1]Switch board'!$A41 -> SW027 | B41: ='[1]Switch board'!$B41 -> LC1D32 | D41: 15 , 20 , 32 | F41: ='[1]Switch board'!K41 -> 108.32877
A42: ='[1]Switch board'!$A42 -> SW028 | B42: ='[1]Switch board'!$B42 -> LC1D38 | D42: 20 ,25 , 38 | F42: ='[1]Switch board'!K42 -> 123.15271
A43: ='[1]Switch board'!$A43 -> SW029 | B43: ='[1]Switch board'!$B43 -> LC1D40 | D43: 25 ,30 , 40 | F43: ='[1]Switch board'!K43 -> 148.23937
A44: ='[1]Switch board'!$A44 -> SW029.1 | B44: ='[1]Switch board'!$B44 -> LC1D50 | D44: 30 , 40 , 50 | F44: ='[1]Switch board'!K44 -> 199.553
A45: ='[1]Switch board'!$A45 -> SW029.2 | B45: ='[1]Switch board'!$B45 -> LC1D65 | D45: 40 , 55 , 65 | F45: ='[1]Switch board'!K45 -> 250.86663
A46: ='[1]Switch board'!$A46 -> SW030 | B46: ='[1]Switch board'!$B46 -> LRD06 1-1.6 | C46: ORIGINAL NEW SERIES SCNEIDER OVERLOAD | D46: 1 ~ 1.6 amp | F46: ='[1]Switch board'!K46 -> 67.277869
A47: ='[1]Switch board'!$A47 -> SW031 | B47: ='[1]Switch board'!$B47 -> LRD07 1.6-2.5 | D47: 1.6 ~ 2.5 amp | F47: ='[1]Switch board'!K47 -> 68.418172
A48: ='[1]Switch board'!$A48 -> SW032 | B48: ='[1]Switch board'!$B48 -> LRD08 2.5-4 | D48: 2.5 ~ 4 amp | F48: ='[1]Switch board'!K48 -> 68.418172
A49: ='[1]Switch board'!$A49 -> SW033 | B49: ='[1]Switch board'!$B49 -> LRD10 4-6 | D49: 4 ~ 6 amp | F49: ='[1]Switch board'!K49 -> 68.418172
A50: ='[1]Switch board'!$A50 -> SW034 | B50: ='[1]Switch board'!$B50 -> LRD12 5.5-8 | D50: 5.5 ~ 8 amp | F50: ='[1]Switch board'!K50 -> 68.418172
A51: ='[1]Switch board'!$A51 -> SW035 | B51: ='[1]Switch board'!$B51 -> LRD14 7-10 | D51: 7 ~ 10 amp | F51: ='[1]Switch board'!K51 -> 68.418172
A52: ='[1]Switch board'!$A52 -> SW036 | B52: ='[1]Switch board'!$B52 -> LRD16 9-13 | D52: 9 ~ 13 amp | F52: ='[1]Switch board'!K52 -> 68.418172
A53: ='[1]Switch board'!$A53 -> SW036.1 | B53: ='[1]Switch board'!$B53 -> LRD18 | F53: ='[1]Switch board'!K53 -> 74.119686
A54: ='[1]Switch board'!$A54 -> SW037 | B54: ='[1]Switch board'!$B54 -> LRD21 12-18 | D54: 12 ~ 18 amp | F54: ='[1]Switch board'!K54 -> 74.119686
A55: ='[1]Switch board'!$A55 -> SW038 | B55: ='[1]Switch board'!$B55 -> LRD22 16-24 | D55: 16 ~ 24 amp | F55: ='[1]Switch board'!K55 -> 74.119686
A56: ='[1]Switch board'!$A56 -> SW039 | B56: ='[1]Switch board'!$B56 -> LRD32 23-32 | D56: 23 ~ 32 amp | F56: ='[1]Switch board'!K56 -> 79.821201
A57: ='[1]Switch board'!$A57 -> SW040 | B57: ='[1]Switch board'!$B57 -> LRD35 30-38 | D57: 30 ~ 38 amp | F57: ='[1]Switch board'!K57 -> 79.821201
A58: ='[1]Switch board'!$A58 -> SW041 | B58: ='[1]Switch board'!$B58 -> LRD340 | D58: 30 ~ 40 amp | F58: ='[1]Switch board'!K58 -> 131.13483
A59: ='[1]Switch board'!$A59 -> SW041.1 | B59: ='[1]Switch board'!$B59 -> LRD350 | D59: 37 ~ 50 amp | F59: ='[1]Switch board'!K59 -> 131.13483
A60: ='[1]Switch board'!$A60 -> SW041.2 | B60: ='[1]Switch board'!$B60 -> LRD365 | D60: 48 ~ 65 amp | F60: ='[1]Switch board'!K60 -> 153.94089
A61: ='[1]Switch board'!$A61 -> SW041.3 | B61: ='[1]Switch board'!$B61 -> SC-0 | C61: SW-0/3H | D61: 12 | F61: ='[1]Switch board'!K61 -> 82.101806
A62: ='[1]Switch board'!$A62 -> SW041.4 | B62: ='[1]Switch board'!$B62 -> SC-4-0 | C62: SW-4-0/3H | D62: 16 | F62: ='[1]Switch board'!K62 -> 96.925743
A63: ='[1]Switch board'!$A63 -> SW041.5 | B63: ='[1]Switch board'!$B63 -> SC-4-1 | C63: SW-4-1/3H | D63: 22 | F63: ='[1]Switch board'!K63 -> 135.69604
A64: ='[1]Switch board'!$A64 -> SW041.6 | B64: ='[1]Switch board'!$B64 -> SC-N1 | C64: SW-N1/3H | D64: 32 | F64: ='[1]Switch board'!K64 -> 206.39482
A65: ='[1]Switch board'!$A65 -> SW041.7 | B65: ='[1]Switch board'!$B65 -> SC-N2 | C65: SW-N2/3H | D65: 40 | F65: ='[1]Switch board'!K65 -> 282.79511
A66: ='[1]Switch board'!$A66 -> SW041.8 | B66: ='[1]Switch board'!$B66 -> SC-N2S | C66: SW-N2S/3H | D66: 50 | F66: ='[1]Switch board'!K66 -> 342.09086
A67: ='[1]Switch board'!$A67 -> SW041.9 | B67: ='[1]Switch board'!$B67 -> SC-N4 | C67: SW-N4/3H | D67: 80 | F67: ='[1]Switch board'!K67 -> 618.04415
A68: ='[1]Switch board'!$A68 -> SW041.10 | B68: ='[1]Switch board'!$B68 -> SC-N5 | C68: SW-N4/3H | D68: 81 | F68: ='[1]Switch board'!K68 -> 0
A69: ='[1]Switch board'!$A69 -> SW041.11 | B69: ='[1]Switch board'!$B69 -> SC-N6 | C69: SW-N4/3H | D69: 82 | F69: ='[1]Switch board'!K69 -> 0
A70: ='[1]Switch board'!$A70 -> SW041.12 | B70: ='[1]Switch board'!$B70 -> SC-N7 | C70: SW-N4/3H | D70: 83 | F70: ='[1]Switch board'!K70 -> 0
A71: ='[1]Switch board'!$A71 -> SW041.13 | B71: ='[1]Switch board'!$B71 -> SC-N8 | C71: SW-N8/3H | D71: 180 | F71: ='[1]Switch board'!K71 -> 1573.618
A72: ='[1]Switch board'!$A72 -> SW041.14 | B72: ='[1]Switch board'!$B72 -> SC-N10 | D72: 220 | F72: ='[1]Switch board'!K72 -> 2035.4406
A73: ='[1]Switch board'!$A73 -> SW041.15 | B73: ='[1]Switch board'!$B73 -> SC-N11 | C73: SW-N11/3H | D73: 300 | F73: ='[1]Switch board'!K73 -> 3192.848
A74: ='[1]Switch board'!$A74 -> SW041.16 | B74: ='[1]Switch board'!$B74 -> TR-0N/3 | C74: FUJI OVERLOAD | D74: TK-0N | F74: ='[1]Switch board'!K74 -> 75.259989
A75: ='[1]Switch board'!$A75 -> SW041.17 | B75: ='[1]Switch board'!$B75 -> TR-5-1N/3 | D75: TK-5-1N | F75: ='[1]Switch board'!K75 -> 82.101806
A76: ='[1]Switch board'!$A76 -> SW041.18 | B76: ='[1]Switch board'!$B76 -> TR-N2/3 | D76: TK-N2 | F76: ='[1]Switch board'!K76 -> 96.925743
A77: ='[1]Switch board'!$A77 -> SW041.19 | B77: ='[1]Switch board'!$B77 -> TR-N3/3 | D77: TK-N3 | F77: ='[1]Switch board'!K77 -> 131.13483
A78: ='[1]Switch board'!$A78 -> SW041.20 | B78: ='[1]Switch board'!$B78 -> TR-N5/3 | D78: TK-N5 | F78: ='[1]Switch board'!K78 -> 250.86663
A79: ='[1]Switch board'!$A79 -> SW041.21 | B79: ='[1]Switch board'!$B79 -> TR-N12/3 | D79: TK-N12 | F79: ='[1]Switch board'!K79 -> 1025
A80: ='[1]Switch board'!$A80 -> 0 | B80: ='[1]Switch board'!$B80 -> SB70G2.2 | C80: INVERTER 415v/3ph | D80: 5.5 (A) | F80: ='[1]Switch board'!K80 -> 969.61862
A81: ='[1]Switch board'!$A81 -> 0 | B81: ='[1]Switch board'!$B81 -> SB70G4 | D81: 9.7 (A) | F81: ='[1]Switch board'!K81 -> 1018.0995
A82: ='[1]Switch board'!$A82 -> 0 | B82: ='[1]Switch board'!$B82 -> SB70G5.5 | D82: 13 (A) | F82: ='[1]Switch board'!K82 -> 1551.3898
A83: ='[1]Switch board'!$A83 -> SW042 | B83: ='[1]Switch board'!$B83 -> SB70G7.5 | D83: 18(A) | E83: 4ves7y | F83: ='[1]Switch board'!K83 -> 1939.2372
A84: ='[1]Switch board'!$A84 -> SW043 | B84: ='[1]Switch board'!$B84 -> SB70G11 | D84: 24(A) | E84: 4tes9y,4pes12y | F84: ='[1]Switch board'!K84 -> 2154.708
A85: ='[1]Switch board'!$A85 -> SW044 | B85: ='[1]Switch board'!$B85 -> SB70G15 | D85: 30(A) | E85: 4nes14y | F85: ='[1]Switch board'!K85 -> 2908.8559
A86: ='[1]Switch board'!$A86 -> SW045 | B86: ='[1]Switch board'!$B86 -> SB70G18.5 | D86: 38(A) | E86: 4he18y | F86: ='[1]Switch board'!K86 -> 3339.7975
A87: ='[1]Switch board'!$A87 -> SW046 | B87: ='[1]Switch board'!$B87 -> SB70G22 | D87: 45(A) | E87: 4ge23y | F87: ='[1]Switch board'!K87 -> 3663.0037
A88: ='[1]Switch board'!$A88 -> SW047 | B88: ='[1]Switch board'!$B88 -> SB70G30 | D88: 60(A) | E88: 6he28y | F88: ='[1]Switch board'!K88 -> 3770.7391
A89: ='[1]Switch board'!$A89 -> SW048 | B89: ='[1]Switch board'!$B89 -> SB70G37 | D89: 75(A) | E89: 6ge34y | F89: ='[1]Switch board'!K89 -> 5117.4316
A90: ='[1]Switch board'!$A90 -> SW049 | B90: ='[1]Switch board'!$B90 -> SB70G45 | D90: 91(A) | E90: 6fe44y | F90: ='[1]Switch board'!K90 -> 6248.6533
A91: ='[1]Switch board'!$A91 -> SW049.1 | B91: ='[1]Switch board'!$B91 -> SB70G55 | D91: 112(A) | E91: 1128 | F91: ='[1]Switch board'!K91 -> 7541.4781
A92: ='[1]Switch board'!$A92 -> SW049.2 | B92: ='[1]Switch board'!$B92 -> SB70G75 | D92: 150(A) | E92: 1451 | F92: ='[1]Switch board'!K92 -> 10037.348
A93: ='[1]Switch board'!$A93 -> SW049.3 | B93: ='[1]Switch board'!$B93 -> SB70G90 | D93: 176(A) | E93: 1719 | F93: ='[1]Switch board'!K93 -> 12605.042
A94: ='[1]Switch board'!$A94 -> SW049.4 | B94: ='[1]Switch board'!$B94 -> SB70G110 | D94: 210(A) | E94: 1890 | F94: ='[1]Switch board'!K94 -> 0
A95: ='[1]Switch board'!$A95 -> SW049.5 | B95: ='[1]Switch board'!$B95 -> SB70G132 | D95: 253(A) | F95: ='[1]Switch board'!K95 -> 18674.136
A96: ='[1]Switch board'!$A96 -> SW049.6 | B96: ='[1]Switch board'!$B96 -> SB70G160 | D96: 304(A) | F96: ='[1]Switch board'!K96 -> 0
A97: ='[1]Switch board'!$A97 -> SW049.7 | B97: ='[1]Switch board'!$B97 -> SB70G200 | D97: 377(A) | F97: ='[1]Switch board'!K97 -> 0
A98: ='[1]Switch board'!$A98 -> 0 | B98: ='[1]Switch board'!$B98 -> GMC-40-11 (OFFER) | C98: LS CONTACTOR | D98: 18.5 , 25 , 40 | F98: ='[1]Switch board'!K98 -> 91.121032
A99: ='[1]Switch board'!$A99 -> 0 | B99: ='[1]Switch board'!$B99 -> GMC-50-11 (OFFER) | D99: 22 , 30 , 50 | F99: ='[1]Switch board'!K99 -> 128.76984
A100: ='[1]Switch board'!$A100 -> SW050 | B100: ='[1]Switch board'!$B100 -> LANN11N (1open ,1close) | C100: Auxillary contact | F100: ='[1]Switch board'!K100 -> 12.505002
A101: ='[1]Switch board'!$A101 -> SW051 | B101: ='[1]Switch board'!$B101 -> LANN22N (2open ,2close) | C101: Auxillary contact | F101: ='[1]Switch board'!K101 -> 23.34267
A102: ='[1]Switch board'!$A102 -> SW051.1 | B102: ='[1]Switch board'!$B102 -> SZ-A11 fuji auxillary contact | C102: Auxillary contact | F102: ='[1]Switch board'!K102 -> 23.34267
A103: ='[1]Switch board'!$A104 -> SW052 | B103: ='[1]Switch board'!$B104 -> ABB RELAY MY4NJ (24VDC) | C103: MY4NJ | F103: ='[1]Switch board'!K104 -> 33.068783
A104: ='[1]Switch board'!$A105 -> SW052.1 | B104: ='[1]Switch board'!$B105 -> ABB RELAY MY4NJ (230VAC) | F104: ='[1]Switch board'!K105 -> 38.580247
A105: ='[1]Switch board'!$A106 -> SW053 | B105: ='[1]Switch board'!$B106 -> CKC AH3-3(1S) C/W base | C105: CKC TIMER | F105: ='[1]Switch board'!K106 -> 29.178338
...

Sheet ALUMINIUM PLATE
A1: WELLER AIR-COND PARTS ENTERPRISE SDN BHD (613386-K)
A3: ='FLAKE ICE'!A3 -> DATE :5.5.26
A8: ='[1]aluminium plate'!$A8 -> ITEM | B8: ='[1]aluminium plate'!$B8 -> SIZE | C8: ='[1]aluminium plate'!C8 -> DESCRIPTION | D8: ='[1]aluminium plate'!J8 -> (RM) | E8: picture
A9: ='[1]aluminium plate'!$A11 -> AL001 | B9: ='[1]aluminium plate'!$B11 -> 96" (l) X 40" (w) ALUMINIUM PLATE | C9: ='[1]aluminium plate'!C11 -> 40" X 96" ALUMINIUM PLATE | D9: ='[1]aluminium plate'!J11 -> 2177.9692
A10: ='[1]aluminium plate'!$A12 -> AL002 | B10: ='[1]aluminium plate'!$B12 -> 96" (l) X 20" (w) ALUMINIUM PLATE | C10: ='[1]aluminium plate'!C12 -> 20" X 96" ALUMINIUM PLATE | D10: ='[1]aluminium plate'!J12 -> 1242.8308
A11: ='[1]aluminium plate'!$A13 -> AL003 | B11: ='[1]aluminium plate'!$B13 -> 43" (l) X 30" (w) ALUMINIUM PLATE | C11: ='[1]aluminium plate'!C13 -> 30" X 43" ALUMINIUM PLATE | D11: ='[1]aluminium plate'!J13 -> 1015.4068
A12: ='[1]aluminium plate'!$A14 -> AL004 | B12: ='[1]aluminium plate'!$B14 -> 67" (l)X 30" (w) ALUMINIUM PLATE | C12: ='[1]aluminium plate'!C14 -> 30" X 67" ALUMINIUM PLATE | D12: ='[1]aluminium plate'!J14 -> 1362.272
A13: ='[1]aluminium plate'!$A15 -> 0 | B13: ='[1]aluminium plate'!$B15 -> SEMI CONTACT FREZZER 300KGS | C13: ='[1]aluminium plate'!C15 -> 7TRAY,8PCS PLATE (30" x 43") | D13: ='[1]aluminium plate'!J15 -> 21951.252
A14: ='[1]aluminium plate'!$A16 -> 0 | B14: ='[1]aluminium plate'!$B16 -> SEMI CONTACT FREZZER 400KGS | C14: ='[1]aluminium plate'!C16 -> 9TRAY,10PCS PLATE (30" x 43") | D14: ='[1]aluminium plate'!J16 -> 24977.245
A15: ='[1]aluminium plate'!$A17 -> 0 | B15: ='[1]aluminium plate'!$B17 -> SEMI CONTACT FREZZER 500KGS | C15: ='[1]aluminium plate'!C17 -> 11TRAY,12PCS PLATE (30" x 43") | D15: ='[1]aluminium plate'!J17 -> 29080.161
A16: ='[1]aluminium plate'!$A18 -> 0 | B16: ='[1]aluminium plate'!$B18 -> SEMI CONTACT FREZZER 800KGS | C16: ='[1]aluminium plate'!C18 -> 11TRAY,12PCS PLATE (30" x 67") | D16: ='[1]aluminium plate'!J18 -> 35706.133
A17: ='[1]aluminium plate'!$A19 -> 0 | B17: ='[1]aluminium plate'!$B19 -> SEMI CONTACT FREZZER 1500KGS | C17: ='[1]aluminium plate'!C19 -> 12TRAY ,13PCS PLATE (40" x 96") 144pcs ice tray 14"*17" | D17: ='[1]aluminium plate'!J19 -> 50991.547
A18: ='[1]aluminium plate'!$A20 -> AL005.3 | B18: ='[1]aluminium plate'!$B20 -> SEMI CONTACT FREZZER 300KGS COMPLETE SET (7racks) | C18: ='[1]aluminium plate'!C20 -> 1SET ZFI36 Copeland C/W CU125QC (8hp) | D18: ='[1]aluminium plate'!J20 -> 42201.934
A19: ='[1]aluminium plate'!$A21 -> AL005.4 | B19: ='[1]aluminium plate'!$B21 -> SEMI CONTACT FREZZER 400KGS COMPLETE SET (9racks) | C19: ='[1]aluminium plate'!C21 -> 1SET ZFI39 Copeland C/W CU144QC (10hp) | D19: ='[1]aluminium plate'!J21 -> 47312.485
A20: ='[1]aluminium plate'!$A22 -> AL006 | B20: ='[1]aluminium plate'!$B22 -> SEMI CONTACT FREZZER 500KGS COMPLETE SET (11racks) | C20: ='[1]aluminium plate'!C22 -> ZFI50 COPELAND (12hp) C/W CU160QC | D20: ='[1]aluminium plate'!J22 -> 53368.438
A21: ='[1]aluminium plate'!$A23 -> AL007 | B21: ='[1]aluminium plate'!$B23 -> SEMI CONTACT FREZZER 800KGS COMPLETE SET (11racks) | C21: ='[1]aluminium plate'!C23 -> 1SET ZFI68 COPELAND (18HP) CW CU200QC (20AMP) | D21: ='[1]aluminium plate'!J23 -> 65517.411
A22: ='[1]aluminium plate'!$A24 -> AL008 | B22: ='[1]aluminium plate'!$B24 -> SEMI CONTACT FREZZER 1500KGS COMPLETE SET (12racks) | C22: ='[1]aluminium plate'!C24 -> C/W ZFI140 C/W CU400QC (40hp) | D22: ='[1]aluminium plate'!K24 -> 130621.74
A23: ='[1]aluminium plate'!$A25 -> AL008.1 | B23: ='[1]aluminium plate'!$B25 -> SEMI BLAST FREZZER 350KGS C/W 2pcs s/s trolley 32rack | C23: ='[1]aluminium plate'!C25 -> SSC-500 cabinet cw ZFI50 (12HP) | D23: ='[1]aluminium plate'!J25 -> 46183.266
A24: ='[1]aluminium plate'!$A26 -> AL008.2 | B24: ='[1]aluminium plate'!$B26 -> SEMI BLAST FREZZER 500KGS C/W 3pcs s/s trolley 48rack | C24: ='[1]aluminium plate'!C26 -> SSC-800 cabinet cw zfi68 (18hp) | D24: ='[1]aluminium plate'!J26 -> 54855.204
A25: ='[1]aluminium plate'!$A27 -> AL009 | B25: ='[1]aluminium plate'!$B27 -> 110102 S/STEEL RACK 15TIER (150kgs)(466L*620W*1710H)80mm | C25: ='[1]aluminium plate'!C27 -> 0 | D25: ='[1]aluminium plate'!J27 -> 549.9593
A26: ='[1]aluminium plate'!$A28 -> AL010 | B26: ='[1]aluminium plate'!$B28 -> 110202 S/STEEL RACK 16TIER(160kgs) (466L*620W*1710H)80mm | D26: ='[1]aluminium plate'!J28 -> 561.66056
A27: ='[1]aluminium plate'!$A29 -> AL011 | B27: ='[1]aluminium plate'!$B29 -> HLB1035 ALUMINIUM PAN WITH HOLE 60*40*2.8cm*1mm | D27: ='[1]aluminium plate'!J29 -> 32.560033
A28: ='[1]aluminium plate'!$A30 -> AL011.1 | B28: ='[1]aluminium plate'!$B30 -> HLB3041 S/STELL 304 PAN WITH HOLE 60*40*2.5cm*1mm | C28: ='[1]aluminium plate'!C30 -> 0 | D28: ='[1]aluminium plate'!J30 -> 48.840049
A29: ='[1]aluminium plate'!$A31 -> AL011.2 | B29: ='[1]aluminium plate'!$B31 -> HLB1031 ALUMINIUM PAN 60*40*2.8cm*1mm | D29: ='[1]aluminium plate'!J31 -> 32.560033
A30: ='[1]aluminium plate'!$A32 -> AL012 | B30: ='[1]aluminium plate'!$B32 -> HLB1040 ALUMINIUM PAN 46*33*2.7CM | D30: ='[1]aluminium plate'!J32 -> 22.385022
A31: ='[1]aluminium plate'!$A33 -> AL012.1 | B31: ='[1]aluminium plate'!$B33 -> HLB3040 S/STELL 304 PAN 60*40*2.5cm*1mm | D31: ='[1]aluminium plate'!J33 -> 48.331298
A32: *The aluminium plate is with 250psi internal to test leaking
A33: PRICE VALID : Ex-factory KL
A34: *PRICE WILL BE CHANGE ON THE FINAL PAYMENT DUE TO THE CURRENCY RATE
A35: *PLEASE EMAIL OR FAX OVER THE BANK IN SLIP
A36: BANK ACC :HONG LEONG BANK BHD 36600016285 , PUBLIC BANK BHD 3119617816
A37: BENEFICIARY :WELLER AIR-COND PARTS ENTERPRICE SDN BHD
A38: COMPUTER PRINT GENERATE ONLY

Sheet RACK
A1: WELLER AIR-COND PARTS ENTERPRISE SDN BHD (613386-K)
A2: ='[1]CU '!A5 -> DATE :5.5.26
A3: ='[1]CU '!A6 -> USD RATE : | B3: ='[1]CU '!B6 -> 4.1
A5: Item code | B5: DESC. | C5: Dimension | D5: Weight （kg） | E5: lgths | F5: quantity | G5: total weight | H5: RM | I5: total rm | J5: PICTURE | K5: QTY-PCS | L5: T-weight-KG | M5: REORDER LEVEL | N5: REORDER QTY
A6: RAC001 | B6: upright Post 立柱 | C6: 11000*900*100*70*2.0 | D6: 45.1 | E6: =D6/11 -> 4.1 | H6: =[1]Rack!J6 -> 331.96333 | J6: =_xlfn.DISPIMG("ID_4F4D5FD4221844B3BAC4C5FCB86F69E3",1) -> =DISPIMG("ID_4F4D5FD4221844B3BAC4C5FCB86F69E3",1) | K6: 450 | L6: =D6*K6 -> 20295
A7: RAC002 | B7: Foot plate | C7: 120*120 | H7: =[1]Rack!J7 -> 7.8377778
A8: RAC003 | B8: 横 支 Bracing | C8: 40*25*1.5 C型*828 | D8: 0.9 | E8: =ROUNDUP((D8*1000-150)/600,0) -> 2 | H8: =[1]Rack!J8 -> 6.625 | J8: =_xlfn.DISPIMG("ID_26C9986488344784A3A12DBC0C0B5F4D",1) -> =DISPIMG("ID_26C9986488344784A3A12DBC0C0B5F4D",1) | K8: 750 | L8: =D8*K8 -> 675
A9: RAC004 | B9: 斜 支 Bracing | C9: 40*25*1.5 C型*1030 | D9: 1.13 | E9: =ROUNDUP((D10*1000-150)/600,0) -> 10 | H9: =[1]Rack!J9 -> 8.3066667 | K9: 5000 | L9: =D9*K9 -> 5650
A10: RAC005 | B10: Upright Post Set | C10: 612.6mm(230mm) | D10: 6 | E10: =D10*E6*2+(2*D8)+(E9*D9) -> 62.3 | F10: 10 | G10: =F10*E10 -> 623 | H10: =[1]Rack!J10 -> 302.61228 | I10: =H10*F10 -> 3026.1228
A11: RAC006 | B11: Beam 横梁 | C11: 2700*120*45*1.5 | D11: 13.7 | E11: =ROUNDDOWN(D10/1.5,0)*2 -> 8 | F11: 9 | G11: =E11*F11*D11 -> 986.4 | H11: =[1]Rack!J11 -> 100.87 | I11: =H11*F11*E11 -> 7262.64 | J11: =_xlfn.DISPIMG("ID_5B50BE1DB98C4567993D6A5F26792F33",1) -> =DISPIMG("ID_5B50BE1DB98C4567993D6A5F26792F33",1) | K11: 2000 | L11: =D11*K11 -> 27400
A12: RAC007 | B12: Beam 横梁 | C12: 2460*100*45*1.5 | D12: 12.6 | E12: =ROUNDDOWN(D10/1.5,0)*2 -> 8 | G12: =E12*F12*D12 -> 0 | H12: =[1]Rack!J12 -> 92.75 | I12: =H12*F12*E12 -> 0 | K12: 2000 | L12: =D12*K12 -> 25200
A13: RAC008 | B13: row spacer 连接杆 | C13: 250*60*40 | D13: 1.1 | E13: =ROUNDDOWN(D10/2,0)*2 -> 6 | F13: =F10 -> 10 | G13: =F13*D13*E13 -> 66 | H13: =[1]Rack!J13 -> 9.744 | I13: =H13*F13*E13 -> 584.64 | J13: =_xlfn.DISPIMG("ID_0E87DF8BB7EC46E5880226BA3CE7A3E0",1) -> =DISPIMG("ID_0E87DF8BB7EC46E5880226BA3CE7A3E0",1) | K13: 600 | L13: =D13*K13 -> 660 | O13: 2m height install 1pcs
A14: RAC009 | B14: Post guard U型防撞柱 | C14: H300 | D14: 3.5 | F14: =F10 -> 10 | G14: =F14*D14 -> 35 | H14: =[1]Rack!J14 -> 30.698 | I14: =H14*F14 -> 306.98 | K14: 125 | L14: =D14*K14 -> 437.5
A15: RAC010 | B15: Pallet support 支撑梁 | C15: 900*60*40 | D15: 2.3 | E15: 4 | F15: 36 | G15: =F15*E15*D15 -> 331.2 | H15: =[1]Rack!J15 -> 18.494545 | I15: =H15*E15*F15 -> 2663.2145 | J15: =_xlfn.DISPIMG("ID_6FC152D1CE6B42CB8D590A2DA910557B",1) -> =DISPIMG("ID_6FC152D1CE6B42CB8D590A2DA910557B",1) | K15: 8000 | L15: =D15*K15 -> 18400 | O15: 4pcs per rack
A16: RAC011 | B16: Crash barrier 防撞栏 | C16: L2050*H500 | D16: 18.3 | H16: =[1]Rack!J16 -> 146.88 | I16: =H16*E16*F16 -> 0 | J16: =_xlfn.DISPIMG("ID_65FA1E08635043859F11F6AEACBF64C9",1) -> =DISPIMG("ID_65FA1E08635043859F11F6AEACBF64C9",1) | K16: 50 | L16: =D16*K16 -> 915
A17: RAC012 | B17: Crash barrier 防撞栏 | C17: L900*H500 | D17: 10.8 | H17: =[1]Rack!J17 -> 86.727273 | I17: =H17*F17*E17 -> 0 | K17: 10 | L17: =D17*K17 -> 108
B18: 2ton above-rm800/ton ,install wood slab -rm500/ton | G18: =SUM(G10:G17) -> 2041.6 | I18: =SUM(I10:I17) -> 13843.597 | K18: Total:KG | L18: =SUM(L6:L17) -> 99740.5
B19: below 2ton -rm1200-rm1500/ton

Sheet wefoam

Sheet quickool 
A1: WELLER AIR-COND PARTS ENTERPRISE SDN BHD (613386-K) www.weller.com.my
A2: No. 9, Jalan Kuari, Kampung Cheras Baru, 56100 Kuala Lumpur.
A3: Tel: 03-42800331 Fax: 03-42953202 H/P:016-6666331
A4: TO :OUR VALUE DEALER
A5: FROM:LEONG
A6: ='[1]aluminium plate'!A5 -> DATE :5.5.26
A7: USD RATE : | B7: ='[1]Small comp'!B5 -> 4.1 | I7: =[1]Quickool!O7 -> 0
I8: =[1]Quickool!P8 -> Warrantly 1year on parts only
A9: =[1]Quickool!A9 -> ITEM CODE | B9: =[1]Quickool!B9 -> MODEL | C9: Dimension | D9: System | E9: =[1]Quickool!E9 -> cond unit model | F9: =[1]Quickool!G9 -> fan sets | G9: =[1]Quickool!H9 -> cappillary tube | H9: =[1]Quickool!$J9 -> blower | I9: =[1]Quickool!P9 -> (RM) | J9: PIC
A10: =[1]Quickool!A10 -> CAB001 | B10: =[1]Quickool!B10 -> Mini 2 Door cabinet c/w 1/3hp cond unit | C10: =[1]Quickool!C10 -> 760*585*1830 | D10: Piping system -18c ~ 0c | E10: =[1]Quickool!E10 -> KK270CZ1 cw cs030 | F10: =[1]Quickool!G10 -> 10watts | G10: =[1]Quickool!H10 -> 0.049*54" (0.4kg) | H10: =[1]Quickool!$J10 -> ~ | I10: =[1]Quickool!P10 -> 2857.4978
A11: =[1]Quickool!A11 -> CAB002 | B11: =[1]Quickool!B11 -> 2 Door cabinet c/w 3/8hp cond unit R134 | C11: =[1]Quickool!C11 -> 840*685*2080 | E11: =[1]Quickool!E11 -> K325CZ1 cs033 | F11: =[1]Quickool!G11 -> 10watts | G11: =[1]Quickool!H11 -> 0.049*54" | H11: =[1]Quickool!$J11 -> ~ | I11: =[1]Quickool!P11 -> 3635.0312
A12: =[1]Quickool!A12 -> CAB003 | B12: =[1]Quickool!B12 -> 4 Door cabinet c/w 1/2hp cond unit R134 | C12: =[1]Quickool!C12 -> 1300*685*2080 | E12: =[1]Quickool!E12 -> K400CZ1 cw cs060 | F12: =[1]Quickool!G12 -> 16watts | G12: =[1]Quickool!H12 -> 0.042*52" (0.8kg) | H12: =[1]Quickool!$J12 -> ~ | I12: =[1]Quickool!P12 -> 4566.6904
A13: =[1]Quickool!A13 -> CAB004 | B13: =[1]Quickool!B13 -> 6 Door cabinet c/w 5/8hp cond unit R404 | C13: =[1]Quickool!C13 -> 1930*685*2080 | E13: =[1]Quickool!E13 -> ne2178ck,mpt16la cw cs075 | F13: =[1]Quickool!G13 -> 18watts cw hi/lo switch | G13: =[1]Quickool!H13 -> 0.055*60" | H13: =[1]Quickool!$J13 -> ~ | I13: =[1]Quickool!P13 -> 5869.2879
A14: =[1]Quickool!A14 -> CAB005 | B14: =[1]Quickool!B14 -> 6 Door cabinet c/w 3/4hp cond unit R404 | C14: =[1]Quickool!C14 -> 1930*685*2080 | E14: =[1]Quickool!E14 -> ne2180ck,mpt18la cw cs075 | F14: =[1]Quickool!G14 -> 25watts cw hi/lo switch | G14: =[1]Quickool!H14 -> 0.055*60" (0.9kg) | H14: =[1]Quickool!$J14 -> ~ | I14: =[1]Quickool!P14 -> 5945.6215
A15: =[1]Quickool!A15 -> CAB006 | B15: =[1]Quickool!B15 -> 2 Door cabinet full piping (8rack 32ice)c/w ice tray | C15: =[1]Quickool!C15 -> 840*685*2080 | E15: =[1]Quickool!E15 -> Nct2195ck cw cs145 | F15: =[1]Quickool!G15 -> 0 | G15: =[1]Quickool!H15 -> 0 | H15: =[1]Quickool!$J15 -> ~ | I15: =[1]Quickool!P15 -> 6063.6405
A16: =[1]Quickool!A16 -> CAB007 | B16: =[1]Quickool!B16 -> 2 Door cabinet full piping (10rack 40ice)c/w ice tray | C16: =[1]Quickool!C16 -> 840*685*2080 | E16: =[1]Quickool!E16 -> Nct2195ck cw cs145 | F16: =[1]Quickool!G16 -> 0 | G16: =[1]Quickool!H16 -> 0 | H16: =[1]Quickool!$J16 -> ~ | I16: =[1]Quickool!P16 -> 6755.1625
A17: =[1]Quickool!A17 -> CAB008 | B17: =[1]Quickool!B17 -> 4 Door cabinet full piping (10rack 60ice)c/w ice tray | C17: =[1]Quickool!C17 -> 1300*685*2080 | E17: =[1]Quickool!E17 -> 2 x Nct2195ck cw cs145 | F17: =[1]Quickool!G17 -> 0 | G17: =[1]Quickool!H17 -> 0 | H17: =[1]Quickool!$J17 -> ~ | I17: =[1]Quickool!P17 -> 10494.093
A18: =[1]Quickool!A18 -> CAB009 | B18: =[1]Quickool!B18 -> 6 Door cabinet full piping (10rack 100ice)c/w ice tray | C18: =[1]Quickool!C18 -> 1930*685*2080 | E18: =[1]Quickool!E18 -> 2 x Nct2212ck cw cs170 | F18: =[1]Quickool!G18 -> 0 | G18: =[1]Quickool!H18 -> 0 | H18: =[1]Quickool!$J18 -> ~ | I18: =[1]Quickool!P18 -> 13029.096
A19: =[1]Quickool!A19 -> CAB010 | B19: =[1]Quickool!B19 -> 2 Door chiller c/w 1/3hp cond unit R134 | C19: =[1]Quickool!C19 -> 710*760*2060 | D19: Chiller 0 ~ 5c blower system | E19: =[1]Quickool!E19 -> KK270CZ1 cw cs030 | F19: =[1]Quickool!G19 -> 0 | G19: =[1]Quickool!H19 -> 0 | H19: =[1]Quickool!$J19 -> 5 X 14 X 4R | I19: =[1]Quickool!P19 -> 3075.4372
A20: =[1]Quickool!A20 -> CAB011 | B20: =[1]Quickool!B20 -> 4 Door chiller c/w 1/2hp cond unit R134 | C20: =[1]Quickool!C20 -> 1300*760*2060 | E20: =[1]Quickool!E20 -> KK375CZ1 cw cs050 | F20: =[1]Quickool!G20 -> 0 | G20: =[1]Quickool!H20 -> 0 | H20: =[1]Quickool!$J20 -> 5 X 20 X 4R | I20: =[1]Quickool!P20 -> 3931.3454
A21: =[1]Quickool!A21 -> CAB012 | B21: =[1]Quickool!B21 -> 6 Door chiller c/w 1/2hp (B) cond unit R134 | C21: =[1]Quickool!C21 -> 1930*760*2060 | E21: =[1]Quickool!E21 -> K400CZ1 cw cs060 | F21: =[1]Quickool!G21 -> 0 | G21: =[1]Quickool!H21 -> 0 | H21: =[1]Quickool!$J21 -> 5 X 33 X 4R | I21: =[1]Quickool!P21 -> 5328.4811
A22: =[1]Quickool!A22 -> CAB013 | B22: =[1]Quickool!B22 -> 2 Door frezzer c/w 1/3hp cond unit R404 | C22: =[1]Quickool!C22 -> 710*760*2060 | D22: Frezzer 0c ~ -10c blower system | E22: =[1]Quickool!E22 -> NE2150 cw cs050 | F22: =[1]Quickool!G22 -> 0 | G22: =[1]Quickool!H22 -> 0 | H22: =[1]Quickool!$J22 -> UC100 | I22: =[1]Quickool!P22 -> 3650.84
A23: =[1]Quickool!A23 -> CAB014 | B23: =[1]Quickool!B23 -> 4 Door frezzer c/w 3/4hp cond unit R404 | C23: =[1]Quickool!C23 -> 1300*760*2060 | E23: =[1]Quickool!E23 -> Mpt18 cw cs075 | F23: =[1]Quickool!G23 -> 0 | G23: =[1]Quickool!H23 -> 0 | H23: =[1]Quickool!$J23 -> UC150 | I23: =[1]Quickool!P23 -> 4657.441
A24: =[1]Quickool!A24 -> CAB015 | B24: =[1]Quickool!B24 -> 6 Door frezzer c/w 1hp cond unit R404 | C24: =[1]Quickool!C24 -> 1930*760*2060 | E24: =[1]Quickool!E24 -> Nct2195ck cw cs145 | F24: =[1]Quickool!G24 -> 0 | G24: =[1]Quickool!H24 -> 0 | H24: =[1]Quickool!$J24 -> UC200 | I24: =[1]Quickool!P24 -> 6551.4813
A25: =[1]Quickool!A25 -> CAB016 | B25: =[1]Quickool!B25 -> 2 Door frezzer c/w 1/2hp cond unit R404 | C25: =[1]Quickool!C25 -> 710*760*2060 | D25: Frezzer -10c ~ -25c blower system | E25: =[1]Quickool!E25 -> Mpt18 cw cs075 | F25: =[1]Quickool!G25 -> 0 | G25: =[1]Quickool!H25 -> 0 | H25: =[1]Quickool!$J25 -> UC100 | I25: =[1]Quickool!P25 -> 3837.0708
A26: =[1]Quickool!A26 -> CAB017 | B26: =[1]Quickool!B26 -> 4 Door frezzer c/w 1hp cond unit R404 | C26: =[1]Quickool!C26 -> 1300*760*2060 | E26: =[1]Quickool!E26 -> Nct2195ck cw cs145 | F26: =[1]Quickool!G26 -> 0 | G26: =[1]Quickool!H26 -> 0 | H26: =[1]Quickool!$J26 -> UC200 | I26: =[1]Quickool!P26 -> 5330.7913
A27: =[1]Quickool!A27 -> CAB018 | B27: =[1]Quickool!B27 -> 6 Door frezzer c/w 1.5hp cond unit R404 | C27: =[1]Quickool!C27 -> 1930*760*2060 | E27: =[1]Quickool!E27 -> Nct2212ck cw cs170 | F27: =[1]Quickool!G27 -> 0 | G27: =[1]Quickool!H27 -> 0 | H27: =[1]Quickool!$J27 -> UC300 | I27: =[1]Quickool!P27 -> 7027.154
A28: =[1]Quickool!A28 -> CAB019 | B28: =[1]Quickool!B28 -> 1.2m counter chiller (4ft) 1/4hp R134 | C28: =[1]Quickool!C28 -> 1200*750*840 | D28: Chiller 0 ~ 5c blower system | E28: =[1]Quickool!E28 -> KK270CZ1 cw cs039 | F28: =[1]Quickool!G28 -> 0 | G28: =[1]Quickool!H28 -> 0 | H28: =[1]Quickool!$J28 -> 8*11*3R | I28: =[1]Quickool!P28 -> 2975.9146
A29: =[1]Quickool!A29 -> CAB020 | B29: =[1]Quickool!B29 -> 1.5m counter chiller (5ft) 1/3hp R134 | C29: =[1]Quickool!C29 -> 1500*750*840 | E29: =[1]Quickool!E29 -> KK270CZ1 cw cs039 | F29: =[1]Quickool!G29 -> 0 | G29: =[1]Quickool!H29 -> 0 | H29: =[1]Quickool!$J29 -> 8*11*3R | I29: =[1]Quickool!P29 -> 3196.8235
A30: =[1]Quickool!A30 -> CAB021 | B30: =[1]Quickool!B30 -> 1.8m counter chiller (6ft) 3/8hp R134 | C30: =[1]Quickool!C30 -> 1800*750*840 | E30: =[1]Quickool!E30 -> K325CZ1 cs054 | F30: =[1]Quickool!G30 -> 0 | G30: =[1]Quickool!H30 -> 0 | H30: =[1]Quickool!$J30 -> 12*11*3R | I30: =[1]Quickool!P30 -> 3640.6646
A31: =[1]Quickool!A31 -> CAB022 | B31: =[1]Quickool!B31 -> 2.1m counter chiller (7ft) 1/2hp R134 | C31: =[1]Quickool!C31 -> 2100*750*840 | E31: =[1]Quickool!E31 -> KK375CZ1 cw cs054 | F31: =[1]Quickool!G31 -> 0 | G31: =[1]Quickool!H31 -> 0 | H31: =[1]Quickool!$J31 -> 12*11*3R | I31: =[1]Quickool!P31 -> 4030.3604
A32: =[1]Quickool!A32 -> CAB023 | B32: =[1]Quickool!B32 -> 1.2m counter frezzer (4ft) 1/2hp R134 | C32: =[1]Quickool!C32 -> 1200*750*840 | D32: Frezzer -25c ~ -10c blower system | E32: =[1]Quickool!E32 -> KK375CZ1 cw cs054 | F32: =[1]Quickool!G32 -> 0 | G32: =[1]Quickool!H32 -> 0 | H32: =[1]Quickool!$J32 -> 12*11*3R | I32: =[1]Quickool!P32 -> 3107.5693
A33: =[1]Quickool!A33 -> CAB024 | B33: =[1]Quickool!B33 -> 1.5m counter frezzer (5ft) 1/2hp R134 | C33: =[1]Quickool!C33 -> 1500*750*840 | E33: =[1]Quickool!E33 -> K400CZ1 cw cs066 axial | F33: =[1]Quickool!G33 -> 0 | G33: =[1]Quickool!H33 -> 0 | H33: =[1]Quickool!$J33 -> 12*11*3R | I33: =[1]Quickool!P33 -> 3394.5668
A34: =[1]Quickool!A34 -> CAB025 | B34: =[1]Quickool!B34 -> 1.8m counter frezzer (6ft) 1/2hp R404 | C34: =[1]Quickool!C34 -> 1800*750*840 | E34: =[1]Quickool!E34 -> ne2170ck cw066 axial | F34: =[1]Quickool!G34 -> 0 | G34: =[1]Quickool!H34 -> 0 | H34: =[1]Quickool!$J34 -> 12 x 13 x 3R (330) | I34: =[1]Quickool!P34 -> 3981.5388
A35: =[1]Quickool!A35 -> CAB026 | B35: =[1]Quickool!B35 -> 2.1m counter frezzer (7ft) 5/8hp R404 | C35: =[1]Quickool!C35 -> 2100*750*840 | E35: =[1]Quickool!E35 -> mpt16la cw cs083 axial | F35: =[1]Quickool!G35 -> 0 | G35: =[1]Quickool!H35 -> 0 | H35: =[1]Quickool!$J35 -> 12 x 13 x 3R (330) | I35: =[1]Quickool!P35 -> 4415.8394
A36: =[1]Quickool!A36 -> CAB027 | B36: =[1]Quickool!B36 -> 1 Glass Door chiller c/w 1/3hp cond unit R134 | C36: =[1]Quickool!C36 -> 610*760*2030 | D36: Chiller 0 ~ 5c blower system | E36: =[1]Quickool!E36 -> KK270CZ1 cw cs030 | F36: =[1]Quickool!G36 -> 0 | G36: =[1]Quickool!H36 -> 422.50403 | H36: =[1]Quickool!$J36 -> 5 X 14 X 4R | I36: =[1]Quickool!P36 -> 2838.5787
A37: =[1]Quickool!A37 -> CAB028 | B37: =[1]Quickool!B37 -> 2 Glass Door chiller c/w 1/2hp cond unit R134 | C37: =[1]Quickool!C37 -> 1215*760*2030 | E37: =[1]Quickool!E37 -> KK375CZ1 cw cs050 | F37: =[1]Quickool!G37 -> 0 | G37: =[1]Quickool!H37 -> 0 | H37: =[1]Quickool!$J37 -> 5 X 20 X 4R | I37: =[1]Quickool!P37 -> 3858.5241
A38: =[1]Quickool!A38 -> CAB029 | B38: =[1]Quickool!B38 -> 3 Glass Door chiller c/w 1/2hp B cond unit R134 | C38: =[1]Quickool!C38 -> 1810*760*2030 | E38: =[1]Quickool!E38 -> K400CZ1 cw cs060 | F38: =[1]Quickool!G38 -> 0 | G38: =[1]Quickool!H38 -> 0 | H38: =[1]Quickool!$J38 -> 5 X 33 X 4R | I38: =[1]Quickool!P38 -> 4971.7109
A39: =[1]Quickool!A39 -> CAB030 | B39: =[1]Quickool!B39 -> 1 Glass Door Frezzer c/w 5/8hp cond unit R404 | C39: =[1]Quickool!C39 -> 610*760*2030 | D39: Frezzer -10c ~ -25c blower system | E39: =[1]Quickool!E39 -> ne2178ck,mpt16la cw cs090 | F39: =[1]Quickool!G39 -> 0 | G39: =[1]Quickool!H39 -> 0 | H39: =[1]Quickool!$J39 -> UC100 | I39: =[1]Quickool!P39 -> 3569.268
A40: =[1]Quickool!A40 -> CAB031 | B40: =[1]Quickool!B40 -> 2 Glass Door Frezzer c/w 1hp cond unit R404 | C40: =[1]Quickool!C40 -> 1215*760*2030 | E40: =[1]Quickool!E40 -> Nct2195ck cw cs145 axial | F40: =[1]Quickool!G40 -> 0 | G40: =[1]Quickool!H40 -> 0 | H40: =[1]Quickool!$J40 -> UC200 | I40: =[1]Quickool!P40 -> 5338.5551
A41: =[1]Quickool!A41 -> CAB032 | B41: =[1]Quickool!B41 -> 3 Glass Door Frezzer c/w 1 1/2hp cond unit R404 | C41: =[1]Quickool!C41 -> 1810*760*2030 | E41: =[1]Quickool!E41 -> Nct2212ck cw cs170 axial | F41: =[1]Quickool!G41 -> 0 | G41: =[1]Quickool!H41 -> 0 | H41: =[1]Quickool!$J41 -> UC300 | I41: =[1]Quickool!P41 -> 6857.6452
A42: =[1]Quickool!A42 -> CAB033 | B42: =[1]Quickool!B42 -> 398L Chest frezzer (300L) internal s/steel | F42: =[1]Quickool!G42 -> 46000 | I42: =[1]Quickool!P42 -> 1319.0748
A43: =[1]Quickool!A43 -> CAB034 | B43: =[1]Quickool!B43 -> 498L Chest frezzer (400L) internal s/steel | I43: =[1]Quickool!P43 -> 1447.1404
A44: =[1]Quickool!A44 -> CAB035 | B44: =[1]Quickool!B44 -> 598L Chest frezzer (500L) internal s/steel | I44: =[1]Quickool!P44 -> ~
A45: =[1]Quickool!A45 -> CAB036 | B45: =[1]Quickool!B45 -> 798L Chest frezzer (700L) internal s/steel | I45: =[1]Quickool!P45 -> 2023.4352
A46: =[1]Quickool!A46 -> CAB037 | B46: =[1]Quickool!B46 -> 1088L Chest frezzer (1000L) internal s/steel | I46: =[1]Quickool!P46 -> ~
A52: =[1]Quickool!A53 -> CAB043 | B52: =[1]Quickool!B53 -> 3 Big Glass Door Frezzer c/w 1 1/2hp cond unit R404 | C52: =[1]Quickool!C53 -> 2067*813*2330 | D52: =[1]Quickool!K53 -> 778.33032 | E52: pic
A53: =[1]Quickool!A58 -> 0 | B53: =[1]Quickool!B58 -> 0 | D53: =[1]Quickool!K58 -> 0.5
A54: =[1]Quickool!A59 -> ITEM CODE | B54: =[1]Quickool!B59 -> PRODUCT | D54: =[1]Quickool!K59 -> (RM)
A55: =[1]Quickool!A60 -> CAB044 | B55: =[1]Quickool!B60 -> ICE TRAY (395mm*165mm*105mmH) | D55: =[1]Quickool!K60 -> 22
A56: =[1]Quickool!A61 -> CAB045 | B56: =[1]Quickool!B61 -> 60% tin solder bar | D56: =[1]Quickool!K61 -> 191.66667
A57: =[1]Quickool!A62 -> CAB046 | B57: =[1]Quickool!B62 -> C.F hinge- 6" (1pair) | D57: =[1]Quickool!K62 -> 53.508772
A58: =[1]Quickool!A63 -> CAB047 | B58: =[1]Quickool!B63 -> 3mm clear float glass (457mm x 914mm) | D58: =[1]Quickool!K63 -> 29.32971
A59: =[1]Quickool!A64 -> CAB048 | B59: =[1]Quickool!B64 -> 17mm x 69mm hardwood planed 2' up | D59: =[1]Quickool!K64 -> 2.8673835
A60: =[1]Quickool!A65 -> 0 | B60: =[1]Quickool!B65 -> Masking tape 35mm x50m more glue | D60: =[1]Quickool!K65 -> 4.5965608
A61: =[1]Quickool!A66 -> 0 | B61: =[1]Quickool!B66 -> Masking tape 35mmx50m | D61: =[1]Quickool!K66 -> 4.0454145
A62: =[1]Quickool!A67 -> 0 | B62: =[1]Quickool!B67 -> Aluminium foil tape 48mm x 30m | D62: =[1]Quickool!K67 -> 10.592593
A63: =[1]Quickool!A68 -> 0 | B63: =[1]Quickool!B68 -> Aluminium foil tape 60mm x 30m | D63: =[1]Quickool!K68 -> 12.537037
A64: =[1]Quickool!A69 -> 0 | B64: =[1]Quickool!B69 -> Aluminium foil tape 75mm x 30m | D64: =[1]Quickool!K69 -> 15.888889
... A73: =[1]Quickool!A78 -> CAB056 | B73: =[1]Quickool!B78 -> PVC wire cable 2core 70m | D73: =[1]Quickool!K78 -> 0
A74: =[1]Quickool!A80 -> CAB058 | B74: =[1]Quickool!B80 -> 3" pp castor wheel adjustable c/w stopper white | D74: =[1]Quickool!K80 -> 7.583014
A75: =[1]Quickool!A83 -> CAB059 | B75: =[1]Quickool!B83 -> Pilaster s/steel 400mm (HG-600) | D75: =[1]Quickool!K83 -> 1.3227513
A76: =[1]Quickool!A84 -> CAB060 | B76: =[1]Quickool!B84 -> Pilaster s/steel 600mm (HG-600) | D76: =[1]Quickool!K84 -> 1.5873016
A77: =[1]Quickool!A85 -> CAB061 | B77: =[1]Quickool!B85 -> Pilaster s/steel 1200mm (HG-1200) | D77: =[1]Quickool!K85 -> 3.1746032
A78: =[1]Quickool!A86 -> CAB062 | B78: =[1]Quickool!B86 -> Pilaster clip aluminium (HG-1201) | D78: =[1]Quickool!K86 -> 0.48500882
A79: =[1]Quickool!A87 -> CAB063 | B79: =[1]Quickool!B87 -> PVC SheIving 23"x21" | C79: =[1]Quickool!$C87 -> 4Door & 6Door (4pcs/Fridge) | D79: =[1]Quickool!K87 -> 27.543507
A80: =[1]Quickool!A88 -> CAB064 | B80: =[1]Quickool!B88 -> PVC SheIving 25"x21" | C80: =[1]Quickool!$C88 -> 6Door (2pcs/Middle of Fridge) | D80: =[1]Quickool!K88 -> 29.808121
A81: =[1]Quickool!A89 -> CAB065 | B81: =[1]Quickool!B89 -> PVC SheIving 24-6/8"x18" | C81: =[1]Quickool!$C89 -> Mini 2Door (2pcs/Fridge) | D81: =[1]Quickool!K89 -> 26.405622
A82: =[1]Quickool!A90 -> CAB066 | B82: =[1]Quickool!B90 -> PVC SheIving 28"x21" | C82: =[1]Quickool!$C90 -> 2Door Big (2pcs/Fridge) | D82: =[1]Quickool!K90 -> 32.072735
A83: =[1]Quickool!A91 -> CAB067 | B83: =[1]Quickool!B91 -> PVC Shelving 13 3/4" x 22" 1/4" | C83: =[1]Quickool!$C91 -> 1.2m counter-4pcs | D83: =[1]Quickool!K91 -> 14.105263
A84: =[1]Quickool!A92 -> CAB068 | B84: =[1]Quickool!B92 -> PVC Shelving 19 3/4" x 22" 1/4" | C84: =[1]Quickool!$C92 -> 1.5m 2door counter-4pcs | D84: =[1]Quickool!K92 -> 20.210526
A85: =[1]Quickool!A93 -> CAB069 | B85: =[1]Quickool!B93 -> PVC SheIving 17" x 22 1/4" | C85: =[1]Quickool!$C93 -> 1.8m 3door counter-6pcs | D85: =[1]Quickool!K93 -> 17.473684
A86: =[1]Quickool!A94 -> CAB070 | B86: =[1]Quickool!B94 -> PVC SheIving 21" x 22 1/4" | C86: =[1]Quickool!$C94 -> 2.1m 3door counter-6pcs | D86: =[1]Quickool!K94 -> 22.905263
A87: =[1]Quickool!A95 -> CAB071 | B87: =[1]Quickool!B95 -> PVC SheIving 23"x23" 1 stopper | C87: =[1]Quickool!$C95 -> 2,4&6 door upright chiller 4,8,8pcs | D87: =[1]Quickool!K95 -> 26.105263
A88: =[1]Quickool!A98 -> CAB072 | B88: =[1]Quickool!B98 -> PVC SheIving 25"x23" 1 stopper | C88: =[1]Quickool!$C98 -> 6 door upright chiller centre 4pcs | D88: =[1]Quickool!K98 -> 28.631579
A89: =[1]Quickool!A99 -> CAB072.01 | B89: =[1]Quickool!B99 -> PVC SheIving 19 3/4"x221/4" 1stopper | C89: =[1]Quickool!$C99 -> 1 glass door chiller -4pcs | D89: =[1]Quickool!K99 -> 22.315789
A90: =[1]Quickool!A100 -> CAB072.02 | B90: =[1]Quickool!B100 -> PVC SheIving 21"x221/4" 1stopper | C90: =[1]Quickool!$C100 -> 2&3 glass door chiller -8pcs | D90: =[1]Quickool!K100 -> 24
A91: =[1]Quickool!A101 -> CAB072.03 | B91: =[1]Quickool!B101 -> PVC SheIving 22 3/4"x22 1/4" 1 stopper | C91: =[1]Quickool!$C101 -> 3 glass door chiller centre -4pcs | D91: =[1]Quickool!K101 -> 25.473684
A92: =[1]Quickool!A102 -> CAB072.04 | B92: =[1]Quickool!B102 -> PVC SheIving 19 3/4"x221/4" 2stopper for price pad | C92: =[1]Quickool!$C102 -> 1 glass door chiller -4pcs | D92: =[1]Quickool!K102 -> 25.263158
A93: =[1]Quickool!A103 -> CAB072.05 | B93: =[1]Quickool!B103 -> PVC SheIving 21"x221/4" 2stopper for price pad | C93: =[1]Quickool!$C103 -> 2&3 glass door chiller -8pcs | D93: =[1]Quickool!K103 -> 27.368421
A94: =[1]Quickool!A104 -> CAB072.06 | B94: =[1]Quickool!B104 -> PVC SheIving 22 3/4"x22 1/4" 2stopper for price pad | C94: =[1]Quickool!$C104 -> 3 glass door chiller centre -4pcs | D94: =[1]Quickool!K104 -> 30.107527
A95: =[1]Quickool!A105 -> CAB072.07 | B95: =[1]Quickool!B105 -> PVC SheIving 18 3/4"x21" 1stopper | C95: =[1]Quickool!$C105 -> 1 glass frezzer door -4pcs | D95: =[1]Quickool!K105 -> 20.210526
A96: =[1]Quickool!A106 -> CAB072.08 | B96: =[1]Quickool!B106 -> PVC SheIving 20 3/4"x21" 1stopper | C96: =[1]Quickool!$C106 -> 2 glass frezzer door -8pcs | D96: =[1]Quickool!K106 -> 22.105263
A97: =[1]Quickool!A107 -> CAB072.09 | B97: =[1]Quickool!B107 -> PVC SheIving 21"x22 1/4" 1 stopper-old model | C97: =[1]Quickool!$C107 -> 3 glass frezzer door -8pcs | D97: =[1]Quickool!K107 -> 23.157895
A98: =[1]Quickool!A108 -> CAB072.10 | B98: =[1]Quickool!B108 -> PVC SheIving 22 1/4"x21" 1 stopper | C98: =[1]Quickool!$C108 -> 3 glass frezzer door centre -4pcs | D98: =[1]Quickool!K108 -> 23.578947
A99: =[1]Quickool!A109 -> CAB072.11 | B99: =[1]Quickool!B109 -> PVC SheIving 18 3/4"x221/4" 2stopper | C99: =[1]Quickool!$C109 -> 1 glass frezzer door -4pcs | D99: =[1]Quickool!K109 -> 27.368421
... A104: =[1]Quickool!A114 -> CAB072.16 | B104: =[1]Quickool!B114 -> PVC SheIving 25 3/4"x24 1/4" 2stopper | C104: =[1]Quickool!$C114 -> 3 big glass chiller door centre -6pcs | D104: =[1]Quickool!K114 -> 33.052632
A105: =[1]Quickool!A119 -> 0 | B105: =[1]Quickool!B119 -> custom made shelving cost base on kgs
A106: =[1]Quickool!A120 -> 0 | B106: =[1]Quickool!B120 -> custom made shelving base on size less than 20pcs quantity
A107: =[1]Quickool!A121 -> CAB082 | B107: =[1]Quickool!B121 -> 578*715 magnetic gasket | C107: =[1]Quickool!C121 -> 2door | D107: =[1]Quickool!K121 -> 25.196078
A108: =[1]Quickool!A122 -> CAB083 | B108: =[1]Quickool!B122 -> 534*715 magnetic gasket | C108: =[1]Quickool!C122 -> 4door&6door | D108: =[1]Quickool!K122 -> 24.716776
A109: =[1]Quickool!A123 -> CAB084 | B109: =[1]Quickool!B123 -> 383*575 magnetic gasket | C109: =[1]Quickool!C123 -> 1.5m counter | D109: =[1]Quickool!K123 -> 21.546841
A110: =[1]Quickool!A124 -> CAB085 | B110: =[1]Quickool!B124 -> 528*575 magnetic gasket | C110: =[1]Quickool!C124 -> 1.8m counter | D110: =[1]Quickool!K124 -> 23.126362
A111: =[1]Quickool!A125 -> CAB086 | B111: =[1]Quickool!B125 -> 420*575 magnetic gasket | C111: =[1]Quickool!C125 -> 2.1m counter | D111: =[1]Quickool!K125 -> 21.949891
A112: =[1]Quickool!A126 -> CAB087 | B112: =[1]Quickool!B126 -> custom made gasket | C112: =[1]Quickool!C126 -> 0 | D112: =[1]Quickool!K126 -> 26.669001
A113: =[1]Quickool!A127 -> CAB088 | B113: =[1]Quickool!B127 -> HG-036 pvc door rail 3.4m | C113: =[1]Quickool!C127 -> 0 | D113: =[1]Quickool!K127 -> 20.008003
A114: =[1]Quickool!A128 -> CAB089 | B114: =[1]Quickool!B128 -> Gasket welding machine | C114: =[1]Quickool!C128 -> 0 | D114: =[1]Quickool!K128 -> ~
A115: =[1]Quickool!A129 -> CAB090 | B115: =[1]Quickool!B129 -> Mould welding machine | C115: =[1]Quickool!C129 -> 0 | D115: =[1]Quickool!K129 -> ~
A116: =[1]Quickool!A130 -> CAB091 | B116: =[1]Quickool!B130 -> 3MM TEMPERED GLASS + 3MM NORMAL GLASS (595*985MM) | C116: =[1]Quickool!C130 -> 0 | D116: =[1]Quickool!K130 -> 150.24191
A117: =[1]Quickool!A131 -> CAB092 | B117: =[1]Quickool!B131 -> 3MM TEMPERED GLASS + 3MM TEMPER GLASS (700*865MM) | C117: =[1]Quickool!C131 -> 0 | D117: =[1]Quickool!K131 -> 155.33486
...

Sheet Heat plate
A1: WELLER AIR-COND PARTS ENTERPRISE SDN BHD (613386-K)
A3: =QC!A3 -> DATE :5.5.26
A8: ='[1]Heat plate'!A8 -> ITEM CODE | B8: ='[1]Heat plate'!B8 -> MODEL | C8: ='[1]Heat plate'!C8 -> DESCRIPTION | D8: ='[1]Heat plate'!D8 -> Power(HP) | E8: ='[1]Heat plate'!E8 -> L*W*T (mm) | F8: ='[1]Heat plate'!F8 -> Water flow rate M3/H | G8: ='[1]Heat plate'!G8 -> CONNECTION | H8: ='[1]Heat plate'!H8 -> Power of pump(kw) | I8: ='[1]Heat plate'!N8 -> RM | J8: COMPRESSOR MODEL | K8: BRAND | L8: HP | M8: C/W Condenser sets | N8: ='[1]Heat plate'!$T$8 -> Water chiller with heat plate only(RM)
A9: ='[1]Heat plate'!A9 -> HEAT001 | B9: ='[1]Heat plate'!B9 -> EATB15-12 | C9: HEAT PLATE EXCHANGER FOR WATER CHILLER 0.75HP TILL 300HP | D9: ='[1]Heat plate'!D9 -> 0.3 | E9: ='[1]Heat plate'!E9 -> 220*76*35 | F9: ='[1]Heat plate'!F9 -> 0.22 | G9: ='[1]Heat plate'!G9 -> 1/2",1/2" (5hp ~8hp) | H9: ='[1]Heat plate'!H9 -> ZFI23-36 | I9: ='[1]Heat plate'!N9 -> 420.28644
A10: ='[1]Heat plate'!A10 -> HEAT002 | B10: ='[1]Heat plate'!B10 -> EATB15-16 | D10: ='[1]Heat plate'!D10 -> 0.4 | E10: ='[1]Heat plate'!E10 -> 220*76*44 | F10: ='[1]Heat plate'!F10 -> 0.22 | G10: ='[1]Heat plate'!G10 -> 5/8",1/2" (10hp ~ 12hp) 3/4,3/4 | H10: ='[1]Heat plate'!H10 -> ZFI39-50 | I10: ='[1]Heat plate'!N10 -> 465.76797
A11: ='[1]Heat plate'!A11 -> HEAT003 | B11: ='[1]Heat plate'!B11 -> EATB15-20 | D11: ='[1]Heat plate'!D11 -> 0.5 | E11: ='[1]Heat plate'!E11 -> 220*76*51 | F11: ='[1]Heat plate'!F11 -> 0.22 | G11: ='[1]Heat plate'!G11 -> 5/8",5/8" (15hp ~ 20hp) 3/4,3/4 | H11: ='[1]Heat plate'!H11 -> ZFI59-81 | I11: ='[1]Heat plate'!N11 -> 511.06386
A12: ='[1]Heat plate'!A12 -> HEAT004 | B12: ='[1]Heat plate'!B12 -> EATB25-12 | D12: ='[1]Heat plate'!D12 -> 0.75 | E12: ='[1]Heat plate'!E12 -> 297*124*41 | F12: ='[1]Heat plate'!F12 -> 0.33 | G12: ='[1]Heat plate'!G12 -> 5/8,7/8 (30hp sub cooler) | H12: ='[1]Heat plate'!H12 -> Bitzer 2 stage no6 | I12: ='[1]Heat plate'!N12 -> 850.96867
A13: ='[1]Heat plate'!A13 -> HEAT004.01 | B13: ='[1]Heat plate'!B13 -> EATB25-D-44 | D13: ='[1]Heat plate'!D13 -> 0 | E13: ='[1]Heat plate'!E13 -> 297*124*116 | F13: ='[1]Heat plate'!F13 -> sub cooler | G13: ='[1]Heat plate'!G13 -> ZFI96-144 (3/4",3/4") | H13: ='[1]Heat plate'!H13 -> zfi96-140 scx0445 | I13: ='[1]Heat plate'!N13 -> 1521.2708
A14: ='[1]Heat plate'!A14 -> HEAT004.02 | B14: ='[1]Heat plate'!B14 -> EATB52-D-16 | D14: ='[1]Heat plate'!D14 -> 0 | E14: ='[1]Heat plate'!E14 -> 527*112*50 | F14: ='[1]Heat plate'!F14 -> sub cooler | G14: ='[1]Heat plate'!G14 -> 30-40HP (3/4",1 1/8") | H14: ='[1]Heat plate'!H14 -> scx4734 / scx0445 | I14: ='[1]Heat plate'!N14 -> 1067.6286
A15: ='[1]Heat plate'!A15 -> HEAT004.03 | B15: ='[1]Heat plate'!B15 -> EATB52-D-30 | D15: ='[1]Heat plate'!D15 -> 0 | E15: ='[1]Heat plate'!E15 -> 527*112*83 | F15: ='[1]Heat plate'!F15 -> sub cooler | G15: ='[1]Heat plate'!G15 -> 50-60HP (7/8",1 1/8") | H15: ='[1]Heat plate'!H15 -> scx0645 / scx0545 | I15: ='[1]Heat plate'!N15 -> 1581.8256
A16: ='[1]Heat plate'!A16 -> HEAT004.04 | B16: ='[1]Heat plate'!B16 -> EATB52-D-40 | D16: ='[1]Heat plate'!D16 -> 0 | E16: ='[1]Heat plate'!E16 -> 527*112*106 | F16: ='[1]Heat plate'!F16 -> sub cooler | G16: ='[1]Heat plate'!G16 -> 70-80HP (7/8",1 1/8") | H16: ='[1]Heat plate'!H16 -> scx0845 / scx 0857 | I16: ='[1]Heat plate'!N16 -> 1948.8553
A17: ='[1]Heat plate'!A17 -> HEAT004.05 | B17: ='[1]Heat plate'!B17 -> PLATE HEAT BX4THX14 (ZFI23-ZFI36) | D17: ='[1]Heat plate'!D17 -> 0 | E17: ='[1]Heat plate'!E17 -> 197*75*21 | F17: ='[1]Heat plate'!F17 -> sub cooler | G17: ='[1]Heat plate'!G17 -> 3/8*1/2 | H17: ='[1]Heat plate'!H17 -> ZFI23-39 | I17: ='[1]Heat plate'!N17 -> 486.04097
A18: ='[1]Heat plate'!A18 -> HEAT004.07 | B18: ='[1]Heat plate'!B18 -> PLATE HEAT BX4THX20 (ZFI39-ZFI50) | D18: ='[1]Heat plate'!D18 -> 0 | E18: ='[1]Heat plate'!E18 -> 197*75*28 | F18: ='[1]Heat plate'!F18 -> sub cooler | G18: ='[1]Heat plate'!G18 -> 3/8*3/4 | H18: ='[1]Heat plate'!H18 -> ZFI36-39 | I18: ='[1]Heat plate'!N18 -> 710.36756
A19: ='[1]Heat plate'!A19 -> HEAT004.08 | B19: ='[1]Heat plate'!B19 -> PLATE HEAT BX4THX24 (ZFI59-ZFI68) | D19: ='[1]Heat plate'!D19 -> 0 | E19: ='[1]Heat plate'!E19 -> 197*75*32 | F19: ='[1]Heat plate'!F19 -> sub cooler | G19: ='[1]Heat plate'!G19 -> 3/8*3/4 | H19: ='[1]Heat plate'!H19 -> ZFI50-68 | I19: ='[1]Heat plate'!N19 -> 934.69416
A20: ='[1]Heat plate'!A20 -> HEAT004.09 | B20: ='[1]Heat plate'!B20 -> PLATE HEAT BX4THX30 (ZFI81) | D20: ='[1]Heat plate'!D20 -> 0 | E20: ='[1]Heat plate'!E20 -> 197*75*38 | F20: ='[1]Heat plate'!F20 -> sub cooler | G20: ='[1]Heat plate'!G20 -> 3/8*3/4 | H20: ='[1]Heat plate'!H20 -> ZFI81 | I20: ='[1]Heat plate'!N20 -> 1177.7146
A21: ='[1]Heat plate'!A21 -> HEAT004.10 | B21: ='[1]Heat plate'!B21 -> PLATE HEAT BX10THX40 (ZFI96-ZFI140) | D21: ='[1]Heat plate'!D21 -> 0 | E21: ='[1]Heat plate'!E21 -> 287*117*103 | F21: ='[1]Heat plate'!F21 -> sub cooler | G21: ='[1]Heat plate'!G21 -> 3/4*3/4 | H21: ='[1]Heat plate'!H21 -> ZFI96-ZFI140 | I21: ='[1]Heat plate'!N21 -> 2243.266
A22: ='[1]Heat plate'!A22 -> HEAT005 | B22: ='[1]Heat plate'!B22 -> EATB25-24 | D22: ='[1]Heat plate'!D22 -> 2 | E22: ='[1]Heat plate'!E22 -> 297*124*62 | F22: ='[1]Heat plate'!F22 -> 0.86 | G22: ='[1]Heat plate'!G22 -> Freon 5/8,7/8 water 1" | H22: ='[1]Heat plate'!H22 -> 0.37 | I22: ='[1]Heat plate'!N22 -> 615.72889
A23: ='[1]Heat plate'!A23 -> HEAT006 | B23: ='[1]Heat plate'!B23 -> EATB25-32 | D23: ='[1]Heat plate'!D23 -> 3 | E23: ='[1]Heat plate'!E23 -> 297*124*81 | F23: ='[1]Heat plate'!F23 -> 1.28 | G23: ='[1]Heat plate'!G23 -> Freon 5/8,7/8 water 1" | H23: ='[1]Heat plate'!H23 -> 0.37 | I23: ='[1]Heat plate'!N23 -> 741.64444 | J23: JT95GABY1L | K23: Daikin Scroll Comp 3ph | L23: 3 | M23: ='[1]Heat plate'!#REF! -> #REF! | N23: ='[1]Heat plate'!T23 -> 12645.473
A24: ='[1]Heat plate'!A24 -> HEAT007 | B24: ='[1]Heat plate'!B24 -> EATB25-42 | D24: ='[1]Heat plate'!D24 -> 4 | E24: ='[1]Heat plate'!E24 -> 297*124*104 | F24: ='[1]Heat plate'!F24 -> 1.71 | G24: ='[1]Heat plate'!G24 -> Freon 5/8,7/8 water 1" | H24: ='[1]Heat plate'!H24 -> 0.37 | I24: ='[1]Heat plate'!N24 -> 903.64 | J24: JT125GABY1L | L24: 4 | M24: ='[1]Heat plate'!#REF! -> #REF! | N24: ='[1]Heat plate'!T24 -> 0
A25: ='[1]Heat plate'!A25 -> HEAT008 | B25: ='[1]Heat plate'!B25 -> EATB25-48 | D25: ='[1]Heat plate'!D25 -> 5 | E25: ='[1]Heat plate'!E25 -> 297*124*119 | F25: ='[1]Heat plate'!F25 -> 2.14 | G25: ='[1]Heat plate'!G25 -> Freon 7/8,1 1/8 water 1 1/4" | H25: ='[1]Heat plate'!H25 -> 0.37 | I25: ='[1]Heat plate'!N25 -> 963.22667 | J25: JT160GABY1L | L25: 5 | M25: ='[1]Heat plate'!#REF! -> #REF! | N25: ='[1]Heat plate'!T25 -> 0
A26: ='[1]Heat plate'!A26 -> HEAT009 | B26: ='[1]Heat plate'!B26 -> EATB61-26 | D26: ='[1]Heat plate'!D26 -> 6 | E26: ='[1]Heat plate'!E26 -> 539*125*68 | F26: ='[1]Heat plate'!F26 -> 2.58 | G26: ='[1]Heat plate'!G26 -> Freon 7/8,1 1/8 water 1 1/4" | H26: ='[1]Heat plate'!H26 -> 0.75 | I26: ='[1]Heat plate'!N26 -> 1114.38 | J26: C-SB453H8A | K26: Sanyo Scroll | L26: 6 | M26: ='[1]Heat plate'!#REF! -> #REF! | N26: ='[1]Heat plate'!T26 -> 8233.2458
A27: ='[1]Heat plate'!A27 -> HEAT010 | B27: ='[1]Heat plate'!B27 -> EATB61-30 | D27: ='[1]Heat plate'!D27 -> 7 | E27: ='[1]Heat plate'!E27 -> 539*125*77 | F27: ='[1]Heat plate'!F27 -> 3 | G27: ='[1]Heat plate'!G27 -> Freon 7/8,1 1/8 water 1 1/4" | H27: ='[1]Heat plate'!H27 -> 0.75 | I27: ='[1]Heat plate'!N27 -> 1225.08 | J27: HLM081T4LC6 | K27: Danfoss Scroll | L27: 7 | M27: ='[1]Heat plate'!#REF! -> #REF! | N27: ='[1]Heat plate'!T27 -> 0
A28: ='[1]Heat plate'!A28 -> HEAT010.1 | B28: ='[1]Heat plate'!B28 -> EATB61-32 | D28: ='[1]Heat plate'!D28 -> 8 | E28: ='[1]Heat plate'!E28 -> 539*125*82 | F28: ='[1]Heat plate'!F28 -> 3.43 | G28: ='[1]Heat plate'!G28 -> Freon 7/8,1 1/8 water 1 1/4" | H28: ='[1]Heat plate'!H28 -> 0.75 | I28: ='[1]Heat plate'!N28 -> 1280.2933 | J28: ZB58KQE-TFD | K28: Copeland scroll | L28: 8 | M28: ='[1]Heat plate'!#REF! -> #REF! | N28: ='[1]Heat plate'!T28 -> 0
A29: ='[1]Heat plate'!A29 -> HEAT011 | B29: ='[1]Heat plate'!B29 -> EATB61-40 | D29: ='[1]Heat plate'!D29 -> 10 | E29: ='[1]Heat plate'!E29 -> 539*125*100 | F29: ='[1]Heat plate'!F29 -> 4.28 | G29: ='[1]Heat plate'!G29 -> Freon 7/8,1 1/8 water 1 1/4" | H29: ='[1]Heat plate'!H29 -> 0.75 | I29: ='[1]Heat plate'!N29 -> 1501.5111 | J29: SM124A4ALB | K29: Danfoss Scroll | L29: 10 | M29: ='[1]Heat plate'!#REF! -> #REF! | N29: ='[1]Heat plate'!T29 -> 0
A30: ='[1]Heat plate'!A30 -> HEAT012 | B30: ='[1]Heat plate'!B30 -> EATB61-50 | D30: ='[1]Heat plate'!D30 -> 12 | E30: ='[1]Heat plate'!E30 -> 539*125*124 | F30: ='[1]Heat plate'!F30 -> 5.14 | G30: ='[1]Heat plate'!G30 -> Freon 7/8,1 1/8 water 1 1/4" | H30: ='[1]Heat plate'!H30 -> 0.75 | I30: ='[1]Heat plate'!N30 -> 1778.0333 | J30: SM147A4ALB | L30: 12 | M30: ='[1]Heat plate'!#REF! -> #REF! | N30: ='[1]Heat plate'!T30 -> 5889.8514
A31: ='[1]Heat plate'!A31 -> HEAT013 | B31: ='[1]Heat plate'!B31 -> EATB85-44 | D31: ='[1]Heat plate'!D31 -> 15 | E31: ='[1]Heat plate'!E31 -> 564*188*110 | F31: ='[1]Heat plate'!F31 -> 6.42 | G31: ='[1]Heat plate'!G31 -> Freon 7/8,1 3/8 water 2" | H31: ='[1]Heat plate'!H31 -> 1.5 | I31: ='[1]Heat plate'!N31 -> 2473.2111 | J31: SM185S4CC | L31: 15 | M31: ='[1]Heat plate'!#REF! -> #REF! | N31: ='[1]Heat plate'!T31 -> 0
A32: ='[1]Heat plate'!A32 -> HEAT014 | B32: ='[1]Heat plate'!B32 -> EATB85-58 | D32: ='[1]Heat plate'!D32 -> 20 | E32: ='[1]Heat plate'!E32 -> 564*188*142 | F32: ='[1]Heat plate'!F32 -> 8.56 | G32: ='[1]Heat plate'!G32 -> Freon 7/8,1 3/8 water 2" | H32: ='[1]Heat plate'!H32 -> 1.5 | I32: ='[1]Heat plate'!N32 -> 3100.7844 | J32: SY240A4ABB | L32: 20 | M32: ='[1]Heat plate'!#REF! -> #REF! | N32: ='[1]Heat plate'!T32 -> 0
A33: ='[1]Heat plate'!A33 -> HEAT015 | B33: ='[1]Heat plate'!B33 -> EATB85-70 | D33: ='[1]Heat plate'!D33 -> 25 | E33: ='[1]Heat plate'!E33 -> 564*188*170 | F33: ='[1]Heat plate'!F33 -> 10.7 | G33: ='[1]Heat plate'!G33 -> Freon 7/8,1 3/8 water 2" | H33: ='[1]Heat plate'!H33 -> 2.2 | I33: ='[1]Heat plate'!N33 -> 3638.9778 | J33: 06EA265 | K33: CARRIER RECOND COMP | L33: 25 | M33: ='[1]Heat plate'!#REF! -> #REF! | N33: ='[1]Heat plate'!T33 -> 0
A34: ='[1]Heat plate'!A34 -> HEAT016 | B34: ='[1]Heat plate'!B34 -> EATB120-64 | D34: ='[1]Heat plate'!D34 -> 30 | E34: ='[1]Heat plate'!E34 -> 564*247*164 | F34: ='[1]Heat plate'!F34 -> 12.86 | G34: ='[1]Heat plate'!G34 -> Freon 7/8,1 3/8 water 2" | H34: ='[1]Heat plate'!H34 -> 2.2 | I34: ='[1]Heat plate'!N34 -> 4630.9044 | J34: 06EA275 | L34: 30 | M34: ='[1]Heat plate'!#REF! -> #REF! | N34: ='[1]Heat plate'!T34 -> 0
A35: ='[1]Heat plate'!A35 -> HEAT017 | B35: ='[1]Heat plate'!B35 -> EATB120-76 | D35: ='[1]Heat plate'!D35 -> 35 | E35: ='[1]Heat plate'!E35 -> 564*247*194 | F35: ='[1]Heat plate'!F35 -> 15 | G35: ='[1]Heat plate'!G35 -> Freon 7/8,1 3/8 water 2" | H35: ='[1]Heat plate'!H35 -> 4 | I35: ='[1]Heat plate'!N35 -> 5336.9244 | J35: 06EA199 | L35: 35 | M35: ='[1]Heat plate'!#REF! -> #REF! | N35: ='[1]Heat plate'!T35 -> 0
A36: ='[1]Heat plate'!A36 -> HEAT018 | B36: ='[1]Heat plate'!B36 -> EATB120-86 | D36: ='[1]Heat plate'!D36 -> 40 | E36: ='[1]Heat plate'!E36 -> 564*247*218 | F36: ='[1]Heat plate'!F36 -> 17.13 | G36: ='[1]Heat plate'!G36 -> Freon 7/8,1 3/8 water 2" | H36: ='[1]Heat plate'!H36 -> 4 | I36: ='[1]Heat plate'!N36 -> 5923.5889 | J36: 06EA299 | L36: 40 | M36: ='[1]Heat plate'!#REF! -> #REF! | N36: ='[1]Heat plate'!T36 -> 0
A37: ='[1]Heat plate'!A37 -> HEAT019 | B37: ='[1]Heat plate'!B37 -> EATB120-108 | D37: ='[1]Heat plate'!D37 -> 50 | E37: ='[1]Heat plate'!E37 -> 564*247*272 | F37: ='[1]Heat plate'!F37 -> 21.14 | G37: ='[1]Heat plate'!G37 -> Freon 7/8,1 3/8 water 2" | H37: ='[1]Heat plate'!H37 -> 4 | I37: ='[1]Heat plate'!N37 -> 7216.0911 | J37: 6F-50.2 | K37: Bitzer recond | L37: 50 | M37: ='[1]Heat plate'!#REF! -> #REF! | N37: ='[1]Heat plate'!T37 -> 0
A38: ='[1]Heat plate'!A38 -> HEAT020 | B38: ='[1]Heat plate'!B38 -> EATB61-24+24-2M | D38: ='[1]Heat plate'!D38 -> 5+5HP | E38: ='[1]Heat plate'!E38 -> 539*125*121 | F38: ='[1]Heat plate'!F38 -> 4.28 | G38: ='[1]Heat plate'!G38 -> Freon 7/8,1 1/8 water 1 1/4" | H38: ='[1]Heat plate'!H38 -> 0.75 | I38: ='[1]Heat plate'!N38 -> 1797.44 | M38: ='[1]Heat plate'!#REF! -> #REF! | N38: ='[1]Heat plate'!T38 -> 0
A39: ='[1]Heat plate'!A39 -> HEAT021 | B39: ='[1]Heat plate'!B39 -> EATB85-24+24-2M | D39: ='[1]Heat plate'!D39 -> 7.5+7.5HP | E39: ='[1]Heat plate'!E39 -> 564*188*121 | F39: ='[1]Heat plate'!F39 -> 6.42 | G39: ='[1]Heat plate'!G39 -> Freon 7/8,1 3/8 water 2" | H39: ='[1]Heat plate'!H39 -> 1.5 | I39: ='[1]Heat plate'!N39 -> 2727.32 | M39: ='[1]Heat plate'!#REF! -> #REF! | N39: ='[1]Heat plate'!T39 -> 0
A40: ='[1]Heat plate'!A40 -> HEAT022 | B40: ='[1]Heat plate'!B40 -> EATB85-30+30-2M | D40: ='[1]Heat plate'!D40 -> 10+10HP | E40: ='[1]Heat plate'!E40 -> 564*188*171 | F40: ='[1]Heat plate'!F40 -> 8.56 | G40: ='[1]Heat plate'!G40 -> Freon 7/8,1 3/8 water 2" | H40: ='[1]Heat plate'!H40 -> 1.5 | I40: ='[1]Heat plate'!N40 -> 3274.4422 | M40: ='[1]Heat plate'!#REF! -> #REF! | N40: ='[1]Heat plate'!T40 -> 0
A41: ='[1]Heat plate'!A41 -> HEAT023 | B41: ='[1]Heat plate'!B41 -> EATB85-38+38-2M | D41: ='[1]Heat plate'!D41 -> 12.5+12.5HP | E41: ='[1]Heat plate'!E41 -> 564*188*187 | F41: ='[1]Heat plate'!F41 -> 10.7 | G41: ='[1]Heat plate'!G41 -> Freon 7/8,1 3/8 water 2" | H41: ='[1]Heat plate'!H41 -> 2.2 | I41: ='[1]Heat plate'!N41 -> 3982.9222 | M41: ='[1]Heat plate'!#REF! -> #REF! | N41: ='[1]Heat plate'!T41 -> 0
A42: ='[1]Heat plate'!A42 -> HEAT024 | B42: ='[1]Heat plate'!B42 -> EATB85-46+46-2M | D42: ='[1]Heat plate'!D42 -> 15+15HP | E42: ='[1]Heat plate'!E42 -> 564*188*225 | F42: ='[1]Heat plate'!F42 -> 12.86 | G42: ='[1]Heat plate'!G42 -> Freon 7/8,1 3/8 water 2" | H42: ='[1]Heat plate'!H42 -> 2.2 | I42: ='[1]Heat plate'!N42 -> 4700.3311 | M42: ='[1]Heat plate'!#REF! -> #REF! | N42: ='[1]Heat plate'!T42 -> 0
A43: ='[1]Heat plate'!A43 -> HEAT025 | B43: ='[1]Heat plate'!B43 -> EATB25-48-2 | D43: ='[1]Heat plate'!D43 -> 5 | E43: ='[1]Heat plate'!E43 -> 297*124*119 | F43: ='[1]Heat plate'!F43 -> 2.14 | G43: ='[1]Heat plate'!G43 -> Freon 7/8,1 1/8 water 1 1/4" | H43: ='[1]Heat plate'!H43 -> 0.37 | I43: ='[1]Heat plate'!N43 -> 911.11111 | M43: ='[1]Heat plate'!#REF! -> #REF! | N43: ='[1]Heat plate'!T43 -> 0
A44: ='[1]Heat plate'!A44 -> HEAT026 | B44: ='[1]Heat plate'!B44 -> EATB61-26-2 | D44: ='[1]Heat plate'!D44 -> 6 | E44: ='[1]Heat plate'!E44 -> 539*125*68 | F44: ='[1]Heat plate'!F44 -> 2.58 | G44: ='[1]Heat plate'!G44 -> Freon 7/8,1 1/8 water 1 1/4" | H44: ='[1]Heat plate'!H44 -> 0.75 | I44: ='[1]Heat plate'!N44 -> 1015.5244 | M44: ='[1]Heat plate'!#REF! -> #REF! | N44: ='[1]Heat plate'!T44 -> 0
A45: ='[1]Heat plate'!A45 -> HEAT027 | B45: ='[1]Heat plate'!B45 -> EATB61-40-2 | D45: ='[1]Heat plate'!D45 -> 10 | E45: ='[1]Heat plate'!E45 -> 539*125*100 | F45: ='[1]Heat plate'!F45 -> 4.28 | G45: ='[1]Heat plate'!G45 -> Freon 7/8,1 1/8 water 1 1/4" | H45: ='[1]Heat plate'!H45 -> 0.75 | I45: ='[1]Heat plate'!N45 -> 1501.5111 | M45: ='[1]Heat plate'!#REF! -> #REF! | N45: ='[1]Heat plate'!T45 -> 0
A46: ='[1]Heat plate'!A46 -> HEAT028 | B46: ='[1]Heat plate'!B46 -> EATB61-50-2 | D46: ='[1]Heat plate'!D46 -> 12 | E46: ='[1]Heat plate'!E46 -> 539*125*124 | F46: ='[1]Heat plate'!F46 -> 5.14 | G46: ='[1]Heat plate'!G46 -> Freon 7/8,1 1/8 water 1 1/4" | H46: ='[1]Heat plate'!H46 -> 0.75 | I46: ='[1]Heat plate'!N46 -> 1778.0333 | M46: ='[1]Heat plate'!#REF! -> #REF! | N46: ='[1]Heat plate'!T46 -> 0
A47: ='[1]Heat plate'!A47 -> HEAT029 | B47: ='[1]Heat plate'!B47 -> EATB85-44-2 | D47: ='[1]Heat plate'!D47 -> 15 | E47: ='[1]Heat plate'!E47 -> 564*188*110 | F47: ='[1]Heat plate'!F47 -> 6.42 | G47: ='[1]Heat plate'!G47 -> Freon 7/8,1 3/8 water 2" | H47: ='[1]Heat plate'!H47 -> 1.5 | I47: ='[1]Heat plate'!N47 -> 2480.5911 | M47: ='[1]Heat plate'!#REF! -> #REF! | N47: ='[1]Heat plate'!T47 -> 0
A48: ='[1]Heat plate'!A48 -> HEAT030 | B48: ='[1]Heat plate'!B48 -> EATB85-58-2 | D48: ='[1]Heat plate'!D48 -> 20 | E48: ='[1]Heat plate'!E48 -> 564*188*142 | F48: ='[1]Heat plate'!F48 -> 8.56 | G48: ='[1]Heat plate'!G48 -> Freon 7/8,1 3/8 water 2" | H48: ='[1]Heat plate'!H48 -> 1.5 | I48: ='[1]Heat plate'!N48 -> 3138.96 | M48: ='[1]Heat plate'!#REF! -> #REF! | N48: ='[1]Heat plate'!T48 -> 0
A49: ='[1]Heat plate'!A49 -> HEAT031 | B49: ='[1]Heat plate'!B49 -> EATB120-64-2 | D49: ='[1]Heat plate'!D49 -> 30 | E49: ='[1]Heat plate'!E49 -> 564*247*164 | F49: ='[1]Heat plate'!F49 -> 12.86 | G49: ='[1]Heat plate'!G49 -> Freon 7/8,1 3/8 water 2" | H49: ='[1]Heat plate'!H49 -> 2.2 | I49: ='[1]Heat plate'!N49 -> 4630.9044 | M49: ='[1]Heat plate'!#REF! -> #REF! | N49: ='[1]Heat plate'!T49 -> 0
A50: ='[1]Heat plate'!A50 -> HEAT031.1 | B50: ='[1]Heat plate'!B50 -> CB10+10 (2*10HP C.BARREL) | C50: CHILLER BARREL EVAPORATING AT 2C | D50: ='[1]Heat plate'!D50 -> 10+10HP | E50: ='[1]Heat plate'!E50 -> 0 | F50: ='[1]Heat plate'!F50 -> 0 | G50: ='[1]Heat plate'!G50 -> 0 | I50: ='[1]Heat plate'!N50 -> 5965.9091 | M50: ='[1]Heat plate'!#REF! -> #REF! | N50: ='[1]Heat plate'!T50 -> 0
A51: ='[1]Heat plate'!A51 -> HEAT031.2 | B51: ='[1]Heat plate'!B51 -> CB12+12 (2*12HP C.BARREL) | D51: ='[1]Heat plate'!D51 -> 12+12HP | E51: ='[1]Heat plate'!E51 -> 0 | F51: ='[1]Heat plate'!F51 -> 0 | G51: ='[1]Heat plate'!G51 -> 0 | I51: ='[1]Heat plate'!N51 -> 6601.7316 | M51: ='[1]Heat plate'!#REF! -> #REF! | N51: ='[1]Heat plate'!T51 -> 0
A52: ='[1]Heat plate'!A52 -> HEAT031.3 | B52: ='[1]Heat plate'!B52 -> CB15+15 (2*15HP C.BARREL) | D52: ='[1]Heat plate'!D52 -> 15+15HP | E52: ='[1]Heat plate'!E52 -> 0 | F52: ='[1]Heat plate'!F52 -> 0 | G52: ='[1]Heat plate'!G52 -> 0 | I52: ='[1]Heat plate'!N52 -> 8373.9177 | M52: ='[1]Heat plate'!#REF! -> #REF! | N52: ='[1]Heat plate'!T52 -> 0
A53: ='[1]Heat plate'!A53 -> HEAT031.4 | B53: ='[1]Heat plate'!B53 -> CB20+20 (2*20HP C.BARREL) | D53: ='[1]Heat plate'!D53 -> 20+20HP | E53: ='[1]Heat plate'!E53 -> 0 | F53: ='[1]Heat plate'!F53 -> 0 | G53: ='[1]Heat plate'!G53 -> 0 | I53: ='[1]Heat plate'!N53 -> 9943.1818 | M53: ='[1]Heat plate'!#REF! -> #REF! | N53: ='[1]Heat plate'!T53 -> 0
A54: ='[1]Heat plate'!A54 -> HEAT031.5 | B54: ='[1]Heat plate'!B54 -> CB25+25 (2*25HP C.BARREL) | D54: ='[1]Heat plate'!D54 -> 25+25HP | E54: ='[1]Heat plate'!E54 -> 0 | F54: ='[1]Heat plate'!F54 -> 0 | G54: ='[1]Heat plate'!G54 -> 0 | I54: ='[1]Heat plate'!N54 -> 12567.641 | M54: ='[1]Heat plate'!#REF! -> #REF! | N54: ='[1]Heat plate'!T54 -> 0
A55: ='[1]Heat plate'!A56 -> HEAT032 | B55: ='[1]Heat plate'!B56 -> CB5 (5hp chiller barrel) | D55: ='[1]Heat plate'!D56 -> 5 | E55: ='[1]Heat plate'!E56 -> 906*180 | F55: ='[1]Heat plate'!F56 -> 18KW | G55: ='[1]Heat plate'!G56 -> 0 | I55: ='[1]Heat plate'!N56 -> 2120.5357 | J55: JT160GABY1L | K55: Daikin Scroll Comp 3ph | L55: 5 | M55: ='[1]Heat plate'!#REF! -> #REF! | N55: ='[1]Heat plate'!T56 -> #REF!
A56: ='[1]Heat plate'!A57 -> HEAT032.1 | B56: ='[1]Heat plate'!B57 -> CB6 (6hp chiller barrel | D56: ='[1]Heat plate'!D57 -> 6 | E56: ='[1]Heat plate'!E57 -> 986*180 | F56: ='[1]Heat plate'!F57 -> 0 | G56: ='[1]Heat plate'!G57 -> 0 | I56: ='[1]Heat plate'!N57 -> 2306.5476 | M56: ='[1]Heat plate'!#REF! -> #REF! | N56: ='[1]Heat plate'!T57 -> 0
A57: ='[1]Heat plate'!A58 -> HEAT033 | B57: ='[1]Heat plate'!B58 -> CB8 (8hp chiller barrel) | D57: ='[1]Heat plate'!D58 -> 8 | E57: ='[1]Heat plate'!E58 -> 1086*219 | F57: ='[1]Heat plate'!F58 -> 28KW | G57: ='[1]Heat plate'!G58 -> 0 | I57: ='[1]Heat plate'!N58 -> 3007.1925 | J57: ZB58KQE-TFD | K57: Copeland scroll | L57: 8 | M57: ='[1]Heat plate'!#REF! -> #REF! | N57: ='[1]Heat plate'!T58 -> 0
A58: ='[1]Heat plate'!A59 -> HEAT034 | B58: ='[1]Heat plate'!B59 -> CB10 (10hp chiller barrel) | D58: ='[1]Heat plate'!D59 -> 10 | E58: ='[1]Heat plate'!E59 -> 1206*219 | F58: ='[1]Heat plate'!F59 -> 35KW | G58: ='[1]Heat plate'!G59 -> 0 | I58: ='[1]Heat plate'!N59 -> 3298.6111 | J58: SM124A4ALB | K58: Danfoss Scroll | L58: 10 | M58: ='[1]Heat plate'!#REF! -> #REF! | N58: ='[1]Heat plate'!T59 -> 0
A59: ='[1]Heat plate'!A60 -> HEAT035 | B59: ='[1]Heat plate'!B60 -> CB12 (12hp chiller barrel) | D59: ='[1]Heat plate'!D60 -> 12 | E59: ='[1]Heat plate'!E60 -> 1406*219 | F59: ='[1]Heat plate'!F60 -> 0 | G59: ='[1]Heat plate'!G60 -> 0 | I59: ='[1]Heat plate'!N60 -> 3906.25 | M59: ='[1]Heat plate'!#REF! -> #REF! | N59: ='[1]Heat plate'!T60 -> 0
A60: ='[1]Heat plate'!A61 -> HEAT036 | B60: ='[1]Heat plate'!B61 -> CB15 (15hp chiller barrel) | D60: ='[1]Heat plate'!D61 -> 15 | E60: ='[1]Heat plate'!E61 -> 1406*219 | F60: ='[1]Heat plate'!F61 -> 47KW | G60: ='[1]Heat plate'!G61 -> 0 | I60: ='[1]Heat plate'!N61 -> 4191.4683 | J60: SM185S4CC | L60: 15 | M60: ='[1]Heat plate'!#REF! -> #REF! | N60: ='[1]Heat plate'!T61 -> 0
A61: ='[1]Heat plate'!A62 -> HEAT037 | B61: ='[1]Heat plate'!B62 -> CB20 (20hp chiller barrel) | D61: ='[1]Heat plate'!D62 -> 20 | E61: ='[1]Heat plate'!E62 -> 1606*219 | F61: ='[1]Heat plate'!F62 -> 56KW | G61: ='[1]Heat plate'!G62 -> 0 | I61: ='[1]Heat plate'!N62 -> 4861.1111 | J61: SY240A4ABB | L61: 20 | M61: ='[1]Heat plate'!#REF! -> #REF! | N61: ='[1]Heat plate'!T62 -> 16732.403
A62: ='[1]Heat plate'!A63 -> HEAT038 | B62: ='[1]Heat plate'!B63 -> CB25 (25hp chiller barrel) | D62: ='[1]Heat plate'!D63 -> 25 | E62: ='[1]Heat plate'!E63 -> 1706*219 | F62: ='[1]Heat plate'!F63 -> 65KW | G62: ='[1]Heat plate'!G63 -> 0 | I62: ='[1]Heat plate'!N63 -> 5419.1468 | J62: 06EA265 | K62: CARRIER RECOND COMP | L62: 25 | M62: ='[1]Heat plate'!#REF! -> #REF! | N62: ='[1]Heat plate'!T63 -> 0
A63: ='[1]Heat plate'!A64 -> HEAT039 | B63: ='[1]Heat plate'!B64 -> CB30 (30hp chiller barrel) | D63: ='[1]Heat plate'!D64 -> 30 | E63: ='[1]Heat plate'!E64 -> 1716*273 | F63: ='[1]Heat plate'!F64 -> 80KW | G63: ='[1]Heat plate'!G64 -> 0 | I63: ='[1]Heat plate'!N64 -> 7080.8532 | J63: 06EA275 | L63: 30 | M63: ='[1]Heat plate'!#REF! -> #REF! | N63: ='[1]Heat plate'!T64 -> 0
A64: ='[1]Heat plate'!A65 -> HEAT040 | B64: ='[1]Heat plate'!B65 -> CB35 (35hp chiller barrel) | D64: ='[1]Heat plate'!D65 -> 35 | E64: ='[1]Heat plate'!E65 -> 1916*273 | F64: ='[1]Heat plate'!F65 -> 95KW | G64: ='[1]Heat plate'!G65 -> 0 | I64: ='[1]Heat plate'!N65 -> 7936.5079 | L64: 35 | M64: ='[1]Heat plate'!#REF! -> #REF! | N64: ='[1]Heat plate'!T65 -> 0
A65: ='[1]Heat plate'!A66 -> HEAT041 | B65: ='[1]Heat plate'!B66 -> CB40 (40hp chiller barrel) | D65: ='[1]Heat plate'!D66 -> 40 | E65: ='[1]Heat plate'!E66 -> 1916*273 | F65: ='[1]Heat plate'!F66 -> 120KW | G65: ='[1]Heat plate'!G66 -> 0 | I65: ='[1]Heat plate'!N66 -> 8432.5397 | J65: 06EA299 | L65: 40 | M65: ='[1]Heat plate'!#REF! -> #REF! | N65: ='[1]Heat plate'!T66 -> 0
A66: ='[1]Heat plate'!A67 -> HEAT042 | B66: ='[1]Heat plate'!B67 -> CB50 | D66: ='[1]Heat plate'!D67 -> 50 | E66: ='[1]Heat plate'!E67 -> 0 | F66: ='[1]Heat plate'!F67 -> 135KW | G66: ='[1]Heat plate'!G67 -> 0 | I66: ='[1]Heat plate'!N67 -> 10540.675 | J66: 6F-50.2 | K66: Bitzer recond | L66: 50 | M66: ='[1]Heat plate'!#REF! -> #REF! | N66: ='[1]Heat plate'!T67 -> 0
A67: ='[1]Heat plate'!A68 -> HEAT043 | B67: ='[1]Heat plate'!B68 -> CB60 | D67: ='[1]Heat plate'!D68 -> 60 | E67: ='[1]Heat plate'!E68 -> 0 | F67: ='[1]Heat plate'!F68 -> 155KW | G67: ='[1]Heat plate'!G68 -> 0 | I67: ='[1]Heat plate'!N68 -> 12425.595 | M67: ='[1]Heat plate'!#REF! -> #REF! | N67: ='[1]Heat plate'!T68 -> 0
A68: ='[1]Heat plate'!A69 -> HEAT043.1 | B68: ='[1]Heat plate'!B69 -> CB70 | D68: ='[1]Heat plate'!D69 -> 70 | E68: ='[1]Heat plate'!E69 -> 0 | F68: ='[1]Heat plate'!F69 -> 0 | G68: ='[1]Heat plate'!G69 -> 0 | I68: ='[1]Heat plate'!N69 -> 14062.5 | M68: ='[1]Heat plate'!#REF! -> #REF! | N68: ='[1]Heat plate'!T69 -> 0
A69: ='[1]Heat plate'!A70 -> HEAT043.2 | B69: ='[1]Heat plate'!B70 -> CB80 | D69: ='[1]Heat plate'!D70 -> 80 | E69: ='[1]Heat plate'!E70 -> 0 | F69: ='[1]Heat plate'!F70 -> 0 | G69: ='[1]Heat plate'!G70 -> 0 | I69: ='[1]Heat plate'!N70 -> 16207.837 | M69: ='[1]Heat plate'!#REF! -> #REF! | N69: ='[1]Heat plate'!T70 -> 0
A70: ='[1]Heat plate'!A71 -> HEAT043.3 | B70: ='[1]Heat plate'!B71 -> CB90 | D70: ='[1]Heat plate'!D71 -> 90 | E70: ='[1]Heat plate'!E71 -> 0 | F70: ='[1]Heat plate'!F71 -> 0 | G70: ='[1]Heat plate'!G71 -> 0 | I70: ='[1]Heat plate'!N71 -> 17547.123 | M70: ='[1]Heat plate'!#REF! -> #REF! | N70: ='[1]Heat plate'!T71 -> 0
A71: ='[1]Heat plate'!A72 -> HEAT043.4 | B71: ='[1]Heat plate'!B72 -> CB100 | D71: ='[1]Heat plate'!D72 -> 100 | E71: ='[1]Heat plate'!E72 -> 0 | F71: ='[1]Heat plate'!F72 -> 0 | G71: ='[1]Heat plate'!G72 -> 0 | I71: ='[1]Heat plate'!N72 -> 18762.401 | M71: ='[1]Heat plate'!#REF! -> #REF! | N71: ='[1]Heat plate'!T72 -> 0
A72: ='[1]Heat plate'!A73 -> HEAT043.5 | B72: ='[1]Heat plate'!B73 -> CB110 | D72: ='[1]Heat plate'!D73 -> 110 | E72: ='[1]Heat plate'!E73 -> 0 | F72: ='[1]Heat plate'!F73 -> 0 | G72: ='[1]Heat plate'!G73 -> 0 | I72: ='[1]Heat plate'!N73 -> 20225.694 | M72: ='[1]Heat plate'!#REF! -> #REF! | N72: ='[1]Heat plate'!T73 -> 0
A73: ='[1]Heat plate'!A74 -> HEAT043.6 | B73: ='[1]Heat plate'!B74 -> CB120 | D73: ='[1]Heat plate'!D74 -> 120 | E73: ='[1]Heat plate'!E74 -> 0 | F73: ='[1]Heat plate'!F74 -> 0 | G73: ='[1]Heat plate'!G74 -> 0 | I73: ='[1]Heat plate'!N74 -> 21701.389 | M73: ='[1]Heat plate'!#REF! -> #REF! | N73: ='[1]Heat plate'!T74 -> 0
A74: ='[1]Heat plate'!A75 -> HEAT044 | B74: ='[1]Heat plate'!B75 -> T1HP titanium barrel 16c | C74: TITANIUM BARREL (18c) | D74: ='[1]Heat plate'!D75 -> 1hp | E74: ='[1]Heat plate'!E75 -> 330*220*280(W) | F74: ='[1]Heat plate'!F75 -> 0.064 * 3ft | G74: ='[1]Heat plate'!G75 -> 1 1/4" water inlet | I74: ='[1]Heat plate'!N75 -> 347.22222 | M74: ='[1]Heat plate'!#REF! -> #REF! | N74: ='[1]Heat plate'!T75 -> 2243.7067
A75: ='[1]Heat plate'!A76 -> HEAT045 | B75: ='[1]Heat plate'!B76 -> T1.5HP titanium barrel 16c | D75: ='[1]Heat plate'!D76 -> 1.5hp | E75: ='[1]Heat plate'!E76 -> 330*220*280(W) | F75: ='[1]Heat plate'!F76 -> 0.064 * 2.5ft | G75: ='[1]Heat plate'!G76 -> 1 1/4" water inlet | I75: ='[1]Heat plate'!N76 -> 440.22817 | M75: ='[1]Heat plate'!#REF! -> #REF! | N75: ='[1]Heat plate'!T76 -> 2535.792
A76: ='[1]Heat plate'!A77 -> HEAT046 | B76: ='[1]Heat plate'!B77 -> T2HP titanium barrel 16c | D76: ='[1]Heat plate'!D77 -> 2hp | E76: ='[1]Heat plate'!E77 -> 330*220*280(W) | F76: ='[1]Heat plate'!F77 -> 0.075 * 1.5ft | G76: ='[1]Heat plate'!G77 -> 1 1/4" water inlet | I76: ='[1]Heat plate'!N77 -> 496.03175 | M76: ='[1]Heat plate'!#REF! -> #REF! | N76: ='[1]Heat plate'!T77 -> 2937.7008
A77: ='[1]Heat plate'!A78 -> HEAT047 | B77: ='[1]Heat plate'!B78 -> T3HP titanium barrel 16c | D77: ='[1]Heat plate'!D78 -> 3hp | E77: ='[1]Heat plate'!E78 -> 430*220*280(W) | F77: ='[1]Heat plate'!F78 -> 0.09 * 1.5ft | G77: ='[1]Heat plate'!G78 -> 1 1/2" water inlet | I77: ='[1]Heat plate'!N78 -> 606.39881 | M77: ='[1]Heat plate'!#REF! -> #REF! | N77: ='[1]Heat plate'!T78 -> 4205.3042
A78: ='[1]Heat plate'!A79 -> HEAT048 | B78: ='[1]Heat plate'!B79 -> T4HP titanium barrel 16c | D78: ='[1]Heat plate'!D79 -> 4 | E78: ='[1]Heat plate'!E79 -> 490*230*290(W) | F78: ='[1]Heat plate'!F79 -> 0.075 * 12" *2 | G78: ='[1]Heat plate'!G79 -> 1 1/2" water inlet | I78: ='[1]Heat plate'!N79 -> 721.72619 | M78: ='[1]Heat plate'!#REF! -> #REF! | N78: ='[1]Heat plate'!T79 -> 0
A79: ='[1]Heat plate'!A80 -> HEAT049 | B79: ='[1]Heat plate'!B80 -> T5HP titanium barrel 16c | D79: ='[1]Heat plate'!D80 -> 5 | E79: ='[1]Heat plate'!E80 -> 560*230*290(W) | F79: ='[1]Heat plate'!F80 -> 0.09*15"*2 | G79: ='[1]Heat plate'!G80 -> 1 1/2" water inlet | I79: ='[1]Heat plate'!N80 -> 758.92857 | M79: ='[1]Heat plate'!#REF! -> #REF! | N79: ='[1]Heat plate'!T80 -> 0
A80: ='[1]Heat plate'!A81 -> HEAT050 | B80: ='[1]Heat plate'!B81 -> T1hpS-RC (100mm) Titanium coil | C80: TITANIUM COIL (18c) | D80: ='[1]Heat plate'!D81 -> 1 | E80: ='[1]Heat plate'!E81 -> 200*430H*100mmd | F80: ='[1]Heat plate'!F81 -> 1/2" * 1/2" | G80: ='[1]Heat plate'!G81 -> 0 | I80: ='[1]Heat plate'!N81 -> ~ | M80: ='[1]Heat plate'!#REF! -> #REF! | N80: ='[1]Heat plate'!T81 -> 0
A81: ='[1]Heat plate'!A82 -> HEAT051 | B81: ='[1]Heat plate'!B82 -> T1.5hpS-RC (100mm) Titanium coil | D81: ='[1]Heat plate'!D82 -> 1.5 | E81: ='[1]Heat plate'!E82 -> 280*480H*100mmd | F81: ='[1]Heat plate'!F82 -> 1/2" * 1/2" | G81: ='[1]Heat plate'!G82 -> 0 | I81: ='[1]Heat plate'!N82 -> ~ | M81: ='[1]Heat plate'!#REF! -> #REF! | N81: ='[1]Heat plate'!T82 -> 0
A82: ='[1]Heat plate'!A83 -> HEAT052 | B82: ='[1]Heat plate'!B83 -> T2hpS-RC (100mm) Titanium coil | D82: ='[1]Heat plate'!D83 -> 2 | E82: ='[1]Heat plate'!E83 -> 400*500H*100mmd | F82: ='[1]Heat plate'!F83 -> 1/2" * 1/2" | G82: ='[1]Heat plate'!G83 -> 0 | I82: ='[1]Heat plate'!N83 -> ~ | M82: ='[1]Heat plate'!#REF! -> #REF! | N82: ='[1]Heat plate'!T83 -> 0
A83: ='[1]Heat plate'!A84 -> HEAT053 | B83: ='[1]Heat plate'!B84 -> T1hp-RC Titanium coil | D83: ='[1]Heat plate'!D84 -> 1 | E83: ='[1]Heat plate'!E84 -> 200*430H*150mmd | F83: ='[1]Heat plate'!F84 -> 1/2" * 1/2" | G83: ='[1]Heat plate'!G84 -> 0.064 * 3ft | I83: ='[1]Heat plate'!N84 -> 173.61111 | M83: ='[1]Heat plate'!#REF! -> #REF! | N83: ='[1]Heat plate'!T84 -> 0
A84: ='[1]Heat plate'!A85 -> HEAT054 | B84: ='[1]Heat plate'!B85 -> T1.5hp-RC Titanium coil | D84: ='[1]Heat plate'!D85 -> 1.5 | E84: ='[1]Heat plate'!E85 -> 280*480H*150mmd | F84: ='[1]Heat plate'!F85 -> 1/2" * 1/2" | G84: ='[1]Heat plate'!G85 -> 0.064 * 2.5ft | I84: ='[1]Heat plate'!N85 -> 240.5754 | M84: ='[1]Heat plate'!#REF! -> #REF! | N84: ='[1]Heat plate'!T85 -> 0
A85: ='[1]Heat plate'!A86 -> HEAT055 | B85: ='[1]Heat plate'!B86 -> T2hp-RC Titanium coil | D85: ='[1]Heat plate'!D86 -> 2 | E85: ='[1]Heat plate'!E86 -> 400*500H*150mmd | F85: ='[1]Heat plate'!F86 -> 1/2" * 1/2" | G85: ='[1]Heat plate'!G86 -> 0.075 * 1.5ft | I85: ='[1]Heat plate'!N86 -> 307.53968 | M85: ='[1]Heat plate'!#REF! -> #REF! | N85: ='[1]Heat plate'!T86 -> 0
A86: ='[1]Heat plate'!A87 -> HEAT056 | B86: ='[1]Heat plate'!B87 -> T3hp-RC Titanium coil | D86: ='[1]Heat plate'!D87 -> 3 | E86: ='[1]Heat plate'!E87 -> 340*520H*150mmd | F86: ='[1]Heat plate'!F87 -> 1/2" * 3/4" | G86: ='[1]Heat plate'!G87 -> 0.09 * 1.5ft | I86: ='[1]Heat plate'!N87 -> 427.82738 | M86: ='[1]Heat plate'!#REF! -> #REF! | N86: ='[1]Heat plate'!T87 -> 0
A87: ='[1]Heat plate'!A88 -> HEAT057 | B87: ='[1]Heat plate'!B88 -> T4hp-RC Titanium coil | D87: ='[1]Heat plate'!D88 -> 4 | E87: ='[1]Heat plate'!E88 -> 390*520H*150mmd | F87: ='[1]Heat plate'!F88 -> 1/2" * 3/4" | G87: ='[1]Heat plate'!G88 -> 0.075 * 12" *2 | I87: ='[1]Heat plate'!N88 -> 489.83135 | M87: ='[1]Heat plate'!#REF! -> #REF! | N87: ='[1]Heat plate'!T88 -> 0
A88: ='[1]Heat plate'!A89 -> HEAT058 | B88: ='[1]Heat plate'!B89 -> T5hp-RC Titanium coil | D88: ='[1]Heat plate'!D89 -> 5 | E88: ='[1]Heat plate'!E89 -> 450*520H*150mmd | F88: ='[1]Heat plate'!F89 -> 1/2" * 3/4" | G88: ='[1]Heat plate'!G89 -> 0.09*15"*2 | I88: ='[1]Heat plate'!N89 -> 551.83532 | M88: ='[1]Heat plate'!#REF! -> #REF! | N88: ='[1]Heat plate'!T89 -> 0
A89: ='[1]Heat plate'!A90 -> HEAT059 | B89: ='[1]Heat plate'!B90 -> TS1hp Titanium barrel 2c | C89: TITANIUM BARREL SMALL BODY (18c) | D89: ='[1]Heat plate'!D90 -> 1 | E89: ='[1]Heat plate'!E90 -> 405h*215d | F89: ='[1]Heat plate'!F90 -> 0 | G89: ='[1]Heat plate'!G90 -> 0.055 * 800mm | I89: ='[1]Heat plate'!N90 -> 421.62698 | M89: ='[1]Heat plate'!#REF! -> #REF! | N89: ='[1]Heat plate'!T90 -> 2318.1115
A90: ='[1]Heat plate'!A91 -> HEAT060 | B90: ='[1]Heat plate'!B91 -> TS1.5hp Titanium barrel 2c | D90: ='[1]Heat plate'!D91 -> 1.5 | E90: ='[1]Heat plate'!E91 -> 455h*215d | F90: ='[1]Heat plate'!F91 -> 0 | G90: ='[1]Heat plate'!G91 -> 0.064 * 800mm | I90: ='[1]Heat plate'!N91 -> 644.84127 | M90: ='[1]Heat plate'!#REF! -> #REF! | N90: ='[1]Heat plate'!T91 -> 2740.4051
A91: ='[1]Heat plate'!A92 -> HEAT061 | B91: ='[1]Heat plate'!B92 -> TS2hp Titanium barrel 2c | D91: ='[1]Heat plate'!D92 -> 2 | E91: ='[1]Heat plate'!E92 -> 475h*215d | F91: ='[1]Heat plate'!F92 -> 0 | G91: ='[1]Heat plate'!G92 -> 0.070 * 650mm | I91: ='[1]Heat plate'!N92 -> 813.49206 | M91: ='[1]Heat plate'!#REF! -> #REF! | N91: ='[1]Heat plate'!T92 -> 4264.3419
A92: ='[1]Heat plate'!A93 -> HEAT062 | B92: ='[1]Heat plate'!B93 -> TS3hp Titanium barrel 2c | D92: ='[1]Heat plate'!D93 -> 3 | E92: ='[1]Heat plate'!E93 -> 575h*215d | F92: ='[1]Heat plate'!F93 -> 0 | G92: ='[1]Heat plate'!G93 -> 0.08 *600mm | I92: ='[1]Heat plate'!N93 -> 1091.2698 | M92: ='[1]Heat plate'!#REF! -> #REF! | N92: ='[1]Heat plate'!T93 -> 4690.1752
A93: ='[1]Heat plate'!A94 -> HEAT063 | B93: ='[1]Heat plate'!B94 -> TS4hp Titanium barrel 2c | D93: ='[1]Heat plate'!D94 -> 4 | E93: ='[1]Heat plate'!E94 -> 675h*215d | F93: ='[1]Heat plate'!F94 -> 0 | G93: ='[1]Heat plate'!G94 -> 0.075 * 200mm | I93: ='[1]Heat plate'!N94 -> 1550.0992 | M93: ='[1]Heat plate'!#REF! -> #REF! | N93: ='[1]Heat plate'!T94 -> 0
A94: ='[1]Heat plate'!A95 -> HEAT064 | B94: ='[1]Heat plate'!B95 -> TS5hp Titanium barrel 2c | D94: ='[1]Heat plate'!D95 -> 5 | E94: ='[1]Heat plate'!E95 -> 675h*265d | F94: ='[1]Heat plate'!F95 -> 0 | G94: ='[1]Heat plate'!G95 -> 0.09*250mm | I94: ='[1]Heat plate'!N95 -> 1847.7183 | M94: ='[1]Heat plate'!#REF! -> #REF! | N94: ='[1]Heat plate'!T95 -> 0
A95: ='[1]Heat plate'!A96 -> HEAT065 | B95: ='[1]Heat plate'!B96 -> T5hp-2c Titanium barrel | C95: TITANIUM CHILLER BARREL (2c) pvc casing for marine water | D95: ='[1]Heat plate'!D96 -> 5 | E95: ='[1]Heat plate'!E96 -> 660*250*402 | F95: ='[1]Heat plate'!F96 -> 18KW | I95: ='[1]Heat plate'!N96 -> 1860.119 | J95: JT160GABY1L | K95: Daikin Scroll Comp 3ph | M95: ='[1]Heat plate'!#REF! -> #REF! | N95: ='[1]Heat plate'!T96 -> 0
A96: ='[1]Heat plate'!A97 -> HEAT067 | B96: ='[1]Heat plate'!B97 -> T8hp-2C Titanium barrel | D96: ='[1]Heat plate'!D97 -> 8 | E96: ='[1]Heat plate'!E97 -> 880*250*402 | F96: ='[1]Heat plate'!F97 -> 28KW | I96: ='[1]Heat plate'!N97 -> 2962.5496 | J96: MLZ058T4LC9 | K96: Danfoss Scroll | M96: ='[1]Heat plate'!#REF! -> #REF! | N96: ='[1]Heat plate'!T97 -> 0
A97: ='[1]Heat plate'!A98 -> HEAT068 | B97: ='[1]Heat plate'!B98 -> T10hp-2cC Titanium barrel | D97: ='[1]Heat plate'!D98 -> 10 | E97: ='[1]Heat plate'!E98 -> 1020*250*402 | F97: ='[1]Heat plate'!F98 -> 35KW | I97: ='[1]Heat plate'!N98 -> 3348.2143 | M97: ='[1]Heat plate'!#REF! -> #REF! | N97: ='[1]Heat plate'!T98 -> 0
A98: ='[1]Heat plate'!A99 -> HEAT069 | B98: ='[1]Heat plate'!B99 -> T12hp-2cC Titanium barrel | D98: ='[1]Heat plate'!D99 -> 12 | E98: ='[1]Heat plate'!E99 -> 1200*250*402 | F98: ='[1]Heat plate'!F99 -> 36KW | I98: ='[1]Heat plate'!N99 -> 3472.2222 | J98: SM124A4ALB | M98: ='[1]Heat plate'!#REF! -> #REF! | N98: ='[1]Heat plate'!T99 -> 0
A99: ='[1]Heat plate'!A100 -> HEAT070 | B99: ='[1]Heat plate'!B100 -> T15hp-2cC Titanium barrel | D99: ='[1]Heat plate'!D100 -> 15 | E99: ='[1]Heat plate'!E100 -> 1500*250*402 | F99: ='[1]Heat plate'!F100 -> 47KW | I99: ='[1]Heat plate'!N100 -> ~ | J99: SM147A4ALB | M99: ='[1]Heat plate'!#REF! -> #REF! | N99: ='[1]Heat plate'!T100 -> 0
A100: ='[1]Heat plate'!A101 -> HEAT071 | B100: ='[1]Heat plate'!B101 -> T20hp-2cC Titanium barrel | D100: ='[1]Heat plate'!D101 -> 20 | E100: ='[1]Heat plate'!E101 -> 1150*355*513 | F100: ='[1]Heat plate'!F101 -> 56KW | I100: ='[1]Heat plate'!N101 -> ~ | J100: SM185S4CC | M100: ='[1]Heat plate'!#REF! -> #REF! | N100: ='[1]Heat plate'!T101 -> 0
A101: ='[1]Heat plate'!A102 -> HEAT082 | B101: ='[1]Heat plate'!B102 -> T5SSCB Titanium barrel (5HP) +2C | C101: TITANIUM CHILLER BARREL S/STEEL CASING 2c | D101: ='[1]Heat plate'!D102 -> 5 | E101: ='[1]Heat plate'!E102 -> 0 | F101: ='[1]Heat plate'!F102 -> 0 | I101: ='[1]Heat plate'!N102 -> 1711.3095 | M101: ='[1]Heat plate'!#REF! -> #REF! | N101: ='[1]Heat plate'!T102 -> 0
A102: ='[1]Heat plate'!A103 -> HEAT083 | B102: ='[1]Heat plate'!B103 -> T6SSCB Titanium barrel | D102: ='[1]Heat plate'!D103 -> 6 | E102: ='[1]Heat plate'!E103 -> 0 | F102: ='[1]Heat plate'!F103 -> 0 | I102: ='[1]Heat plate'!N103 -> 1934.5238 | M102: ='[1]Heat plate'!#REF! -> #REF! | N102: ='[1]Heat plate'!T103 -> 0
A103: ='[1]Heat plate'!A104 -> HEAT084 | B103: ='[1]Heat plate'!B104 -> T8SSCB Titanium barrel | D103: ='[1]Heat plate'!D104 -> 8 | E103: ='[1]Heat plate'!E104 -> 0 | F103: ='[1]Heat plate'!F104 -> 0 | I103: ='[1]Heat plate'!N104 -> 2380.9524 | M103: ='[1]Heat plate'!#REF! -> #REF! | N103: ='[1]Heat plate'!T104 -> 0
A104: ='[1]Heat plate'!A105 -> HEAT085 | B104: ='[1]Heat plate'!B105 -> T10SSCB Titanium barrel | D104: ='[1]Heat plate'!D105 -> 10 | E104: ='[1]Heat plate'!E105 -> 0 | F104: ='[1]Heat plate'!F105 -> 0 | I104: ='[1]Heat plate'!N105 -> 3224.2063 | M104: ='[1]Heat plate'!#REF! -> #REF! | N104: ='[1]Heat plate'!T105 -> 0
A105: ='[1]Heat plate'!A106 -> HEAT086 | B105: ='[1]Heat plate'!B106 -> T12SSCB Titanium barrel | D105: ='[1]Heat plate'!D106 -> 12 | E105: ='[1]Heat plate'!E106 -> 0 | F105: ='[1]Heat plate'!F106 -> 0 | I105: ='[1]Heat plate'!N106 -> 3720.2381 | M105: ='[1]Heat plate'!#REF! -> #REF! | N105: ='[1]Heat plate'!T106 -> 0
...

Sheet BITZER
A1: WELLER AIR-COND PARTS ENTERPRISE SDN BHD (613386-K)
A3: ='Heat plate'!A3 -> DATE :5.5.26
A8: =[1]BITZER!$A8 -> ITEM CODE | B8: =[1]BITZER!$A8 -> ITEM CODE | C8: =[1]BITZER!$A8 -> ITEM CODE | D8: BRAND | E8: =[1]BITZER!$E$8 -> Accessories | F8: =[1]BITZER!$F$8 -> HP | G8: =[1]BITZER!$G$8 -> BTU AT 0C to -25C | H8: =[1]BITZER!$N$8 -> Germany Bitzer (RM) | I8: ACC OF REF | J8: =[1]BITZER!$R$8 -> CU QC MODEL | K8: =[1]BITZER!U$8 -> Cond QC (RM) | L8: =[1]BITZER!$W8 -> HTC MODEL | M8: =[1]BITZER!$Z8 -> HTC cond (RM)
A9: =[1]BITZER!$A9 -> 0 | B9: =[1]BITZER!$B9 -> 2HES-1(Y) | C9: =[1]BITZER!$C9 -> 2HC-1.2 | D9: GUANRANTEE ORIGINAL BITZER SEMI-HERMERTIC COMPRESSOR | E9: =[1]BITZER!$E9 -> CH | F9: =[1]BITZER!$F9 -> 1.5 LT | G9: =[1]BITZER!$G9 -> 4900btu | H9: =[1]BITZER!$N9 -> 0 | I9: All danfoss acc filter drier,sight glass,hand valve,solenoid valve,hi-lo control,oil pressure gauge ,oil separator,suction accumulator,vibration hose and etc. | J9: =[1]BITZER!R9 -> CU - 22 QC | K9: =[1]BITZER!U9 -> 0 | L9: =[1]BITZER!$W9 -> 0 | M9: =[1]BITZER!$Z9 -> 0
A10: =[1]BITZER!$A10 -> 0 | B10: =[1]BITZER!$B10 -> 2HES-2(Y) | C10: =[1]BITZER!$C10 -> 2HC-2.2 | E10: =[1]BITZER!$E10 -> CH | F10: =[1]BITZER!$F10 -> 2 MT | G10: =[1]BITZER!$G10 -> 14100btu | H10: =[1]BITZER!$N10 -> 0 | J10: =[1]BITZER!R10 -> CU - 32 QC | K10: =[1]BITZER!U10 -> 0 | L10: =[1]BITZER!$W10 -> HTC-3 | M10: =[1]BITZER!$Z10 -> 0
A11: =[1]BITZER!$A11 -> 0 | B11: =[1]BITZER!$B11 -> 2GES-2(Y) | C11: =[1]BITZER!$C11 -> 2GC-2.2 | E11: =[1]BITZER!$E11 -> CH | F11: =[1]BITZER!$F11 -> 2 LT | G11: =[1]BITZER!$G11 -> 5870btu | H11: =[1]BITZER!$N11 -> 0 | J11: =[1]BITZER!R11 -> CU - 32 QC | K11: =[1]BITZER!U11 -> 8172.4789 | L11: =[1]BITZER!$W11 -> HTC-3 | M11: =[1]BITZER!$Z11 -> 8646.026
A12: =[1]BITZER!$A12 -> 0 | B12: =[1]BITZER!$B12 -> 2FES-2(Y) | C12: =[1]BITZER!$C12 -> 2FC-2.2 | E12: =[1]BITZER!$E12 -> CH | F12: =[1]BITZER!$F12 -> 2 LT | G12: =[1]BITZER!$G12 -> 7030btu | H12: =[1]BITZER!$N12 -> 4964.9351 | J12: =[1]BITZER!R12 -> CU - 36 QC | K12: =[1]BITZER!U12 -> 8500.4433 | L12: =[1]BITZER!$W12 -> HTC-3 | M12: =[1]BITZER!$Z12 -> 8857.4546
A13: =[1]BITZER!$A13 -> 0 | B13: =[1]BITZER!$B13 -> 2FES-3(Y) | C13: =[1]BITZER!$C13 -> 2FC-3.2 | E13: =[1]BITZER!$E13 -> CH | F13: =[1]BITZER!$F13 -> 3 MT | G13: =[1]BITZER!$G13 -> 20100btu | H13: =[1]BITZER!$N13 -> 5174.026 | J13: =[1]BITZER!R13 -> CU - 40 QC | K13: =[1]BITZER!U13 -> 8837.8644 | L13: =[1]BITZER!$W13 -> HTC-3 | M13: =[1]BITZER!$Z13 -> 9087.4546
A14: =[1]BITZER!$A14 -> 0 | B14: =[1]BITZER!$B14 -> 2EES-2(Y) | C14: =[1]BITZER!$C14 -> 2EC-2.2 | E14: =[1]BITZER!$E14 -> CH | F14: =[1]BITZER!$F14 -> 2 LT | G14: =[1]BITZER!$G14 -> 8157btu | H14: =[1]BITZER!$N14 -> 6922.0779 | J14: =[1]BITZER!R14 -> CU - 40 QC | K14: =[1]BITZER!U14 -> 10760.722 | L14: =[1]BITZER!$W14 -> HTC-3 | M14: =[1]BITZER!$Z14 -> 11010.312
A15: =[1]BITZER!$A15 -> 0 | B15: =[1]BITZER!$B15 -> 2EES-3(Y) | C15: =[1]BITZER!$C15 -> 2EC-3.2 | E15: =[1]BITZER!$E15 -> CH | F15: =[1]BITZER!$F15 -> 3 MT | G15: =[1]BITZER!$G15 -> 23891btu | H15: =[1]BITZER!$N15 -> 7459.7403 | J15: =[1]BITZER!R15 -> CU - 50 QC | K15: =[1]BITZER!U15 -> 11601.464 | L15: =[1]BITZER!$W15 -> HTC-3 | M15: =[1]BITZER!$Z15 -> 11601.74
A16: =[1]BITZER!$A16 -> BIT001 | B16: =[1]BITZER!$B16 -> 2DES-2(Y) | C16: =[1]BITZER!$C16 -> 2DC-2.2 | E16: =[1]BITZER!$E16 -> CH | F16: =[1]BITZER!$F16 -> 2 LT | G16: =[1]BITZER!$G16 -> 9078btu | H16: =[1]BITZER!$N16 -> 7198.7013 | J16: =[1]BITZER!R16 -> CU - 40 QC | K16: =[1]BITZER!U16 -> 11065.007 | L16: =[1]BITZER!$W16 -> HTC-4 | M16: =[1]BITZER!$Z16 -> 11673.57
A17: =[1]BITZER!$A17 -> BIT002 | B17: =[1]BITZER!$B17 -> 2DES-3(Y) | C17: =[1]BITZER!$C17 -> 2DC-3.2 | E17: =[1]BITZER!$E17 -> CH | F17: =[1]BITZER!$F17 -> 3 MT | G17: =[1]BITZER!$G17 -> 28600btu | H17: =[1]BITZER!$N17 -> 7496.1039 | J17: =[1]BITZER!R17 -> CU - 50 QC | K17: =[1]BITZER!U17 -> 11641.464 | L17: =[1]BITZER!$W17 -> HTC-4 | M17: =[1]BITZER!$Z17 -> 12000.713
A18: =[1]BITZER!$A18 -> BIT003 | B18: =[1]BITZER!$B18 -> 2CES-3(Y) | C18: =[1]BITZER!$C18 -> 2CC-3.2 | E18: =[1]BITZER!$E18 -> CH | F18: =[1]BITZER!$F18 -> 3 LT | G18: =[1]BITZER!$G18 -> 11399btu | H18: =[1]BITZER!$N18 -> 7497.4026 | J18: =[1]BITZER!R18 -> CU - 50 QC | K18: =[1]BITZER!U18 -> 11642.893 | L18: =[1]BITZER!$W18 -> HTC-4 | M18: =[1]BITZER!$Z18 -> 12002.142
A19: =[1]BITZER!$A19 -> BIT004 | B19: =[1]BITZER!$B19 -> 2CES-4(Y) | C19: =[1]BITZER!$C19 -> 2CC-4.2 | E19: =[1]BITZER!$E19 -> CH | F19: =[1]BITZER!$F19 -> 4 MT | G19: =[1]BITZER!$G19 -> 35119btu | H19: =[1]BITZER!$N19 -> 7771.4286 | J19: =[1]BITZER!R19 -> CU - 64 QC | K19: =[1]BITZER!U19 -> 12604.654 | L19: =[1]BITZER!$W19 -> HTC-5 | M19: =[1]BITZER!$Z19 -> 12353.084
A20: =[1]BITZER!$A20 -> BIT005 | B20: =[1]BITZER!$B20 -> 4FES-3(Y) | C20: =[1]BITZER!$C20 -> 4FC-3.2 | E20: =[1]BITZER!$E20 -> CH | F20: =[1]BITZER!$F20 -> 3 LT | G20: =[1]BITZER!$G20 -> 12867btu | H20: =[1]BITZER!$N20 -> 8016.8831 | J20: =[1]BITZER!R20 -> CU - 50 QC | K20: =[1]BITZER!U20 -> 12214.321 | L20: =[1]BITZER!$W20 -> HTC-5 | M20: =[1]BITZER!$Z20 -> 12623.084
A21: =[1]BITZER!$A21 -> BIT006 | B21: =[1]BITZER!$B21 -> 4FES-5(Y) | C21: =[1]BITZER!$C21 -> 4FC-5.2 | E21: =[1]BITZER!$E21 -> CH | F21: =[1]BITZER!$F21 -> 5 MT | G21: =[1]BITZER!$G21 -> 40682btu | H21: =[1]BITZER!$N21 -> 8931.1688 | J21: =[1]BITZER!R21 -> CU - 72 QC | K21: =[1]BITZER!U21 -> 14237.275 | L21: =[1]BITZER!$W21 -> HTC-8 | M21: =[1]BITZER!$Z21 -> 14458.824
... A50: =[1]BITZER!$A50 -> BIT029.3 | B50: =[1]BITZER!$B50 -> S6H-20.2Y | C50: =[1]BITZER!$C50 -> 0 | E50: =[1]BITZER!$E50 -> OPSS/CH | F50: =[1]BITZER!$F50 -> 0 | G50: =[1]BITZER!$G50 -> 0 | H50: =[1]BITZER!$N50 -> 39090.909 | J50: =[1]BITZER!R50 -> CU - 250 QC | K50: =[1]BITZER!U50 -> 57423.7 | L50: =[1]BITZER!$W50 -> 0 | M50: =[1]BITZER!$Z50 -> 0
A51: =[1]BITZER!$A51 -> BIT029.4 | B51: =[1]BITZER!$B51 -> S6G-25.2Y | C51: =[1]BITZER!$C51 -> S6H-20.2 | E51: =[1]BITZER!$E51 -> OPSS/CH | F51: =[1]BITZER!$F51 -> 20 LT | G51: =[1]BITZER!$G51 -> 0 | H51: =[1]BITZER!$N51 -> 43392.208 | J51: =[2]BITZER!$R51 -> CU - 250 QC | K51: =[1]BITZER!U51 -> 64285.276 | L51: =[1]BITZER!$W51 -> 0 | M51: =[1]BITZER!$Z51 -> 0
A52: =[1]BITZER!$A52 -> BIT030 | B52: =[1]BITZER!$B52 -> S6F-30.2Y GERMANY | C52: =[1]BITZER!$C52 -> S6F-30.2 GERMANY | E52: =[1]BITZER!$E52 -> OPSS/CH | F52: =[1]BITZER!$F52 -> 30 LT | G52: =[1]BITZER!$G52 -> 113482btu | H52: =[1]BITZER!$N52 -> 44638.961 | J52: =[2]BITZER!$R52 -> CU - 350 QC | K52: =[1]BITZER!U52 -> 67083.985 | L52: =[1]BITZER!$W52 -> HTC-35 | M52: =[1]BITZER!$Z52 -> 63010.994
A53: LT - LOW TEMP COMPRESSOR , MT - MEDIUM TEMP COMPRESSOR
A54: ACCESSORIES : OPSS - OIL PRESSURE SWITCH , CH - CRANKCASE HEATER
A55: PRICE VALID : For intend order only and ex-factory at K.L price
A56: *PLEASE EMAIL OR FAX OVER THE BANK IN SLIP
A57: BANK ACC :HONG LEONG BANK BHD 36600016285 , PUBLIC BANK BHD 3119617816
A58: BENEFICIARY :WELLER AIR-COND PARTS ENTERPRICE SDN BHD
A59: COMPUTER PRINT GENERATE ONLY

Sheet REFCOMP
A1: WELLER AIR-COND PARTS ENTERPRISE SDN BHD (613386-K)
A3: =BITZER!A3 -> DATE :5.5.26
A8: ITEM CODE | B8: MODEL | C8: Equalvelant bitzer | D8: BRAND | E8: Accessories | F8: HP | G8: BTU AT 0C to -25C | H8: =[1]REFCOMP!L8 -> (RM) | I8: ACC OF REF | J8: CU QC MODEL | K8: =[1]REFCOMP!$U8 -> Cond QC (RM) | L8: =[1]REFCOMP!$V8 -> HTC MODEL | M8: =[1]REFCOMP!$Y8 -> HTC cond (RM)
A9: =[1]REFCOMP!$A9 -> REF001 | B9: =[1]REFCOMP!$B9 -> SPC-19L（3匹） | C9: =[1]REFCOMP!C9 -> 4FES3Y | D9: REFCOMP SEMI-HERMERTIC COMPRESSOR USE FOR R404A,R507,R22 | E9: =[1]REFCOMP!$E9 -> CH | F9: =[1]REFCOMP!F9 -> 3 LT | G9: =[1]REFCOMP!$G9 -> 11399btu | H9: =[1]REFCOMP!L9 -> 4682.4164 | I9: All danfoss acc filter drier,sight glass,hand valve,solenoid valve,hi-lo control,oil pressure gauge ,oil separator,suction accumulator,vibration hose and etc. | J9: =[1]REFCOMP!$R9 -> CU - 50 QC | K9: =[1]REFCOMP!$U9 -> 8641.7803 | L9: =[1]REFCOMP!$V9 -> HTC-4 | M9: =[1]REFCOMP!$Y9 -> 9028.6639
A10: =[1]REFCOMP!$A10 -> REF002 | B10: =[1]REFCOMP!$B10 -> SPC4-23L（4匹） | C10: =[1]REFCOMP!C10 -> 4EES4Y | E10: =[1]REFCOMP!$E10 -> CH | F10: =[1]REFCOMP!F10 -> 4 LT | G10: =[1]REFCOMP!$G10 -> 16006btu | H10: =[1]REFCOMP!L10 -> 4825.6803 | J10: =[1]REFCOMP!$R10 -> CU - 72 QC | K10: =[1]REFCOMP!$U10 -> 9655.5669 | L10: =[1]REFCOMP!$V10 -> HTC-8 | M10: =[1]REFCOMP!$Y10 -> 9894.1584
A11: =[1]REFCOMP!$A11 -> REF003 | B11: =[1]REFCOMP!$B11 -> SPC4-27L（5匹） | C11: =[1]REFCOMP!C11 -> 4DES-5(Y) | E11: =[1]REFCOMP!$E11 -> CH | F11: =[1]REFCOMP!F11 -> 5 LT | G11: =[1]REFCOMP!$G11 -> 21024btu | H11: =[1]REFCOMP!L11 -> 5118.6779 | J11: =[1]REFCOMP!$R11 -> CU - 64 QC | K11: =[1]REFCOMP!$U11 -> 10103.996 | L11: =[1]REFCOMP!$V11 -> HTC-8 | M11: =[1]REFCOMP!$Y11 -> 10490.963
A12: =[1]REFCOMP!$A12 -> REF004 | B12: =[1]REFCOMP!$B12 -> SPC4-33L（6匹） | C12: =[1]REFCOMP!C12 -> 4CES-6(Y) | E12: =[1]REFCOMP!$E12 -> CH | F12: =[1]REFCOMP!F12 -> 6 LT | G12: =[1]REFCOMP!$G12 -> 262118btu | H12: =[1]REFCOMP!L12 -> 5518.8923 | J12: =[1]REFCOMP!$R12 -> CU - 90 QC | K12: =[1]REFCOMP!$U12 -> 11013.31 | L12: =[1]REFCOMP!$V12 -> HTC-8 | M12: =[1]REFCOMP!$Y12 -> 10921.963
A13: =[1]REFCOMP!$A13 -> REF005 | B13: =[1]REFCOMP!$B13 -> SP4LF 060E | C13: =[1]REFCOMP!C13 -> 4VES-7(Y) | E13: =[1]REFCOMP!$E13 -> CH | F13: =[1]REFCOMP!F13 -> 6 LT | G13: =[1]REFCOMP!$G13 -> 29000btu | H13: =[1]REFCOMP!L13 -> 6683.8121 | J13: =[1]REFCOMP!$R13 -> CU - 72 QC | K13: =[1]REFCOMP!$U13 -> 12172.663 | L13: =[1]REFCOMP!$V13 -> HTC-8 | M13: =[1]REFCOMP!$Y13 -> 12411.255
A14: =[1]REFCOMP!$A14 -> REF006 | B14: =[1]REFCOMP!$B14 -> SP4LF 080E | C14: =[1]REFCOMP!C14 -> 4TES-9(Y) | E14: =[1]REFCOMP!$E14 -> CH | F14: =[1]REFCOMP!F14 -> 8 LT | G14: =[1]REFCOMP!$G14 -> 30887btu | H14: =[1]REFCOMP!L14 -> 6729.9107 | J14: =[1]REFCOMP!$R14 -> CU - 100 QC | K14: =[1]REFCOMP!$U14 -> 12822.335 | L14: =[1]REFCOMP!$V14 -> HTC-10 | M14: =[1]REFCOMP!$Y14 -> 13047.443
A15: =[1]REFCOMP!$A15 -> REF007 | B15: =[1]REFCOMP!$B15 -> SP4LF 100E | C15: =[1]REFCOMP!C15 -> 4PES-10(Y) | E15: =[1]REFCOMP!$E15 -> CH | F15: =[1]REFCOMP!F15 -> 10 LT | G15: =[1]REFCOMP!$G15 -> 35870btu | H15: =[1]REFCOMP!L15 -> 7149.6506 | J15: =[1]REFCOMP!$R15 -> CU - 90 QC | K15: =[1]REFCOMP!$U15 -> 13035.043 | L15: =[1]REFCOMP!$V15 -> HTC-8 | M15: =[1]REFCOMP!$Y15 -> 12943.696
A16: =[1]REFCOMP!$A16 -> REF008 | B16: =[1]REFCOMP!$B16 -> SP4LF 120E | C16: =[1]REFCOMP!C16 -> 4NES-14(Y) | E16: =[1]REFCOMP!$E16 -> CH | F16: =[1]REFCOMP!F16 -> 12 LT | G16: =[1]REFCOMP!$G16 -> 41911btu | H16: =[1]REFCOMP!L16 -> 7539.7904 | J16: =[1]REFCOMP!$R16 -> CU - 144 QC | K16: =[1]REFCOMP!$U16 -> 15339.433 | L16: =[1]REFCOMP!$V16 -> HTC-10 | M16: =[1]REFCOMP!$Y16 -> 13950.391
A17: =[1]REFCOMP!$A17 -> REF009 | B17: =[1]REFCOMP!$B17 -> SP4L 150E | C17: =[1]REFCOMP!C17 -> 4JE15(Y) | E17: =[1]REFCOMP!$E17 -> OPSS/CH | F17: =[1]REFCOMP!F17 -> 15 LT | G17: =[1]REFCOMP!$G17 -> 45000btu | H17: =[1]REFCOMP!L17 -> 9459.4332 | J17: =[1]REFCOMP!$R17 -> CU - 100 QC | K17: =[1]REFCOMP!$U17 -> 16383.293 | L17: =[1]REFCOMP!$V17 -> HTC-8 | M17: =[1]REFCOMP!$Y17 -> 16021.857
A18: =[1]REFCOMP!$A18 -> REF010 | B18: =[1]REFCOMP!$B18 -> SP4L 180E | C18: =[1]REFCOMP!C18 -> 4HE-18(Y) | E18: =[1]REFCOMP!$E18 -> OPSS/CH | F18: =[1]REFCOMP!F18 -> 18 LT | G18: =[1]REFCOMP!$G18 -> 53925btu | H18: =[1]REFCOMP!L18 -> 10051.922 | J18: =[1]REFCOMP!$R18 -> CU - 144 QC | K18: =[1]REFCOMP!$U18 -> 18635.508 | L18: =[1]REFCOMP!$V18 -> HTC-12 | M18: =[1]REFCOMP!$Y18 -> 17702.63
A19: =[1]REFCOMP!$A19 -> REF011 | B19: =[1]REFCOMP!$B19 -> SP4L 220E | C19: =[1]REFCOMP!C19 -> 4GE-23(Y) | E19: =[1]REFCOMP!$E19 -> OPSS/CH | F19: =[1]REFCOMP!F19 -> 22 LT | G19: =[1]REFCOMP!$G19 -> 62628btu | H19: =[1]REFCOMP!L19 -> 10343.556 | J19: =[1]REFCOMP!$R19 -> CU - 125 QC | K19: =[1]REFCOMP!$U19 -> 18249.095 | L19: =[1]REFCOMP!$V19 -> HTC-10 | M19: =[1]REFCOMP!$Y19 -> 17560.533
A20: =[1]REFCOMP!$A20 -> REF012 | B20: =[1]REFCOMP!$B20 -> SP4L 250E | C20: =[1]REFCOMP!C20 -> 4FE-25(Y) | E20: =[1]REFCOMP!$E20 -> OPSS/CH | F20: =[1]REFCOMP!F20 -> 25 LT | G20: =[1]REFCOMP!$G20 -> 72000btu | H20: =[1]REFCOMP!L20 -> 12237.481 | J20: =[1]REFCOMP!$R20 -> CU - 160 QC | K20: =[1]REFCOMP!$U20 -> 22805.547 | L20: =[1]REFCOMP!$V20 -> HTC-15 | M20: =[1]REFCOMP!$Y20 -> 20656.728
A21: =[1]REFCOMP!$A21 -> REF013 | B21: =[1]REFCOMP!$B21 -> SP6L 270E | C21: =[1]REFCOMP!C21 -> 6HE-28(Y) | E21: =[1]REFCOMP!$E21 -> OPSS/CH | F21: =[1]REFCOMP!F21 -> 28 LT | G21: =[1]REFCOMP!$G21 -> 80888btu | H21: =[1]REFCOMP!L21 -> 12882.861 | J21: =[1]REFCOMP!$R21 -> CU - 300 QC | K21: =[1]REFCOMP!$U21 -> 30637.65 | L21: =[1]REFCOMP!$V21 -> HTC-30 | M21: =[1]REFCOMP!$Y21 -> 26499.142
... A35: =[1]REFCOMP!$A35 -> REF027 | B35: =[1]REFCOMP!$B35 -> SP4H 3500 | C35: =[1]REFCOMP!C35 -> 4FE35Y | E35: =[1]REFCOMP!$E35 -> OPSS/CH | F35: =[1]REFCOMP!F35 -> 35 MT | G35: =[1]REFCOMP!$G35 -> 0 | H35: =[1]REFCOMP!L35 -> 13447.205 | J35: =[1]REFCOMP!$R35 -> CU - 350 QC | K35: =[1]REFCOMP!$U35 -> 34027.237 | L35: =[1]REFCOMP!$V35 -> HTC-35 | M35: =[1]REFCOMP!$Y35 -> ~
A36: =[1]REFCOMP!$A36 -> REF028 | B36: =[1]REFCOMP!$B36 -> SP6H 3700 | C36: =[1]REFCOMP!C36 -> 6HE35Y | D36: REFCOM SCREW LOW TEMP COMPRESSOR | E36: =[1]REFCOMP!$E36 -> OPSS/CH | F36: =[1]REFCOMP!F36 -> 37 MT | G36: =[1]REFCOMP!$G36 -> 0 | H36: =[1]REFCOMP!L36 -> 14127.523 | J36: =[1]REFCOMP!$R36 -> 0 | K36: =[1]REFCOMP!$U36 -> 0 | L36: =[1]REFCOMP!$V36 -> 0 | M36: =[1]REFCOMP!$Y36 -> 0
A37: =[1]REFCOMP!$A37 -> REF029 | B37: =[1]REFCOMP!$B37 -> SP6H 4000 | C37: =[1]REFCOMP!C37 -> 6GE40Y | E37: =[1]REFCOMP!$E37 -> OPSS/CH | F37: =[1]REFCOMP!F37 -> 40 MT | G37: =[1]REFCOMP!$G37 -> 0 | H37: =[1]REFCOMP!L37 -> 14808.812 | J37: =[1]REFCOMP!$R37 -> 0 | K37: =[1]REFCOMP!$U37 -> 0 | L37: =[1]REFCOMP!$V37 -> 0 | M37: =[1]REFCOMP!$Y37 -> 0
A38: =[1]REFCOMP!$A38 -> REF030 | B38: =[1]REFCOMP!$B38 -> SP6H 5000 | C38: =[1]REFCOMP!C38 -> 6FE50Y | E38: =[1]REFCOMP!$E38 -> OPSS/CH | F38: =[1]REFCOMP!F38 -> 50 MT | G38: =[1]REFCOMP!$G38 -> 0 | H38: =[1]REFCOMP!L38 -> 15674.495 | J38: =[1]REFCOMP!$R38 -> 0 | K38: =[1]REFCOMP!$U38 -> 0 | L38: =[1]REFCOMP!$V38 -> 0 | M38: =[1]REFCOMP!$Y38 -> 0
A39: =[1]REFCOMP!$A39 -> REF031 | B39: =[1]REFCOMP!$B39 -> SBC4-120E | C39: =[1]REFCOMP!C39 -> S4G-12.2Y | E39: =[1]REFCOMP!$E39 -> OPSS/CH | F39: =[1]REFCOMP!F39 -> 0 | G39: =[1]REFCOMP!$G39 -> 0 | H39: =[1]REFCOMP!L39 -> 13237.578 | J39: =[1]REFCOMP!$R39 -> 0 | K39: =[1]REFCOMP!$U39 -> 0 | L39: =[1]REFCOMP!$V39 -> 0 | M39: =[1]REFCOMP!$Y39 -> 0
A40: =[1]REFCOMP!$A40 -> REF032 | B40: =[1]REFCOMP!$B40 -> SBC4-140E | C40: =[1]REFCOMP!C40 -> S4F-14.2Y | E40: =[1]REFCOMP!$E40 -> OPSS/CH | F40: =[1]REFCOMP!F40 -> 0 | G40: =[1]REFCOMP!$G40 -> 0 | H40: =[1]REFCOMP!L40 -> 16013.199 | J40: =[1]REFCOMP!$R40 -> 0 | K40: =[1]REFCOMP!$U40 -> 0 | L40: =[1]REFCOMP!$V40 -> 0 | M40: =[1]REFCOMP!$Y40 -> 0
A41: =[1]REFCOMP!$A41 -> REF033 | B41: =[1]REFCOMP!$B41 -> SBC6-160E | C41: =[1]REFCOMP!C41 -> S6J-16.2Y | E41: =[1]REFCOMP!$E41 -> OPSS/CH | F41: =[1]REFCOMP!F41 -> 0 | G41: =[1]REFCOMP!$G41 -> 0 | H41: =[1]REFCOMP!L41 -> 17351.56 | J41: =[1]REFCOMP!$R41 -> 0 | K41: =[1]REFCOMP!$U41 -> 0 | L41: =[1]REFCOMP!$V41 -> 0 | M41: =[1]REFCOMP!$Y41 -> 0
A42: =[1]REFCOMP!$A42 -> REF034 | B42: =[1]REFCOMP!$B42 -> SBC6-200E | C42: =[1]REFCOMP!C42 -> S6H-20.2Y | E42: =[1]REFCOMP!$E42 -> OPSS/CH | F42: =[1]REFCOMP!F42 -> 0 | G42: =[1]REFCOMP!$G42 -> 0 | H42: =[1]REFCOMP!L42 -> 17626.996 | J42: =[1]REFCOMP!$R42 -> 0 | K42: =[1]REFCOMP!$U42 -> 0 | L42: =[1]REFCOMP!$V42 -> 0 | M42: =[1]REFCOMP!$Y42 -> 0
A43: =[1]REFCOMP!$A43 -> REF035 | B43: =[1]REFCOMP!$B43 -> SBC6-250E | C43: =[1]REFCOMP!C43 -> S6G-25.2Y | E43: =[1]REFCOMP!$E43 -> OPSS/CH | F43: =[1]REFCOMP!F43 -> 0 | G43: =[1]REFCOMP!$G43 -> 0 | H43: =[1]REFCOMP!L43 -> 19748.225 | J43: =[1]REFCOMP!$R43 -> CU - 300 QC | K43: =[1]REFCOMP!$U43 -> 47962.271 | L43: =[1]REFCOMP!$V43 -> 0 | M43: =[1]REFCOMP!$Y43 -> 0
A44: =[1]REFCOMP!$A44 -> REF036 | B44: =[1]REFCOMP!$B44 -> SBC6-300E | C44: =[1]REFCOMP!C44 -> S6F-30.2Y | E44: =[1]REFCOMP!$E44 -> OPSS/CH | F44: =[1]REFCOMP!F44 -> 0 | G44: =[1]REFCOMP!$G44 -> 0 | H44: =[1]REFCOMP!L44 -> 23291.925 | J44: =[1]REFCOMP!$R44 -> 0 | K44: =[1]REFCOMP!$U44 -> 0 | L44: =[1]REFCOMP!$V44 -> 0 | M44: =[1]REFCOMP!$Y44 -> 0
A45: =[1]REFCOMP!$A45 -> 0 | B45: =[1]REFCOMP!$B45 -> SW3L 3000 | F45: =[1]REFCOMP!F45 -> 30LT | H45: =[1]REFCOMP!L45 -> ~ | J45: =[1]REFCOMP!$R45 -> CU - 400 QC | K45: =[1]REFCOMP!$U45 -> 47239.514
A46: =[1]REFCOMP!$A46 -> REF041 | B46: =[1]REFCOMP!$B46 -> SW3L 4000 | F46: =[1]REFCOMP!F46 -> 40LT | H46: =[1]REFCOMP!L46 -> 20826.767 | J46: =[1]REFCOMP!$R46 -> CU - 500 QC | K46: =[1]REFCOMP!$U46 -> 59937.01
A47: =[1]REFCOMP!$A47 -> REF042 | B47: =[1]REFCOMP!$B47 -> SW3L 5000 | F47: =[1]REFCOMP!F47 -> 50LT | H47: =[1]REFCOMP!L47 -> 22812.03 | J47: =[1]REFCOMP!$R47 -> CU400QC *2 | K47: =[1]REFCOMP!$U47 -> 75016.061
A48: =[1]REFCOMP!$A48 -> 0 | B48: =[1]REFCOMP!$B48 -> SW3L 6000 | F48: =[1]REFCOMP!F48 -> 60LT | H48: =[1]REFCOMP!L48 -> ~ | J48: =[1]REFCOMP!$R48 -> CU350QC *3 | K48: =[1]REFCOMP!$U48 -> ~
A49: =[1]REFCOMP!$A49 -> 0 | B49: =[1]REFCOMP!$B49 -> SW3L 7000 | F49: =[1]REFCOMP!F49 -> 70LT | H49: =[1]REFCOMP!L49 -> ~ | J49: =[1]REFCOMP!$R49 -> CU400QC *3 | K49: =[1]REFCOMP!$U49 -> ~
A50: =[1]REFCOMP!$A50 -> REF045 | B50: =[1]REFCOMP!$B50 -> SW3L 8000 | F50: =[1]REFCOMP!F50 -> 80LT | H50: =[1]REFCOMP!L50 -> 27744.361 | J50: =[1]REFCOMP!$R50 -> CU500QC *3 | K50: =[1]REFCOMP!$U50 -> 108542.13
A51: =[1]REFCOMP!$A51 -> 0 | B51: =[1]REFCOMP!$B51 -> SW3L 9500 | F51: =[1]REFCOMP!F51 -> 95LT | H51: =[1]REFCOMP!L51 -> 0 | J51: =[1]REFCOMP!$R51 -> 0 | K51: =[1]REFCOMP!$U51 -> 0
A52: =[1]REFCOMP!$A52 -> 0 | B52: =[1]REFCOMP!$B52 -> SW3L 10500 | F52: =[1]REFCOMP!F52 -> 105LT | H52: =[1]REFCOMP!L52 -> 0 | J52: =[1]REFCOMP!$R52 -> 0 | K52: =[1]REFCOMP!$U52 -> 0
A53: =[1]REFCOMP!$A53 -> 0 | B53: =[1]REFCOMP!$B53 -> SW3L 11500 | F53: =[1]REFCOMP!F53 -> 115LT | H53: =[1]REFCOMP!L53 -> 0 | J53: =[1]REFCOMP!$R53 -> 0 | K53: =[1]REFCOMP!$U53 -> 0
A54: =[1]REFCOMP!$A54 -> 0 | B54: =[1]REFCOMP!$B54 -> SW3L 13000 | F54: =[1]REFCOMP!F54 -> 130LT | H54: =[1]REFCOMP!L54 -> 0 | J54: =[1]REFCOMP!$R54 -> 0 | K54: =[1]REFCOMP!$U54 -> 0
A55: =[1]REFCOMP!$A55 -> 0 | B55: =[1]REFCOMP!$B55 -> SW3L 16000 | F55: =[1]REFCOMP!F55 -> 150LT | H55: =[1]REFCOMP!L55 -> 0 | J55: =[1]REFCOMP!$R55 -> 0 | K55: =[1]REFCOMP!$U55 -> 0
A56: =[1]REFCOMP!$A56 -> 0 | B56: =[1]REFCOMP!$B56 -> SW3L 18000 | F56: =[1]REFCOMP!F56 -> 170LT | H56: =[1]REFCOMP!L56 -> 0 | J56: =[1]REFCOMP!$R56 -> 0 | K56: =[1]REFCOMP!$U56 -> 0
... A65: =[1]REFCOMP!$A65 -> 0 | B65: =[1]REFCOMP!$B65 -> SW3H 10500 | F65: =[1]REFCOMP!F65 -> 105MT | H65: =[1]REFCOMP!L65 -> 0 | J65: =[1]REFCOMP!$R65 -> 0 | K65: =[1]REFCOMP!$U65 -> 0
A66: =[1]REFCOMP!$A66 -> 0 | B66: =[1]REFCOMP!$B66 -> SW3H 11500 | D66: REFCOM SCREW HIGH TEMP COMPRESSOR | H66: =[1]REFCOMP!L66 -> 0 | J66: =[1]REFCOMP!$R66 -> 0 | K66: =[1]REFCOMP!$U66 -> 0
A67: =[1]REFCOMP!$A67 -> 0 | B67: =[1]REFCOMP!$B67 -> SW3H 12500 | H67: =[1]REFCOMP!L67 -> 0 | J67: =[1]REFCOMP!$R67 -> 0 | K67: =[1]REFCOMP!$U67 -> 0
A68: =[1]REFCOMP!$A68 -> 0 | B68: =[1]REFCOMP!$B68 -> SW3H 14000 | H68: =[1]REFCOMP!L68 -> 0 | J68: =[1]REFCOMP!$R68 -> 0 | K68: =[1]REFCOMP!$U68 -> 0
A69: =[1]REFCOMP!$A69 -> 0 | B69: =[1]REFCOMP!$B69 -> SW3H 16000 | H69: =[1]REFCOMP!L69 -> 0 | J69: =[1]REFCOMP!$R69 -> 0 | K69: =[1]REFCOMP!$U69 -> 0
A70: =[1]REFCOMP!$A70 -> 0 | B70: =[1]REFCOMP!$B70 -> SW3H 19000 | H70: =[1]REFCOMP!L70 -> 0 | J70: =[1]REFCOMP!$R70 -> 0 | K70: =[1]REFCOMP!$U70 -> 0
A71: =[1]REFCOMP!$A71 -> 0 | B71: =[1]REFCOMP!$B71 -> SW3H 21000 | H71: =[1]REFCOMP!L71 -> 0 | J71: =[1]REFCOMP!$R71 -> 0 | K71: =[1]REFCOMP!$U71 -> 0
A72: =[1]REFCOMP!$A72 -> 0 | B72: =[1]REFCOMP!$B72 -> SW3H 24000 | H72: =[1]REFCOMP!L72 -> 0 | J72: =[1]REFCOMP!$R72 -> 0 | K72: =[1]REFCOMP!$U72 -> 0
A73: =[1]REFCOMP!$A73 -> 0 | B73: =[1]REFCOMP!$B73 -> SW3H 25000 | H73: =[1]REFCOMP!L73 -> 0 | J73: =[1]REFCOMP!$R73 -> 0 | K73: =[1]REFCOMP!$U73 -> 0
A74: =[1]REFCOMP!$A74 -> 0 | B74: =[1]REFCOMP!$B74 -> SRC-XS-040 | H74: =[1]REFCOMP!L74 -> 0 | J74: =[1]REFCOMP!$R74 -> 0 | K74: =[1]REFCOMP!$U74 -> 0
A75: =[1]REFCOMP!$A75 -> 0 | B75: =[1]REFCOMP!$B75 -> SRC-XS-050 | H75: =[1]REFCOMP!L75 -> 0 | J75: =[1]REFCOMP!$R75 -> 0 | K75: =[1]REFCOMP!$U75 -> 0
A76: =[1]REFCOMP!$A76 -> 0 | B76: =[1]REFCOMP!$B76 -> SRC-XS-060 | H76: =[1]REFCOMP!L76 -> 0 | J76: =[1]REFCOMP!$R76 -> 0 | K76: =[1]REFCOMP!$U76 -> 0
A77: =[1]REFCOMP!$A77 -> 0 | B77: =[1]REFCOMP!$B77 -> SRC-S-113 | H77: =[1]REFCOMP!L77 -> 0 | J77: =[1]REFCOMP!$R77 -> 0 | K77: =[1]REFCOMP!$U77 -> 0
A78: =[1]REFCOMP!$A78 -> 0 | B78: =[1]REFCOMP!$B78 -> SRC-S-133 | H78: =[1]REFCOMP!L78 -> 0 | J78: =[1]REFCOMP!$R78 -> 0 | K78: =[1]REFCOMP!$U78 -> 0
... A86: =[1]REFCOMP!$A86 -> 0 | B86: =[1]REFCOMP!$B86 -> SRC-S-413 | H86: =[1]REFCOMP!L86 -> 0 | J86: =[1]REFCOMP!$R86 -> 0 | K86: =[1]REFCOMP!$U86 -> 0
A87: =[1]REFCOMP!$A87 -> 0 | B87: =[1]REFCOMP!$B87 -> SRC-S-463 | D87: REFCOM SCREW HIGH TEMP COMPRESSOR | H87: =[1]REFCOMP!L87 -> 0 | J87: =[1]REFCOMP!$R87 -> 0 | K87: =[1]REFCOMP!$U87 -> 0
A88: =[1]REFCOMP!$A88 -> 0 | B88: =[1]REFCOMP!$B88 -> SRC-S-503 | H88: =[1]REFCOMP!L88 -> 0 | J88: =[1]REFCOMP!$R88 -> 0 | K88: =[1]REFCOMP!$U88 -> 0
A89: =[1]REFCOMP!$A89 -> 0 | B89: =[1]REFCOMP!$B89 -> SRC-S-553 | H89: =[1]REFCOMP!L89 -> 0 | J89: =[1]REFCOMP!$R89 -> 0 | K89: =[1]REFCOMP!$U89 -> 0
A90: =[1]REFCOMP!$A90 -> 0 | B90: =[1]REFCOMP!$B90 -> SRC-S-603 | H90: =[1]REFCOMP!L90 -> 0 | J90: =[1]REFCOMP!$R90 -> 0 | K90: =[1]REFCOMP!$U90 -> 0
A91: =[1]REFCOMP!$A91 -> 0 | B91: =[1]REFCOMP!$B91 -> SRC-S-755 | H91: =[1]REFCOMP!L91 -> 0 | J91: =[1]REFCOMP!$R91 -> 0 | K91: =[1]REFCOMP!$U91 -> 0
A92: =[1]REFCOMP!$A92 -> 0 | B92: =[1]REFCOMP!$B92 -> SRC-S-785 | H92: =[1]REFCOMP!L92 -> 0 | J92: =[1]REFCOMP!$R92 -> 0 | K92: =[1]REFCOMP!$U92 -> 0
A93: =[1]REFCOMP!$A93 -> 0 | B93: =[1]REFCOMP!$B93 -> SRC-S-885 | H93: =[1]REFCOMP!L93 -> 0 | J93: =[1]REFCOMP!$R93 -> 0 | K93: =[1]REFCOMP!$U93 -> 0
A94: =[1]REFCOMP!$A94 -> 0 | B94: =[1]REFCOMP!$B94 -> SRC-S-985 | H94: =[1]REFCOMP!L94 -> 0 | J94: =[1]REFCOMP!$R94 -> 0 | K94: =[1]REFCOMP!$U94 -> 0
A95: =[1]REFCOMP!$A95 -> 0 | B95: =[1]REFCOMP!$B95 -> 134-XS-040 | H95: =[1]REFCOMP!L95 -> 0 | J95: =[1]REFCOMP!$R95 -> 0 | K95: =[1]REFCOMP!$U95 -> 0
A96: =[1]REFCOMP!$A96 -> 0 | B96: =[1]REFCOMP!$B96 -> 134-XS-050 | H96: =[1]REFCOMP!L96 -> 0 | J96: =[1]REFCOMP!$R96 -> 0 | K96: =[1]REFCOMP!$U96 -> 0
A97: =[1]REFCOMP!$A97 -> 0 | B97: =[1]REFCOMP!$B97 -> 134-XS-060 | H97: =[1]REFCOMP!L97 -> 0 | J97: =[1]REFCOMP!$R97 -> 0 | K97: =[1]REFCOMP!$U97 -> 0
A98: =[1]REFCOMP!$A98 -> 0 | B98: =[1]REFCOMP!$B98 -> 134-S-071 | H98: =[1]REFCOMP!L98 -> 0 | J98: =[1]REFCOMP!$R98 -> 0 | K98: =[1]REFCOMP!$U98 -> 0
A99: =[1]REFCOMP!$A99 -> 0 | B99: =[1]REFCOMP!$B99 -> 134-S-081 | H99: =[1]REFCOMP!L99 -> 0 | J99: =[1]REFCOMP!$R99 -> 0 | K99: =[1]REFCOMP!$U99 -> 0
... A103: =[1]REFCOMP!$A103 -> 0 | B103: =[1]REFCOMP!$B103 -> 134-S-120 | H103: =[1]REFCOMP!L103 -> 0 | J103: =[1]REFCOMP!$R103 -> 0 | K103: =[1]REFCOMP!$U103 -> 0
A105: LT - LOW TEMP COMPRESSOR , MT - MEDIUM TEMP COMPRESSOR
A106: ACCESSORIES : OPSS - OIL PRESSURE SWITCH , CH - CRANKCASE HEATER
A107: *PLEASE EMAIL OR FAX OVER THE BANK IN SLIP
A108: BANK ACC :HONG LEONG BANK BHD 36600016285 , PUBLIC BANK BHD 3119617816
A109: BENEFICIARY :WELLER AIR-COND PARTS ENTERPRICE SDN BHD
A110: COMPUTER PRINT GENERATE ONLY

Sheet WELZER
A1: WELLER AIR-COND PARTS ENTERPRISE SDN BHD (613386-K)
A3: =REFCOMP!A3 -> DATE :5.5.26
A8: =[1]WELZER!$A8 -> ITEM CODE | B8: =[2]WELZER!$B8 -> MODEL | C8: =[2]WELZER!$C8 -> EQUAVELANT MODEL | D8: =[2]WELZER!$D8 -> HP | E8: =[2]WELZER!$L8 -> Dealer (RM) CASH -10% | F8: ACC OF REF | G8: =[2]WELZER!$R8 -> CU QC MODEL | H8: =[2]WELZER!$U8 -> Cond QC (RM) | I8: =[2]WELZER!$X8 -> HTC MODEL | J8: =[2]WELZER!AA8 -> HTC cond (RM)
A9: =[1]WELZER!$A9 -> CB001 | B9: =[1]WELZER!$B9 -> B2DES-2(Y) | C9: =[1]WELZER!C9 -> 2DC-2.2 | D9: =[1]WELZER!D9 -> 2LT | E9: =[1]WELZER!M9 -> 2442.5287 | F9: All danfoss acc filter drier,sight glass,hand valve,solenoid valve,hi-lo control,oil pressure gauge ,oil separator,suction accumulator,vibration hose and etc. | G9: =[1]WELZER!$S9 -> CU - 40 QC | H9: =[1]WELZER!V9 -> 5455.5946 | I9: =[1]WELZER!$Y9 -> HTC-4 | J9: =[1]WELZER!AB9 -> 6110.97
A10: =[1]WELZER!$A10 -> CB002 | B10: =[1]WELZER!$B10 -> B2CES-3(Y) | C10: =[1]WELZER!C10 -> 2CC-3.2 | D10: =[1]WELZER!D10 -> 3LT | E10: =[1]WELZER!M10 -> 2622.6966 | G10: =[1]WELZER!$S10 -> CU - 50 QC | H10: =[1]WELZER!V10 -> 5884.8516 | I10: =[1]WELZER!$Y10 -> HTC-4 | J10: =[1]WELZER!AB10 -> 6271.7351
A11: =[1]WELZER!$A11 -> CB003 | B11: =[1]WELZER!$B11 -> B4FES-3(Y) | C11: =[1]WELZER!C11 -> 4FC-3.2 | D11: =[1]WELZER!D11 -> 3LT | E11: =[1]WELZER!M11 -> 3323.6929 | G11: =[1]WELZER!$S11 -> CU - 50 QC | H11: =[1]WELZER!V11 -> 6561.4898 | I11: =[1]WELZER!$Y11 -> HTC-4 | J11: =[1]WELZER!AB11 -> 6948.3733
A12: =[1]WELZER!$A12 -> CB004 | B12: =[1]WELZER!$B12 -> B4EES-4(Y) | C12: =[1]WELZER!C12 -> 4EC-4.2 | D12: =[1]WELZER!D12 -> 4LT | E12: =[1]WELZER!M12 -> 3380.998 | G12: =[1]WELZER!$S12 -> CU - 64 QC | H12: =[1]WELZER!V12 -> 7507.732 | I12: =[1]WELZER!$Y12 -> HTC-5 | J12: =[1]WELZER!AB12 -> 7236.8102
A13: =[1]WELZER!$A13 -> CB005 | B13: =[1]WELZER!$B13 -> B4DES-5(Y) | C13: =[1]WELZER!C13 -> 4DC-5.2 | D13: =[1]WELZER!D13 -> 5LT | E13: =[1]WELZER!M13 -> 3440.3137 | G13: =[1]WELZER!$S13 -> CU - 72 QC | H13: =[1]WELZER!V13 -> 7890.8694 | I13: =[1]WELZER!$Y13 -> HTC-8 | J13: =[1]WELZER!AB13 -> 8129.4609
A14: =[1]WELZER!$A14 -> CB006 | B14: =[1]WELZER!$B14 -> B4CES-6(Y) | C14: =[1]WELZER!C14 -> 4CC-6.2 | D14: =[1]WELZER!D14 -> 6LT | E14: =[1]WELZER!M14 -> 3501.7479 | G14: =[1]WELZER!$S14 -> CU - 90 QC | H14: =[1]WELZER!V14 -> 8220.8082 | I14: =[1]WELZER!$Y14 -> HTC-8 | J14: =[1]WELZER!AB14 -> 8129.4609
A15: =[1]WELZER!$A15 -> CB007 | B15: =[1]WELZER!$B15 -> B4TES-9(Y) | C15: =[1]WELZER!C15 -> 4TCS-8.2 | D15: =[1]WELZER!D15 -> 8LT | E15: =[1]WELZER!M15 -> 4987.6847 | G15: =[1]WELZER!$S15 -> CU - 125 QC | H15: =[1]WELZER!V15 -> 11367.309 | I15: =[1]WELZER!$Y15 -> HTC-10 | J15: =[1]WELZER!AB15 -> 10678.748
A16: =[1]WELZER!$A16 -> CB008 | B16: =[1]WELZER!$B16 -> B4PES-12(Y) | C16: =[1]WELZER!C16 -> 4PCS-10.2 | D16: =[1]WELZER!D16 -> 10LT | E16: =[1]WELZER!M16 -> 5154.1689 | G16: =[1]WELZER!$S16 -> CU - 144 QC | H16: =[1]WELZER!V16 -> 12293.269 | I16: =[1]WELZER!$Y16 -> HTC-12 | J16: =[1]WELZER!AB16 -> 11360.39
A17: =[1]WELZER!$A17 -> CB009 | B17: =[1]WELZER!$B17 -> B4NES-14(Y) | C17: =[1]WELZER!C17 -> 4NCS-12.2 | D17: =[1]WELZER!D17 -> 12LT | E17: =[1]WELZER!M17 -> 5197.5005 | G17: =[1]WELZER!$S17 -> CU - 160 QC | H17: =[1]WELZER!V17 -> 12961.429 | I17: =[1]WELZER!$Y17 -> HTC-15 | J17: =[1]WELZER!AB17 -> 11962.008
A18: =[1]WELZER!$A18 -> CB010 | B18: =[1]WELZER!$B18 -> B4HE-18(Y) | C18: =[1]WELZER!C18 -> 4H15.2 | D18: =[1]WELZER!D18 -> 15LT | E18: =[1]WELZER!M18 -> 7011.0899 | G18: =[1]WELZER!$S18 -> CU - 200 QC | H18: =[1]WELZER!V18 -> 16617.559 | I18: =[1]WELZER!$Y18 -> HTC-20 | J18: =[1]WELZER!AB18 -> 14718.465
A19: =[1]WELZER!$A19 -> CB011 | B19: =[1]WELZER!$B19 -> B4GE-23(Y) | C19: =[1]WELZER!C19 -> 4G-20.2 | D19: =[1]WELZER!D19 -> 20LT | E19: =[1]WELZER!M19 -> 7571.0547 | G19: =[1]WELZER!$S19 -> CU - 250 QC | H19: =[1]WELZER!V19 -> 20736.406 | I19: =[1]WELZER!$Y19 -> HTC-25 | J19: =[1]WELZER!AB19 -> 16762.489
A20: =[1]WELZER!$A20 -> CB012 | B20: =[1]WELZER!$B20 -> B6HE-28(Y) | C20: =[1]WELZER!C20 -> 6H-25.2 | D20: =[1]WELZER!D20 -> 25LT | E20: =[1]WELZER!M20 -> 9511.0899 | G20: =[1]WELZER!$S20 -> CU - 300 QC | H20: =[1]WELZER!V20 -> 24728.548 | I20: =[1]WELZER!$Y20 -> HTC-30 | J20: =[1]WELZER!AB20 -> 20712.451
A21: =[1]WELZER!$A21 -> CB013 | B21: =[1]WELZER!$B21 -> B6GE-34(Y) | C21: =[1]WELZER!C21 -> 6G-30.2 | D21: =[1]WELZER!D21 -> 30LT | E21: =[1]WELZER!M21 -> 9594.8642 | G21: =[1]WELZER!$S21 -> CU - 350 QC | H21: =[1]WELZER!V21 -> 26877.606 | I21: =[1]WELZER!$Y21 -> HTC-35 | J21: =[1]WELZER!AB21 -> 22491.308
... A38: =[1]WELZER!$A38 -> CB026 | B38: =[1]WELZER!$B38 -> BS6F-30.2(Y) | C38: =[1]WELZER!C38 -> S6F-30.2 | D38: =[1]WELZER!D38 -> 2stage 30LT | E38: =[1]WELZER!M38 -> 13558.726 | G38: =[1]WELZER!$S38 -> CU - 350 QC | H38: =[1]WELZER!V38 -> 30513.158 | I38: =[1]WELZER!$Y38 -> HTC-35 | J38: =[1]WELZER!AB38 -> 26126.86
A39: LT - LOW TEMP , MT - MEDIUM TEMP , LT-2 - LOW TEMP 2 STAGE
A40: ACCESSORIES : , CH - CRANKCASE HEATER,COMPRESSOR RELAY
A41: *PRICE WILL BE CHANGE DUE TO THE CURRENCY RATE
A42: *PLEASE EMAIL OR FAX OVER THE BANK IN SLIP
A43: BANK ACC :HONG LEONG BANK BHD 36600016285 , PUBLIC BANK BHD 3119617816
A44: BENEFICIARY :WELLER AIR-COND PARTS ENTERPRICE SDN BHD
A45: COMPUTER PRINT GENERATE ONLY

Sheet RECOND COMP
A1: WELLER AIR-COND PARTS ENTERPRISE SDN BHD (613386-K)
A3: =WELZER!A3 -> DATE :5.5.26
A8: ='[1]RECOND COMP'!A8 -> ITEM CODE | B8: ='[1]RECOND COMP'!B8 -> MODEL | C8: ='[1]RECOND COMP'!C8 -> BRAND | D8: ='[1]RECOND COMP'!D8 -> HP | E8: ='[1]RECOND COMP'!J8 -> (RM) | F8: ='[1]RECOND COMP'!$M8 -> Evaporating Btu at ~25c | G8: Accessories of refrigeration | H8: ='[1]RECOND COMP'!$P8 -> CU QC MODEL | I8: ='[1]RECOND COMP'!$S8 -> Cond QC (RM) | J8: PICTURE
A9: ='[1]RECOND COMP'!$A9 -> REC001 | B9: ='[1]RECOND COMP'!B9 -> LCU-32PJ | C9: SANYO SEMI-HERMERTIC LOW TEMP EVAPORATING -25C | D9: ='[1]RECOND COMP'!D9 -> 3 | E9: ='[1]RECOND COMP'!J9 -> 1739.8303 | F9: ='[1]RECOND COMP'!$M9 -> 8052 btu | G9: All danfoss acc filter drier,sight glass,hand valve,solenoid valve,hi-lo control,oil pressure gauge and etc.Only 10hp-15hp c/w oil pressure control | H9: ='[1]RECOND COMP'!$P9 -> CU - 40 QC | I9: ='[1]RECOND COMP'!$S9 -> 4879.132
A10: ='[1]RECOND COMP'!$A10 -> REC002 | B10: ='[1]RECOND COMP'!B10 -> LCU-42PJ | D10: 4 | E10: ='[1]RECOND COMP'!J10 -> 2279.7776 | F10: ='[1]RECOND COMP'!$M10 -> 9830 btu | H10: ='[1]RECOND COMP'!$P10 -> CU - 50 QC | I10: ='[1]RECOND COMP'!$S10 -> 5884.124
A11: ='[1]RECOND COMP'!$A11 -> REC003 | B11: ='[1]RECOND COMP'!B11 -> LCU-52PJ | D11: 5 | E11: ='[1]RECOND COMP'!J11 -> 2399.7659 | F11: ='[1]RECOND COMP'!$M11 -> 15990 btu | H11: ='[1]RECOND COMP'!$P11 -> CU - 72 QC | I11: ='[1]RECOND COMP'!$S11 -> 7089.1474
A12: ='[1]RECOND COMP'!$A12 -> REC004 | B12: ='[1]RECOND COMP'!B12 -> LCU-62PJ | D12: 6 | E12: ='[1]RECOND COMP'!J12 -> 2639.7425 | F12: ='[1]RECOND COMP'!$M12 -> 22150 btu | H12: ='[1]RECOND COMP'!$P12 -> CU - 90 QC | I12: ='[1]RECOND COMP'!$S12 -> 7640.603
A13: ='[1]RECOND COMP'!$A13 -> REC005 | B13: ='[1]RECOND COMP'!B13 -> LCU-72PJ | D13: 7.5 | E13: ='[1]RECOND COMP'!J13 -> 2771.7296 | F13: ='[1]RECOND COMP'!$M13 -> 25600 btu | H13: ='[1]RECOND COMP'!$P13 -> CU - 100 QC | I13: ='[1]RECOND COMP'!$S13 -> 8032.5258
A14: ='[1]RECOND COMP'!$A14 -> REC006 | B14: ='[1]RECOND COMP'!B14 -> LCU-100PJ | D14: 10 | E14: ='[1]RECOND COMP'!J14 -> 3599.6488 | F14: ='[1]RECOND COMP'!$M14 -> 38500 btu | H14: ='[1]RECOND COMP'!$P14 -> CU - 144 QC | I14: ='[1]RECOND COMP'!$S14 -> 11016.917
A15: ='[1]RECOND COMP'!$A15 -> REC007 | B15: ='[1]RECOND COMP'!B15 -> LCU-150PJ | D15: 15 | E15: ='[1]RECOND COMP'!J15 -> 4799.5318 | F15: ='[1]RECOND COMP'!$M15 -> 45700 btu | H15: ='[1]RECOND COMP'!$P15 -> CU - 200 QC | I15: ='[1]RECOND COMP'!$S15 -> 15454.769
A16: ='[1]RECOND COMP'!$A16 -> REC008 | B16: ='[1]RECOND COMP'!B16 -> 06DA818 | C16: CARRIER | D16: 6.5 | E16: ='[1]RECOND COMP'!J16 -> 2039.801 | F16: ='[1]RECOND COMP'!$M16 -> 14450 btu | G16: All danfoss acc filter drier,sight glass,hand valve,solenoid valve,hi-lo control,oil pressure gauge and etc.ALL CARRIER COMPRESSOR w/o oil pressure control | H16: ='[1]RECOND COMP'!$P16 -> CU - 100 QC | I16: ='[1]RECOND COMP'!$S16 -> 7582.881
A17: ='[1]RECOND COMP'!$A17 -> REC009 | B17: ='[1]RECOND COMP'!B17 -> 06DA824 | D17: 7.5 / 10hp | E17: ='[1]RECOND COMP'!J17 -> 2159.7893 | F17: ='[1]RECOND COMP'!$M17 -> 18310 btu | H17: ='[1]RECOND COMP'!$P17 -> CU - 125 QC | I17: ='[1]RECOND COMP'!$S17 -> 8910.4117
A18: ='[1]RECOND COMP'!$A18 -> REC010 | B18: ='[1]RECOND COMP'!B18 -> 06DM337 | C18: CARRIER RECOND | D18: 10 / 12.5hp | E18: ='[1]RECOND COMP'!J18 -> 2999.7073 | F18: ='[1]RECOND COMP'!$M18 -> 32970 btu | H18: ='[1]RECOND COMP'!$P18 -> CU - 144 QC | I18: ='[1]RECOND COMP'!$S18 -> 10463.125
A19: ='[1]RECOND COMP'!$A19 -> REC011 | B19: ='[1]RECOND COMP'!B19 -> 06DA537 | D19: 15 | E19: ='[1]RECOND COMP'!J19 -> 3083.3333 | F19: ='[1]RECOND COMP'!$M19 -> 34765 btu | H19: ='[1]RECOND COMP'!$P19 -> CU - 200 QC | I19: ='[1]RECOND COMP'!$S19 -> 13273.363
A20: ='[1]RECOND COMP'!$A20 -> REC012 | B20: ='[1]RECOND COMP'!B20 -> 06EA250 | D20: 20 | E20: ='[1]RECOND COMP'!J20 -> 4559.5552 | F20: ='[1]RECOND COMP'!$M20 -> 37670 btu | H20: ='[1]RECOND COMP'!$P20 -> CU - 250 QC | I20: ='[1]RECOND COMP'!$S20 -> 18237.986
A21: ='[1]RECOND COMP'!$A21 -> REC013 | B21: ='[1]RECOND COMP'!B21 -> 06EA265 | D21: 25 | E21: ='[1]RECOND COMP'!J21 -> 4884.4465 | F21: ='[1]RECOND COMP'!$M21 -> 56854 btu | H21: ='[1]RECOND COMP'!$P21 -> CU - 300 QC | I21: ='[1]RECOND COMP'!$S21 -> 20833.527
A22: ='[1]RECOND COMP'!$A22 -> REC014 | B22: ='[1]RECOND COMP'!B22 -> 06EA275 | D22: 30 | E22: ='[1]RECOND COMP'!J22 -> 5759.4381 | F22: ='[1]RECOND COMP'!$M22 -> 63086 btu | H22: ='[1]RECOND COMP'!$P22 -> CU - 350 QC | I22: ='[1]RECOND COMP'!$S22 -> 23337.213
A23: ='[1]RECOND COMP'!$A23 -> REC015 | B23: ='[1]RECOND COMP'!B23 -> 06EA199 | D23: 35 | E23: ='[1]RECOND COMP'!J23 -> 5482.542 | F23: ='[1]RECOND COMP'!$M23 -> 82000 btu | H23: ='[1]RECOND COMP'!$P23 -> CU - 350 QC | I23: ='[1]RECOND COMP'!$S23 -> 24024.097
A24: ='[1]RECOND COMP'!$A24 -> REC016 | B24: ='[1]RECOND COMP'!B24 -> 06EA299 | D24: 40 | E24: ='[1]RECOND COMP'!J24 -> 5482.542 | F24: ='[1]RECOND COMP'!$M24 -> 91130 btu | H24: ='[1]RECOND COMP'!$P24 -> CU - 400 QC | I24: ='[1]RECOND COMP'!$S24 -> 25421.445
A25: ='[1]RECOND COMP'!$A25 -> REC017 | B25: ='[1]RECOND COMP'!B25 -> 2DC-3.2 | C25: BITZER medium temperature semi-hermertic compressor 15c ~ 0c | D25: 3 | E25: ='[1]RECOND COMP'!J25 -> 2759.7308 | F25: ='[1]RECOND COMP'!$M25 -> 28600 btu 0c | G25: All danfoss acc filter drier,sight glass,hand valve,solenoid valve,hi-lo control,oil pressure gauge and etc.2HP-6HP COMPRESSOR w/o oil pressure control.8HP-50HP C/W OIL PRESSURE CONTROL | H25: ='[1]RECOND COMP'!$P25 -> CU - 40 QC | I25: ='[1]RECOND COMP'!$S25 -> 5820.5786
A26: ='[1]RECOND COMP'!$A26 -> REC017.1 | B26: ='[1]RECOND COMP'!B26 -> 4FC-5.2 | D26: 5 | E26: ='[1]RECOND COMP'!J26 -> 2750 | F26: ='[1]RECOND COMP'!$M26 -> 40682 btu 0c | H26: ='[1]RECOND COMP'!$P26 -> CU - 72 QC | I26: ='[1]RECOND COMP'!$S26 -> 7177.6779
A27: ='[1]RECOND COMP'!$A27 -> REC018 | B27: ='[1]RECOND COMP'!B27 -> 4DC-7.2 | D27: 7 | E27: ='[1]RECOND COMP'!J27 -> 3299.6781 | F27: ='[1]RECOND COMP'!$M27 -> 60850 btu 0c | H27: ='[1]RECOND COMP'!$P27 -> CU - 100 QC | I27: ='[1]RECOND COMP'!$S27 -> 8519.8629
A28: ='[1]RECOND COMP'!$A28 -> REC019 | B28: ='[1]RECOND COMP'!B28 -> 4V-10.2 | D28: 10 | E28: ='[1]RECOND COMP'!J28 -> 4079.602 | F28: ='[1]RECOND COMP'!$M28 -> 79900 btu 0c | H28: ='[1]RECOND COMP'!$P28 -> CU - 125 QC | I28: ='[1]RECOND COMP'!$S28 -> 10682.546
A29: ='[1]RECOND COMP'!$A29 -> REC020 | B29: ='[1]RECOND COMP'!B29 -> 4T-12.2 | D29: 12 | E29: ='[1]RECOND COMP'!J29 -> 4079.602 | F29: ='[1]RECOND COMP'!$M29 -> 96250 btu 0c | H29: ='[1]RECOND COMP'!$P29 -> CU - 144 QC | I29: ='[1]RECOND COMP'!$S29 -> 11459.95
A30: ='[1]RECOND COMP'!$A30 -> REC021 | B30: ='[1]RECOND COMP'!B30 -> 4TC-12.2 | D30: 12 | E30: ='[1]RECOND COMP'!J30 -> 5399.4732 | F30: ='[1]RECOND COMP'!$M30 -> 96250 btu 0c | H30: ='[1]RECOND COMP'!$P30 -> CU - 144 QC | I30: ='[1]RECOND COMP'!$S30 -> 12678.293
A31: ='[1]RECOND COMP'!$A31 -> REC022 | B31: ='[1]RECOND COMP'!B31 -> 4P-15.2 | D31: 15 | E31: ='[1]RECOND COMP'!J31 -> 4919.52 | F31: ='[1]RECOND COMP'!$M31 -> 115360 btu 0c | H31: ='[1]RECOND COMP'!$P31 -> CU - 160 QC | I31: ='[1]RECOND COMP'!$S31 -> 12864.755
A32: ='[1]RECOND COMP'!$A32 -> REC023 | B32: ='[1]RECOND COMP'!B32 -> 4PCS-15.2 | D32: 15 | E32: ='[1]RECOND COMP'!J32 -> 5759.4381 | F32: ='[1]RECOND COMP'!$M32 -> 115360 btu 0c | H32: ='[1]RECOND COMP'!$P32 -> CU - 160 QC | I32: ='[1]RECOND COMP'!$S32 -> 13640.064
A33: ='[1]RECOND COMP'!$A33 -> REC024 | B33: ='[1]RECOND COMP'!B33 -> 4N-20.2 | D33: 20 | E33: ='[1]RECOND COMP'!J33 -> 5039.5083 | F33: ='[1]RECOND COMP'!$M33 -> 134480 btu 0c | H33: ='[1]RECOND COMP'!$P33 -> CU - 200 QC | I33: ='[1]RECOND COMP'!$S33 -> 15079.063
A34: ='[1]RECOND COMP'!$A34 -> REC025 | B34: ='[1]RECOND COMP'!B34 -> 4NCS-20.2 | D34: 20 | E34: ='[1]RECOND COMP'!J34 -> 6599.3562 | F34: ='[1]RECOND COMP'!$M34 -> 134480 btu 0c | H34: ='[1]RECOND COMP'!$P34 -> CU - 200 QC | I34: ='[1]RECOND COMP'!$S34 -> 16518.923
A35: ='[1]RECOND COMP'!$A35 -> REC026 | B35: ='[1]RECOND COMP'!B35 -> 4J-22.2 | D35: 22 | E35: ='[1]RECOND COMP'!J35 -> 5879.4264 | F35: ='[1]RECOND COMP'!$M35 -> 151540 btu 0c | H35: ='[1]RECOND COMP'!$P35 -> CU - 250 QC | I35: ='[1]RECOND COMP'!$S35 -> 19456.329
A36: ='[1]RECOND COMP'!$A36 -> REC027 | B36: ='[1]RECOND COMP'!B36 -> 4H-25.2 | D36: 25 | E36: ='[1]RECOND COMP'!J36 -> 6479.3679 | F36: ='[1]RECOND COMP'!$M36 -> 175770 btu 0c | H36: ='[1]RECOND COMP'!$P36 -> CU - 250 QC | I36: ='[1]RECOND COMP'!$S36 -> 17107.157
A37: ='[1]RECOND COMP'!$A37 -> REC028 | B37: ='[1]RECOND COMP'!B37 -> 4G-30.2 | D37: 30 | E37: ='[1]RECOND COMP'!J37 -> 6479.3679 | F37: ='[1]RECOND COMP'!$M37 -> 201370 btu 0c | H37: ='[1]RECOND COMP'!$P37 -> CU - 300 QC | I37: ='[1]RECOND COMP'!$S37 -> 21930.035
... A41: ='[1]RECOND COMP'!$A41 -> REC032 | B41: ='[1]RECOND COMP'!B41 -> 6F-50.2 | D41: 50 | E41: ='[1]RECOND COMP'!J41 -> 8999.122 | F41: ='[1]RECOND COMP'!$M41 -> 357680 btu 0c | H41: ='[1]RECOND COMP'!$P41 -> CU-250QC*2 | I41: ='[1]RECOND COMP'!$S41 -> 34011.527
A42: ='[1]RECOND COMP'!$A42 -> REC033 | B42: ='[1]RECOND COMP'!B42 -> 2DC-2.2 | C42: BITZER low temperature semi-hermertic compressor 0c ~ -25c | D42: 2 | E42: ='[1]RECOND COMP'!J42 -> 2759.7308 | F42: ='[1]RECOND COMP'!$M42 -> 9080 btu | H42: ='[1]RECOND COMP'!$P42 -> CU - 36 QC | I42: ='[1]RECOND COMP'!$S42 -> 5704.8943
A43: ='[1]RECOND COMP'!$A43 -> REC034 | B43: ='[1]RECOND COMP'!B43 -> 2CC-3.2 | D43: 3 | E43: ='[1]RECOND COMP'!J43 -> 2759.7308 | F43: ='[1]RECOND COMP'!$M43 -> 11400 btu | H43: ='[1]RECOND COMP'!$P43 -> CU - 50 QC | I43: ='[1]RECOND COMP'!$S43 -> 6089.0704
A44: ='[1]RECOND COMP'!$A44 -> REC035 | B44: ='[1]RECOND COMP'!B44 -> 2U-3.2 | D44: 3 | E44: ='[1]RECOND COMP'!J44 -> 2399.7659 | F44: ='[1]RECOND COMP'!$M44 -> 12870 btu | H44: ='[1]RECOND COMP'!$P44 -> CU - 50 QC | I44: ='[1]RECOND COMP'!$S44 -> 5756.7952
A45: ='[1]RECOND COMP'!$A45 -> REC036 | B45: ='[1]RECOND COMP'!B45 -> 4FC-3.2 | D45: 3 | E45: ='[1]RECOND COMP'!J45 -> 2759.7308 | F45: ='[1]RECOND COMP'!$M45 -> 16007 btu | H45: ='[1]RECOND COMP'!$P45 -> CU - 64B QC | I45: ='[1]RECOND COMP'!$S45 -> 6721.0458
A46: ='[1]RECOND COMP'!$A46 -> REC037 | B46: ='[1]RECOND COMP'!B46 -> 4EC-4.2 | D46: 4 | E46: ='[1]RECOND COMP'!J46 -> 3119.6956 | F46: ='[1]RECOND COMP'!$M46 -> 16007 btu | H46: ='[1]RECOND COMP'!$P46 -> CU - 64B QC | I46: ='[1]RECOND COMP'!$S46 -> 7053.3211
A47: ='[1]RECOND COMP'!$A47 -> REC038 | B47: ='[1]RECOND COMP'!B47 -> 2N-5.2 | D47: 5 | E47: ='[1]RECOND COMP'!J47 -> 2639.7425 | F47: ='[1]RECOND COMP'!$M47 -> 20010 btu | H47: ='[1]RECOND COMP'!$P47 -> CU - 72 QC | I47: ='[1]RECOND COMP'!$S47 -> 7310.6643
